Workbook

Sheet INDEX_m
I1: 1
A2: <PPIIPI> | B2: <©_BFS> | C2: =IF(LEFT($I$1,1)="1",VLOOKUP($A2,PPI_IPI_PGA_PGAI!$A:$E,2,FALSE),IF(LEFT($I$1,1)="2",VLOOKUP($A2,PPI_IPI_PGA_PGAI!$A:$E,3,FALSE),IF(LEFT($I$1,1)="3",VLOOKUP($A2,PPI_IPI_PGA_PGAI!$A:$E,4,FALSE),VLOOKUP($A2,PPI_IPI_PGA_PGAI!$A:$E,5,FALSE)))) -> PRODUZENTEN- UND IMPORTPREISINDEX | E2: =IF(LEFT($I$1,1)="1",VLOOKUP($B2,PPI_IPI_PGA_PGAI!$A:$E,2,FALSE),IF(LEFT($I$1,1)="2",VLOOKUP($B2,PPI_IPI_PGA_PGAI!$A:$E,3,FALSE),IF(LEFT($I$1,1)="3",VLOOKUP($B2,PPI_IPI_PGA_PGAI!$A:$E,4,FALSE),VLOOKUP($B2,PPI_IPI_PGA_PGAI!$A:$E,5,FALSE)))) -> © Bundesamt für Statistik, Espace de l'Europe 10, CH-2010 Neuchâtel | H2: Sprache / Langue / Lingua / Language
B3: <AUSK> | E3: =IF(LEFT($I$1,1)="1",VLOOKUP($B3,PPI_IPI_PGA_PGAI!$A:$E,2,FALSE),IF(LEFT($I$1,1)="2",VLOOKUP($B3,PPI_IPI_PGA_PGAI!$A:$E,3,FALSE),IF(LEFT($I$1,1)="3",VLOOKUP($B3,PPI_IPI_PGA_PGAI!$A:$E,4,FALSE),VLOOKUP($B3,PPI_IPI_PGA_PGAI!$A:$E,5,FALSE)))) -> Auskunft: PPI@bfs.admin.ch, 058 / 463 66 06
A4: <PGAI> | C4: =IF(LEFT($I$1,1)="1",VLOOKUP($A4,PPI_IPI_PGA_PGAI!$A:$E,2,FALSE),IF(LEFT($I$1,1)="2",VLOOKUP($A4,PPI_IPI_PGA_PGAI!$A:$E,3,FALSE),IF(LEFT($I$1,1)="3",VLOOKUP($A4,PPI_IPI_PGA_PGAI!$A:$E,4,FALSE),VLOOKUP($A4,PPI_IPI_PGA_PGAI!$A:$E,5,FALSE)))) -> PREISINDEX DES GESAMTANGEBOTS IM INLAND (PGAI) | E4: http://www.PPI.bfs.admin.ch
A7: <BAS2020_KURZ> | C7: =IF(LEFT($I$1,1)="1",VLOOKUP($A7,PPI_IPI_PGA_PGAI!$A:$E,2,FALSE),IF(LEFT($I$1,1)="2",VLOOKUP($A7,PPI_IPI_PGA_PGAI!$A:$E,3,FALSE),IF(LEFT($I$1,1)="3",VLOOKUP($A7,PPI_IPI_PGA_PGAI!$A:$E,4,FALSE),VLOOKUP($A7,PPI_IPI_PGA_PGAI!$A:$E,5,FALSE)))) -> Basis Dez. 2020 = 100 | E7: <WEIGHT%> | G7: <12> | H7: <1> | I7: <2> | J7: <3> | K7: <4> | L7: <5> | M7: <6> | N7: <7> | O7: <8> | P7: <9> | Q7: <10> | R7: <11> | S7: <12> | T7: <1> | U7: <2> | V7: <3> | W7: <4> | X7: <5> | Y7: <6> | Z7: <7> | AA7: <8> | AB7: <9> | AC7: <10> | AD7: <11> | AE7: <12> | AF7: <1> | AG7: <2> | AH7: <3> | AI7: <4> | AJ7: <5> | AK7: <6> | AL7: <7> | AM7: <8> | AN7: <9> | AO7: <10> | AP7: <11> | AQ7: <12> | AR7: <1> | AS7: <2> | AT7: <3> | AU7: <4> | AV7: <5> | AW7: <6> | AX7: <7> | AY7: <8> | AZ7: <9> | BA7: <10> | BB7: <11> | BC7: <12> | BD7: <1> | BE7: <2> | BF7: <3> | BG7: <4> | BH7: <5> | BI7: <6> | BJ7: <7> | BK7: <8> | BL7: <9> | BM7: <10> | BN7: <11> | BO7: <12> | BP7: <1> | BQ7: <2> | BR7: <3> | BS7: <4> | BT7: <5> | BU7: <6> | BV7: <7> | BW7: <8> | BX7: <9> | BY7: <10> | BZ7: <11> | CA7: <12> | CB7: <1> | CC7: <2> | CD7: <3> | CE7: <4> | CF7: <5> | CG7: <6> | CH7: <7> | CI7: <8> | CJ7: <9> | CK7: <10> | CL7: <11> | CM7: <12> | CN7: <1> | CO7: <2> | CP7: <3> | CQ7: <4> | CR7: <5> | CS7: <6> | CT7: <7> | CU7: <8> | CV7: <9> | CW7: <10> | CX7: <11> | CY7: <12> | CZ7: <1> | DA7: <2> | DB7: <3> | DC7: <4> | DD7: <5> | DE7: <6> | DF7: <7> | DG7: <8> | DH7: <9> | DI7: <10> | DJ7: <11> | DK7: <12> | DL7: <1> | DM7: <2> | DN7: <3> | DO7: <4> | DP7: <5> | DQ7: <6> | DR7: <7> | DS7: <8> | DT7: <9> | DU7: <10> | DV7: <11> | DW7: <12> | DX7: <1> | DY7: <2> | DZ7: <3> | EA7: <4> | EB7: <5> | EC7: <6> | ED7: <7> | EE7: <8> | EF7: <9> | EG7: <10> | EH7: <11> | EI7: <12> | EJ7: <1> | EK7: <2> | EL7: <3> | EM7: <4> | EN7: <5> | EO7: <6> | EP7: <7> | EQ7: <8> | ER7: <9> | ES7: <10> | ET7: <11> | EU7: <12> | EV7: <1> | EW7: <2> | EX7: <3> | EY7: <4> | EZ7: <5> | FA7: <6> | FB7: <7> | FC7: <8> | FD7: <9> | FE7: <10> | FF7: <11> | FG7: <12> | FH7: <1> | FI7: <2> | FJ7: <3> | FK7: <4> | FL7: <5> | FM7: <6> | FN7: <7> | FO7: <8> | FP7: <9> | FQ7: <10> | FR7: <11> | FS7: <12>
A8: <PRODUCT-CODE> | B8: <PROD_GROUP> | C8: =IF(LEFT($I$1,1)="1",VLOOKUP($A8,PPI_IPI_PGA_PGAI!$A:$E,2,FALSE),IF(LEFT($I$1,1)="2",VLOOKUP($A8,PPI_IPI_PGA_PGAI!$A:$E,3,FALSE),IF(LEFT($I$1,1)="3",VLOOKUP($A8,PPI_IPI_PGA_PGAI!$A:$E,4,FALSE),VLOOKUP($A8,PPI_IPI_PGA_PGAI!$A:$E,5,FALSE)))) -> Produktcode | D8: =IF(LEFT($I$1,1)="1",VLOOKUP(B$8,PPI_IPI_PGA_PGAI!$A:$E,2,FALSE),IF(LEFT($I$1,1)="2",VLOOKUP(B$8,PPI_IPI_PGA_PGAI!$A:$E,3,FALSE),IF(LEFT($I$1,1)="3",VLOOKUP(B$8,PPI_IPI_PGA_PGAI!$A:$E,4,FALSE),VLOOKUP(B$8,PPI_IPI_PGA_PGAI!$A:$E,5,FALSE)))) -> Produktgruppen | E8: =IF(LEFT($I$1,1)="1",VLOOKUP(E$7,PPI_IPI_PGA_PGAI!$A:$E,2,FALSE),IF(LEFT($I$1,1)="2",VLOOKUP(E$7,PPI_IPI_PGA_PGAI!$A:$E,3,FALSE),IF(LEFT($I$1,1)="3",VLOOKUP(E$7,PPI_IPI_PGA_PGAI!$A:$E,4,FALSE),VLOOKUP(E$7,PPI_IPI_PGA_PGAI!$A:$E,5,FALSE)))) -> Gewicht in % | G8: =CONCATENATE(IF(LEFT($I$1,1)="1",VLOOKUP(G$7,PPI_IPI_PGA_PGAI!$A:$E,2,FALSE),IF(LEFT($I$1,1)="2",VLOOKUP(G$7,PPI_IPI_PGA_PGAI!$A:$E,3,FALSE),IF(LEFT($I$1,1)="3",VLOOKUP(G$7,PPI_IPI_PGA_PGAI!$A:$E,4,FALSE),VLOOKUP(G$7,PPI_IPI_PGA_PGAI!$A:$E,5,FALSE))))," ",2010) -> Dez. 2010 | H8: =CONCATENATE(IF(LEFT($I$1,1)="1",VLOOKUP(H$7,PPI_IPI_PGA_PGAI!$A:$E,2,FALSE),IF(LEFT($I$1,1)="2",VLOOKUP(H$7,PPI_IPI_PGA_PGAI!$A:$E,3,FALSE),IF(LEFT($I$1,1)="3",VLOOKUP(H$7,PPI_IPI_PGA_PGAI!$A:$E,4,FALSE),VLOOKUP(H$7,PPI_IPI_PGA_PGAI!$A:$E,5,FALSE))))," ",2011) -> Jan. 2011 | I8: =CONCATENATE(IF(LEFT($I$1,1)="1",VLOOKUP(I$7,PPI_IPI_PGA_PGAI!$A:$E,2,FALSE),IF(LEFT($I$1,1)="2",VLOOKUP(I$7,PPI_IPI_PGA_PGAI!$A:$E,3,FALSE),IF(LEFT($I$1,1)="3",VLOOKUP(I$7,PPI_IPI_PGA_PGAI!$A:$E,4,FALSE),VLOOKUP(I$7,PPI_IPI_PGA_PGAI!$A:$E,5,FALSE))))," ",2011) -> Feb. 2011 | J8: =CONCATENATE(IF(LEFT($I$1,1)="1",VLOOKUP(J$7,PPI_IPI_PGA_PGAI!$A:$E,2,FALSE),IF(LEFT($I$1,1)="2",VLOOKUP(J$7,PPI_IPI_PGA_PGAI!$A:$E,3,FALSE),IF(LEFT($I$1,1)="3",VLOOKUP(J$7,PPI_IPI_PGA_PGAI!$A:$E,4,FALSE),VLOOKUP(J$7,PPI_IPI_PGA_PGAI!$A:$E,5,FALSE))))," ",2011) -> März 2011 | K8: =CONCATENATE(IF(LEFT($I$1,1)="1",VLOOKUP(K$7,PPI_IPI_PGA_PGAI!$A:$E,2,FALSE),IF(LEFT($I$1,1)="2",VLOOKUP(K$7,PPI_IPI_PGA_PGAI!$A:$E,3,FALSE),IF(LEFT($I$1,1)="3",VLOOKUP(K$7,PPI_IPI_PGA_PGAI!$A:$E,4,FALSE),VLOOKUP(K$7,PPI_IPI_PGA_PGAI!$A:$E,5,FALSE))))," ",2011) -> April 2011 | L8: =CONCATENATE(IF(LEFT($I$1,1)="1",VLOOKUP(L$7,PPI_IPI_PGA_PGAI!$A:$E,2,FALSE),IF(LEFT($I$1,1)="2",VLOOKUP(L$7,PPI_IPI_PGA_PGAI!$A:$E,3,FALSE),IF(LEFT($I$1,1)="3",VLOOKUP(L$7,PPI_IPI_PGA_PGAI!$A:$E,4,FALSE),VLOOKUP(L$7,PPI_IPI_PGA_PGAI!$A:$E,5,FALSE))))," ",2011) -> Mai 2011 | M8: =CONCATENATE(IF(LEFT($I$1,1)="1",VLOOKUP(M$7,PPI_IPI_PGA_PGAI!$A:$E,2,FALSE),IF(LEFT($I$1,1)="2",VLOOKUP(M$7,PPI_IPI_PGA_PGAI!$A:$E,3,FALSE),IF(LEFT($I$1,1)="3",VLOOKUP(M$7,PPI_IPI_PGA_PGAI!$A:$E,4,FALSE),VLOOKUP(M$7,PPI_IPI_PGA_PGAI!$A:$E,5,FALSE))))," ",2011) -> Juni 2011 | N8: =CONCATENATE(IF(LEFT($I$1,1)="1",VLOOKUP(N$7,PPI_IPI_PGA_PGAI!$A:$E,2,FALSE),IF(LEFT($I$1,1)="2",VLOOKUP(N$7,PPI_IPI_PGA_PGAI!$A:$E,3,FALSE),IF(LEFT($I$1,1)="3",VLOOKUP(N$7,PPI_IPI_PGA_PGAI!$A:$E,4,FALSE),VLOOKUP(N$7,PPI_IPI_PGA_PGAI!$A:$E,5,FALSE))))," ",2011) -> Juli 2011 | O8: =CONCATENATE(IF(LEFT($I$1,1)="1",VLOOKUP(O$7,PPI_IPI_PGA_PGAI!$A:$E,2,FALSE),IF(LEFT($I$1,1)="2",VLOOKUP(O$7,PPI_IPI_PGA_PGAI!$A:$E,3,FALSE),IF(LEFT($I$1,1)="3",VLOOKUP(O$7,PPI_IPI_PGA_PGAI!$A:$E,4,FALSE),VLOOKUP(O$7,PPI_IPI_PGA_PGAI!$A:$E,5,FALSE))))," ",2011) -> Aug. 2011 | ... S8: =CONCATENATE(IF(LEFT($I$1,1)="1",VLOOKUP(S$7,PPI_IPI_PGA_PGAI!$A:$E,2,FALSE),IF(LEFT($I$1,1)="2",VLOOKUP(S$7,PPI_IPI_PGA_PGAI!$A:$E,3,FALSE),IF(LEFT($I$1,1)="3",VLOOKUP(S$7,PPI_IPI_PGA_PGAI!$A:$E,4,FALSE),VLOOKUP(S$7,PPI_IPI_PGA_PGAI!$A:$E,5,FALSE))))," ",2011) -> Dez. 2011 | T8: =CONCATENATE(IF(LEFT($I$1,1)="1",VLOOKUP(T$7,PPI_IPI_PGA_PGAI!$A:$E,2,FALSE),IF(LEFT($I$1,1)="2",VLOOKUP(T$7,PPI_IPI_PGA_PGAI!$A:$E,3,FALSE),IF(LEFT($I$1,1)="3",VLOOKUP(T$7,PPI_IPI_PGA_PGAI!$A:$E,4,FALSE),VLOOKUP(T$7,PPI_IPI_PGA_PGAI!$A:$E,5,FALSE))))," ",2012) -> Jan. 2012 | U8: =CONCATENATE(IF(LEFT($I$1,1)="1",VLOOKUP(U$7,PPI_IPI_PGA_PGAI!$A:$E,2,FALSE),IF(LEFT($I$1,1)="2",VLOOKUP(U$7,PPI_IPI_PGA_PGAI!$A:$E,3,FALSE),IF(LEFT($I$1,1)="3",VLOOKUP(U$7,PPI_IPI_PGA_PGAI!$A:$E,4,FALSE),VLOOKUP(U$7,PPI_IPI_PGA_PGAI!$A:$E,5,FALSE))))," ",2012) -> Feb. 2012 | V8: =CONCATENATE(IF(LEFT($I$1,1)="1",VLOOKUP(V$7,PPI_IPI_PGA_PGAI!$A:$E,2,FALSE),IF(LEFT($I$1,1)="2",VLOOKUP(V$7,PPI_IPI_PGA_PGAI!$A:$E,3,FALSE),IF(LEFT($I$1,1)="3",VLOOKUP(V$7,PPI_IPI_PGA_PGAI!$A:$E,4,FALSE),VLOOKUP(V$7,PPI_IPI_PGA_PGAI!$A:$E,5,FALSE))))," ",2012) -> März 2012 | W8: =CONCATENATE(IF(LEFT($I$1,1)="1",VLOOKUP(W$7,PPI_IPI_PGA_PGAI!$A:$E,2,FALSE),IF(LEFT($I$1,1)="2",VLOOKUP(W$7,PPI_IPI_PGA_PGAI!$A:$E,3,FALSE),IF(LEFT($I$1,1)="3",VLOOKUP(W$7,PPI_IPI_PGA_PGAI!$A:$E,4,FALSE),VLOOKUP(W$7,PPI_IPI_PGA_PGAI!$A:$E,5,FALSE))))," ",2012) -> April 2012 | X8: =CONCATENATE(IF(LEFT($I$1,1)="1",VLOOKUP(X$7,PPI_IPI_PGA_PGAI!$A:$E,2,FALSE),IF(LEFT($I$1,1)="2",VLOOKUP(X$7,PPI_IPI_PGA_PGAI!$A:$E,3,FALSE),IF(LEFT($I$1,1)="3",VLOOKUP(X$7,PPI_IPI_PGA_PGAI!$A:$E,4,FALSE),VLOOKUP(X$7,PPI_IPI_PGA_PGAI!$A:$E,5,FALSE))))," ",2012) -> Mai 2012 | Y8: =CONCATENATE(IF(LEFT($I$1,1)="1",VLOOKUP(Y$7,PPI_IPI_PGA_PGAI!$A:$E,2,FALSE),IF(LEFT($I$1,1)="2",VLOOKUP(Y$7,PPI_IPI_PGA_PGAI!$A:$E,3,FALSE),IF(LEFT($I$1,1)="3",VLOOKUP(Y$7,PPI_IPI_PGA_PGAI!$A:$E,4,FALSE),VLOOKUP(Y$7,PPI_IPI_PGA_PGAI!$A:$E,5,FALSE))))," ",2012) -> Juni 2012 | Z8: =CONCATENATE(IF(LEFT($I$1,1)="1",VLOOKUP(Z$7,PPI_IPI_PGA_PGAI!$A:$E,2,FALSE),IF(LEFT($I$1,1)="2",VLOOKUP(Z$7,PPI_IPI_PGA_PGAI!$A:$E,3,FALSE),IF(LEFT($I$1,1)="3",VLOOKUP(Z$7,PPI_IPI_PGA_PGAI!$A:$E,4,FALSE),VLOOKUP(Z$7,PPI_IPI_PGA_PGAI!$A:$E,5,FALSE))))," ",2012) -> Juli 2012 | AA8: =CONCATENATE(IF(LEFT($I$1,1)="1",VLOOKUP(AA$7,PPI_IPI_PGA_PGAI!$A:$E,2,FALSE),IF(LEFT($I$1,1)="2",VLOOKUP(AA$7,PPI_IPI_PGA_PGAI!$A:$E,3,FALSE),IF(LEFT($I$1,1)="3",VLOOKUP(AA$7,PPI_IPI_PGA_PGAI!$A:$E,4,FALSE),VLOOKUP(AA$7,PPI_IPI_PGA_PGAI!$A:$E,5,FALSE))))," ",2012) -> Aug. 2012 | ... AE8: =CONCATENATE(IF(LEFT($I$1,1)="1",VLOOKUP(AE$7,PPI_IPI_PGA_PGAI!$A:$E,2,FALSE),IF(LEFT($I$1,1)="2",VLOOKUP(AE$7,PPI_IPI_PGA_PGAI!$A:$E,3,FALSE),IF(LEFT($I$1,1)="3",VLOOKUP(AE$7,PPI_IPI_PGA_PGAI!$A:$E,4,FALSE),VLOOKUP(AE$7,PPI_IPI_PGA_PGAI!$A:$E,5,FALSE))))," ",2012) -> Dez. 2012 | AF8: =CONCATENATE(IF(LEFT($I$1,1)="1",VLOOKUP(AF$7,PPI_IPI_PGA_PGAI!$A:$E,2,FALSE),IF(LEFT($I$1,1)="2",VLOOKUP(AF$7,PPI_IPI_PGA_PGAI!$A:$E,3,FALSE),IF(LEFT($I$1,1)="3",VLOOKUP(AF$7,PPI_IPI_PGA_PGAI!$A:$E,4,FALSE),VLOOKUP(AF$7,PPI_IPI_PGA_PGAI!$A:$E,5,FALSE))))," ",2013) -> Jan. 2013 | AG8: =CONCATENATE(IF(LEFT($I$1,1)="1",VLOOKUP(AG$7,PPI_IPI_PGA_PGAI!$A:$E,2,FALSE),IF(LEFT($I$1,1)="2",VLOOKUP(AG$7,PPI_IPI_PGA_PGAI!$A:$E,3,FALSE),IF(LEFT($I$1,1)="3",VLOOKUP(AG$7,PPI_IPI_PGA_PGAI!$A:$E,4,FALSE),VLOOKUP(AG$7,PPI_IPI_PGA_PGAI!$A:$E,5,FALSE))))," ",2013) -> Feb. 2013 | AH8: =CONCATENATE(IF(LEFT($I$1,1)="1",VLOOKUP(AH$7,PPI_IPI_PGA_PGAI!$A:$E,2,FALSE),IF(LEFT($I$1,1)="2",VLOOKUP(AH$7,PPI_IPI_PGA_PGAI!$A:$E,3,FALSE),IF(LEFT($I$1,1)="3",VLOOKUP(AH$7,PPI_IPI_PGA_PGAI!$A:$E,4,FALSE),VLOOKUP(AH$7,PPI_IPI_PGA_PGAI!$A:$E,5,FALSE))))," ",2013) -> März 2013 | AI8: =CONCATENATE(IF(LEFT($I$1,1)="1",VLOOKUP(AI$7,PPI_IPI_PGA_PGAI!$A:$E,2,FALSE),IF(LEFT($I$1,1)="2",VLOOKUP(AI$7,PPI_IPI_PGA_PGAI!$A:$E,3,FALSE),IF(LEFT($I$1,1)="3",VLOOKUP(AI$7,PPI_IPI_PGA_PGAI!$A:$E,4,FALSE),VLOOKUP(AI$7,PPI_IPI_PGA_PGAI!$A:$E,5,FALSE))))," ",2013) -> April 2013 | AJ8: =CONCATENATE(IF(LEFT($I$1,1)="1",VLOOKUP(AJ$7,PPI_IPI_PGA_PGAI!$A:$E,2,FALSE),IF(LEFT($I$1,1)="2",VLOOKUP(AJ$7,PPI_IPI_PGA_PGAI!$A:$E,3,FALSE),IF(LEFT($I$1,1)="3",VLOOKUP(AJ$7,PPI_IPI_PGA_PGAI!$A:$E,4,FALSE),VLOOKUP(AJ$7,PPI_IPI_PGA_PGAI!$A:$E,5,FALSE))))," ",2013) -> Mai 2013 | AK8: =CONCATENATE(IF(LEFT($I$1,1)="1",VLOOKUP(AK$7,PPI_IPI_PGA_PGAI!$A:$E,2,FALSE),IF(LEFT($I$1,1)="2",VLOOKUP(AK$7,PPI_IPI_PGA_PGAI!$A:$E,3,FALSE),IF(LEFT($I$1,1)="3",VLOOKUP(AK$7,PPI_IPI_PGA_PGAI!$A:$E,4,FALSE),VLOOKUP(AK$7,PPI_IPI_PGA_PGAI!$A:$E,5,FALSE))))," ",2013) -> Juni 2013 | AL8: =CONCATENATE(IF(LEFT($I$1,1)="1",VLOOKUP(AL$7,PPI_IPI_PGA_PGAI!$A:$E,2,FALSE),IF(LEFT($I$1,1)="2",VLOOKUP(AL$7,PPI_IPI_PGA_PGAI!$A:$E,3,FALSE),IF(LEFT($I$1,1)="3",VLOOKUP(AL$7,PPI_IPI_PGA_PGAI!$A:$E,4,FALSE),VLOOKUP(AL$7,PPI_IPI_PGA_PGAI!$A:$E,5,FALSE))))," ",2013) -> Juli 2013 | AM8: =CONCATENATE(IF(LEFT($I$1,1)="1",VLOOKUP(AM$7,PPI_IPI_PGA_PGAI!$A:$E,2,FALSE),IF(LEFT($I$1,1)="2",VLOOKUP(AM$7,PPI_IPI_PGA_PGAI!$A:$E,3,FALSE),IF(LEFT($I$1,1)="3",VLOOKUP(AM$7,PPI_IPI_PGA_PGAI!$A:$E,4,FALSE),VLOOKUP(AM$7,PPI_IPI_PGA_PGAI!$A:$E,5,FALSE))))," ",2013) -> Aug. 2013 | ... AQ8: =CONCATENATE(IF(LEFT($I$1,1)="1",VLOOKUP(AQ$7,PPI_IPI_PGA_PGAI!$A:$E,2,FALSE),IF(LEFT($I$1,1)="2",VLOOKUP(AQ$7,PPI_IPI_PGA_PGAI!$A:$E,3,FALSE),IF(LEFT($I$1,1)="3",VLOOKUP(AQ$7,PPI_IPI_PGA_PGAI!$A:$E,4,FALSE),VLOOKUP(AQ$7,PPI_IPI_PGA_PGAI!$A:$E,5,FALSE))))," ",2013) -> Dez. 2013 | AR8: =CONCATENATE(IF(LEFT($I$1,1)="1",VLOOKUP(AR$7,PPI_IPI_PGA_PGAI!$A:$E,2,FALSE),IF(LEFT($I$1,1)="2",VLOOKUP(AR$7,PPI_IPI_PGA_PGAI!$A:$E,3,FALSE),IF(LEFT($I$1,1)="3",VLOOKUP(AR$7,PPI_IPI_PGA_PGAI!$A:$E,4,FALSE),VLOOKUP(AR$7,PPI_IPI_PGA_PGAI!$A:$E,5,FALSE))))," ",2014) -> Jan. 2014 | AS8: =CONCATENATE(IF(LEFT($I$1,1)="1",VLOOKUP(AS$7,PPI_IPI_PGA_PGAI!$A:$E,2,FALSE),IF(LEFT($I$1,1)="2",VLOOKUP(AS$7,PPI_IPI_PGA_PGAI!$A:$E,3,FALSE),IF(LEFT($I$1,1)="3",VLOOKUP(AS$7,PPI_IPI_PGA_PGAI!$A:$E,4,FALSE),VLOOKUP(AS$7,PPI_IPI_PGA_PGAI!$A:$E,5,FALSE))))," ",2014) -> Feb. 2014 | AT8: =CONCATENATE(IF(LEFT($I$1,1)="1",VLOOKUP(AT$7,PPI_IPI_PGA_PGAI!$A:$E,2,FALSE),IF(LEFT($I$1,1)="2",VLOOKUP(AT$7,PPI_IPI_PGA_PGAI!$A:$E,3,FALSE),IF(LEFT($I$1,1)="3",VLOOKUP(AT$7,PPI_IPI_PGA_PGAI!$A:$E,4,FALSE),VLOOKUP(AT$7,PPI_IPI_PGA_PGAI!$A:$E,5,FALSE))))," ",2014) -> März 2014 | AU8: =CONCATENATE(IF(LEFT($I$1,1)="1",VLOOKUP(AU$7,PPI_IPI_PGA_PGAI!$A:$E,2,FALSE),IF(LEFT($I$1,1)="2",VLOOKUP(AU$7,PPI_IPI_PGA_PGAI!$A:$E,3,FALSE),IF(LEFT($I$1,1)="3",VLOOKUP(AU$7,PPI_IPI_PGA_PGAI!$A:$E,4,FALSE),VLOOKUP(AU$7,PPI_IPI_PGA_PGAI!$A:$E,5,FALSE))))," ",2014) -> April 2014 | AV8: =CONCATENATE(IF(LEFT($I$1,1)="1",VLOOKUP(AV$7,PPI_IPI_PGA_PGAI!$A:$E,2,FALSE),IF(LEFT($I$1,1)="2",VLOOKUP(AV$7,PPI_IPI_PGA_PGAI!$A:$E,3,FALSE),IF(LEFT($I$1,1)="3",VLOOKUP(AV$7,PPI_IPI_PGA_PGAI!$A:$E,4,FALSE),VLOOKUP(AV$7,PPI_IPI_PGA_PGAI!$A:$E,5,FALSE))))," ",2014) -> Mai 2014 | AW8: =CONCATENATE(IF(LEFT($I$1,1)="1",VLOOKUP(AW$7,PPI_IPI_PGA_PGAI!$A:$E,2,FALSE),IF(LEFT($I$1,1)="2",VLOOKUP(AW$7,PPI_IPI_PGA_PGAI!$A:$E,3,FALSE),IF(LEFT($I$1,1)="3",VLOOKUP(AW$7,PPI_IPI_PGA_PGAI!$A:$E,4,FALSE),VLOOKUP(AW$7,PPI_IPI_PGA_PGAI!$A:$E,5,FALSE))))," ",2014) -> Juni 2014 | AX8: =CONCATENATE(IF(LEFT($I$1,1)="1",VLOOKUP(AX$7,PPI_IPI_PGA_PGAI!$A:$E,2,FALSE),IF(LEFT($I$1,1)="2",VLOOKUP(AX$7,PPI_IPI_PGA_PGAI!$A:$E,3,FALSE),IF(LEFT($I$1,1)="3",VLOOKUP(AX$7,PPI_IPI_PGA_PGAI!$A:$E,4,FALSE),VLOOKUP(AX$7,PPI_IPI_PGA_PGAI!$A:$E,5,FALSE))))," ",2014) -> Juli 2014 | AY8: =CONCATENATE(IF(LEFT($I$1,1)="1",VLOOKUP(AY$7,PPI_IPI_PGA_PGAI!$A:$E,2,FALSE),IF(LEFT($I$1,1)="2",VLOOKUP(AY$7,PPI_IPI_PGA_PGAI!$A:$E,3,FALSE),IF(LEFT($I$1,1)="3",VLOOKUP(AY$7,PPI_IPI_PGA_PGAI!$A:$E,4,FALSE),VLOOKUP(AY$7,PPI_IPI_PGA_PGAI!$A:$E,5,FALSE))))," ",2014) -> Aug. 2014 | ... BC8: =CONCATENATE(IF(LEFT($I$1,1)="1",VLOOKUP(BC$7,PPI_IPI_PGA_PGAI!$A:$E,2,FALSE),IF(LEFT($I$1,1)="2",VLOOKUP(BC$7,PPI_IPI_PGA_PGAI!$A:$E,3,FALSE),IF(LEFT($I$1,1)="3",VLOOKUP(BC$7,PPI_IPI_PGA_PGAI!$A:$E,4,FALSE),VLOOKUP(BC$7,PPI_IPI_PGA_PGAI!$A:$E,5,FALSE))))," ",2014) -> Dez. 2014 | BD8: =CONCATENATE(IF(LEFT($I$1,1)="1",VLOOKUP(BD$7,PPI_IPI_PGA_PGAI!$A:$E,2,FALSE),IF(LEFT($I$1,1)="2",VLOOKUP(BD$7,PPI_IPI_PGA_PGAI!$A:$E,3,FALSE),IF(LEFT($I$1,1)="3",VLOOKUP(BD$7,PPI_IPI_PGA_PGAI!$A:$E,4,FALSE),VLOOKUP(BD$7,PPI_IPI_PGA_PGAI!$A:$E,5,FALSE))))," ",2015) -> Jan. 2015 | BE8: =CONCATENATE(IF(LEFT($I$1,1)="1",VLOOKUP(BE$7,PPI_IPI_PGA_PGAI!$A:$E,2,FALSE),IF(LEFT($I$1,1)="2",VLOOKUP(BE$7,PPI_IPI_PGA_PGAI!$A:$E,3,FALSE),IF(LEFT($I$1,1)="3",VLOOKUP(BE$7,PPI_IPI_PGA_PGAI!$A:$E,4,FALSE),VLOOKUP(BE$7,PPI_IPI_PGA_PGAI!$A:$E,5,FALSE))))," ",2015) -> Feb. 2015 | BF8: =CONCATENATE(IF(LEFT($I$1,1)="1",VLOOKUP(BF$7,PPI_IPI_PGA_PGAI!$A:$E,2,FALSE),IF(LEFT($I$1,1)="2",VLOOKUP(BF$7,PPI_IPI_PGA_PGAI!$A:$E,3,FALSE),IF(LEFT($I$1,1)="3",VLOOKUP(BF$7,PPI_IPI_PGA_PGAI!$A:$E,4,FALSE),VLOOKUP(BF$7,PPI_IPI_PGA_PGAI!$A:$E,5,FALSE))))," ",2015) -> März 2015 | BG8: =CONCATENATE(IF(LEFT($I$1,1)="1",VLOOKUP(BG$7,PPI_IPI_PGA_PGAI!$A:$E,2,FALSE),IF(LEFT($I$1,1)="2",VLOOKUP(BG$7,PPI_IPI_PGA_PGAI!$A:$E,3,FALSE),IF(LEFT($I$1,1)="3",VLOOKUP(BG$7,PPI_IPI_PGA_PGAI!$A:$E,4,FALSE),VLOOKUP(BG$7,PPI_IPI_PGA_PGAI!$A:$E,5,FALSE))))," ",2015) -> April 2015 | BH8: =CONCATENATE(IF(LEFT($I$1,1)="1",VLOOKUP(BH$7,PPI_IPI_PGA_PGAI!$A:$E,2,FALSE),IF(LEFT($I$1,1)="2",VLOOKUP(BH$7,PPI_IPI_PGA_PGAI!$A:$E,3,FALSE),IF(LEFT($I$1,1)="3",VLOOKUP(BH$7,PPI_IPI_PGA_PGAI!$A:$E,4,FALSE),VLOOKUP(BH$7,PPI_IPI_PGA_PGAI!$A:$E,5,FALSE))))," ",2015) -> Mai 2015 | BI8: =CONCATENATE(IF(LEFT($I$1,1)="1",VLOOKUP(BI$7,PPI_IPI_PGA_PGAI!$A:$E,2,FALSE),IF(LEFT($I$1,1)="2",VLOOKUP(BI$7,PPI_IPI_PGA_PGAI!$A:$E,3,FALSE),IF(LEFT($I$1,1)="3",VLOOKUP(BI$7,PPI_IPI_PGA_PGAI!$A:$E,4,FALSE),VLOOKUP(BI$7,PPI_IPI_PGA_PGAI!$A:$E,5,FALSE))))," ",2015) -> Juni 2015 | BJ8: =CONCATENATE(IF(LEFT($I$1,1)="1",VLOOKUP(BJ$7,PPI_IPI_PGA_PGAI!$A:$E,2,FALSE),IF(LEFT($I$1,1)="2",VLOOKUP(BJ$7,PPI_IPI_PGA_PGAI!$A:$E,3,FALSE),IF(LEFT($I$1,1)="3",VLOOKUP(BJ$7,PPI_IPI_PGA_PGAI!$A:$E,4,FALSE),VLOOKUP(BJ$7,PPI_IPI_PGA_PGAI!$A:$E,5,FALSE))))," ",2015) -> Juli 2015 | BK8: =CONCATENATE(IF(LEFT($I$1,1)="1",VLOOKUP(BK$7,PPI_IPI_PGA_PGAI!$A:$E,2,FALSE),IF(LEFT($I$1,1)="2",VLOOKUP(BK$7,PPI_IPI_PGA_PGAI!$A:$E,3,FALSE),IF(LEFT($I$1,1)="3",VLOOKUP(BK$7,PPI_IPI_PGA_PGAI!$A:$E,4,FALSE),VLOOKUP(BK$7,PPI_IPI_PGA_PGAI!$A:$E,5,FALSE))))," ",2015) -> Aug. 2015 | ... BO8: =CONCATENATE(IF(LEFT($I$1,1)="1",VLOOKUP(BO$7,PPI_IPI_PGA_PGAI!$A:$E,2,FALSE),IF(LEFT($I$1,1)="2",VLOOKUP(BO$7,PPI_IPI_PGA_PGAI!$A:$E,3,FALSE),IF(LEFT($I$1,1)="3",VLOOKUP(BO$7,PPI_IPI_PGA_PGAI!$A:$E,4,FALSE),VLOOKUP(BO$7,PPI_IPI_PGA_PGAI!$A:$E,5,FALSE))))," ",2015) -> Dez. 2015 | BP8: =CONCATENATE(IF(LEFT($I$1,1)="1",VLOOKUP(BP$7,PPI_IPI_PGA_PGAI!$A:$E,2,FALSE),IF(LEFT($I$1,1)="2",VLOOKUP(BP$7,PPI_IPI_PGA_PGAI!$A:$E,3,FALSE),IF(LEFT($I$1,1)="3",VLOOKUP(BP$7,PPI_IPI_PGA_PGAI!$A:$E,4,FALSE),VLOOKUP(BP$7,PPI_IPI_PGA_PGAI!$A:$E,5,FALSE))))," ",2016) -> Jan. 2016 | BQ8: =CONCATENATE(IF(LEFT($I$1,1)="1",VLOOKUP(BQ$7,PPI_IPI_PGA_PGAI!$A:$E,2,FALSE),IF(LEFT($I$1,1)="2",VLOOKUP(BQ$7,PPI_IPI_PGA_PGAI!$A:$E,3,FALSE),IF(LEFT($I$1,1)="3",VLOOKUP(BQ$7,PPI_IPI_PGA_PGAI!$A:$E,4,FALSE),VLOOKUP(BQ$7,PPI_IPI_PGA_PGAI!$A:$E,5,FALSE))))," ",2016) -> Feb. 2016 | BR8: =CONCATENATE(IF(LEFT($I$1,1)="1",VLOOKUP(BR$7,PPI_IPI_PGA_PGAI!$A:$E,2,FALSE),IF(LEFT($I$1,1)="2",VLOOKUP(BR$7,PPI_IPI_PGA_PGAI!$A:$E,3,FALSE),IF(LEFT($I$1,1)="3",VLOOKUP(BR$7,PPI_IPI_PGA_PGAI!$A:$E,4,FALSE),VLOOKUP(BR$7,PPI_IPI_PGA_PGAI!$A:$E,5,FALSE))))," ",2016) -> März 2016 | BS8: =CONCATENATE(IF(LEFT($I$1,1)="1",VLOOKUP(BS$7,PPI_IPI_PGA_PGAI!$A:$E,2,FALSE),IF(LEFT($I$1,1)="2",VLOOKUP(BS$7,PPI_IPI_PGA_PGAI!$A:$E,3,FALSE),IF(LEFT($I$1,1)="3",VLOOKUP(BS$7,PPI_IPI_PGA_PGAI!$A:$E,4,FALSE),VLOOKUP(BS$7,PPI_IPI_PGA_PGAI!$A:$E,5,FALSE))))," ",2016) -> April 2016 | BT8: =CONCATENATE(IF(LEFT($I$1,1)="1",VLOOKUP(BT$7,PPI_IPI_PGA_PGAI!$A:$E,2,FALSE),IF(LEFT($I$1,1)="2",VLOOKUP(BT$7,PPI_IPI_PGA_PGAI!$A:$E,3,FALSE),IF(LEFT($I$1,1)="3",VLOOKUP(BT$7,PPI_IPI_PGA_PGAI!$A:$E,4,FALSE),VLOOKUP(BT$7,PPI_IPI_PGA_PGAI!$A:$E,5,FALSE))))," ",2016) -> Mai 2016 | BU8: =CONCATENATE(IF(LEFT($I$1,1)="1",VLOOKUP(BU$7,PPI_IPI_PGA_PGAI!$A:$E,2,FALSE),IF(LEFT($I$1,1)="2",VLOOKUP(BU$7,PPI_IPI_PGA_PGAI!$A:$E,3,FALSE),IF(LEFT($I$1,1)="3",VLOOKUP(BU$7,PPI_IPI_PGA_PGAI!$A:$E,4,FALSE),VLOOKUP(BU$7,PPI_IPI_PGA_PGAI!$A:$E,5,FALSE))))," ",2016) -> Juni 2016 | BV8: =CONCATENATE(IF(LEFT($I$1,1)="1",VLOOKUP(BV$7,PPI_IPI_PGA_PGAI!$A:$E,2,FALSE),IF(LEFT($I$1,1)="2",VLOOKUP(BV$7,PPI_IPI_PGA_PGAI!$A:$E,3,FALSE),IF(LEFT($I$1,1)="3",VLOOKUP(BV$7,PPI_IPI_PGA_PGAI!$A:$E,4,FALSE),VLOOKUP(BV$7,PPI_IPI_PGA_PGAI!$A:$E,5,FALSE))))," ",2016) -> Juli 2016 | BW8: =CONCATENATE(IF(LEFT($I$1,1)="1",VLOOKUP(BW$7,PPI_IPI_PGA_PGAI!$A:$E,2,FALSE),IF(LEFT($I$1,1)="2",VLOOKUP(BW$7,PPI_IPI_PGA_PGAI!$A:$E,3,FALSE),IF(LEFT($I$1,1)="3",VLOOKUP(BW$7,PPI_IPI_PGA_PGAI!$A:$E,4,FALSE),VLOOKUP(BW$7,PPI_IPI_PGA_PGAI!$A:$E,5,FALSE))))," ",2016) -> Aug. 2016 | ... CA8: =CONCATENATE(IF(LEFT($I$1,1)="1",VLOOKUP(CA$7,PPI_IPI_PGA_PGAI!$A:$E,2,FALSE),IF(LEFT($I$1,1)="2",VLOOKUP(CA$7,PPI_IPI_PGA_PGAI!$A:$E,3,FALSE),IF(LEFT($I$1,1)="3",VLOOKUP(CA$7,PPI_IPI_PGA_PGAI!$A:$E,4,FALSE),VLOOKUP(CA$7,PPI_IPI_PGA_PGAI!$A:$E,5,FALSE))))," ",2016) -> Dez. 2016 | CB8: =CONCATENATE(IF(LEFT($I$1,1)="1",VLOOKUP(CB$7,PPI_IPI_PGA_PGAI!$A:$E,2,FALSE),IF(LEFT($I$1,1)="2",VLOOKUP(CB$7,PPI_IPI_PGA_PGAI!$A:$E,3,FALSE),IF(LEFT($I$1,1)="3",VLOOKUP(CB$7,PPI_IPI_PGA_PGAI!$A:$E,4,FALSE),VLOOKUP(CB$7,PPI_IPI_PGA_PGAI!$A:$E,5,FALSE))))," ",2017) -> Jan. 2017 | CC8: =CONCATENATE(IF(LEFT($I$1,1)="1",VLOOKUP(CC$7,PPI_IPI_PGA_PGAI!$A:$E,2,FALSE),IF(LEFT($I$1,1)="2",VLOOKUP(CC$7,PPI_IPI_PGA_PGAI!$A:$E,3,FALSE),IF(LEFT($I$1,1)="3",VLOOKUP(CC$7,PPI_IPI_PGA_PGAI!$A:$E,4,FALSE),VLOOKUP(CC$7,PPI_IPI_PGA_PGAI!$A:$E,5,FALSE))))," ",2017) -> Feb. 2017 | CD8: =CONCATENATE(IF(LEFT($I$1,1)="1",VLOOKUP(CD$7,PPI_IPI_PGA_PGAI!$A:$E,2,FALSE),IF(LEFT($I$1,1)="2",VLOOKUP(CD$7,PPI_IPI_PGA_PGAI!$A:$E,3,FALSE),IF(LEFT($I$1,1)="3",VLOOKUP(CD$7,PPI_IPI_PGA_PGAI!$A:$E,4,FALSE),VLOOKUP(CD$7,PPI_IPI_PGA_PGAI!$A:$E,5,FALSE))))," ",2017) -> März 2017 | CE8: =CONCATENATE(IF(LEFT($I$1,1)="1",VLOOKUP(CE$7,PPI_IPI_PGA_PGAI!$A:$E,2,FALSE),IF(LEFT($I$1,1)="2",VLOOKUP(CE$7,PPI_IPI_PGA_PGAI!$A:$E,3,FALSE),IF(LEFT($I$1,1)="3",VLOOKUP(CE$7,PPI_IPI_PGA_PGAI!$A:$E,4,FALSE),VLOOKUP(CE$7,PPI_IPI_PGA_PGAI!$A:$E,5,FALSE))))," ",2017) -> April 2017 | CF8: =CONCATENATE(IF(LEFT($I$1,1)="1",VLOOKUP(CF$7,PPI_IPI_PGA_PGAI!$A:$E,2,FALSE),IF(LEFT($I$1,1)="2",VLOOKUP(CF$7,PPI_IPI_PGA_PGAI!$A:$E,3,FALSE),IF(LEFT($I$1,1)="3",VLOOKUP(CF$7,PPI_IPI_PGA_PGAI!$A:$E,4,FALSE),VLOOKUP(CF$7,PPI_IPI_PGA_PGAI!$A:$E,5,FALSE))))," ",2017) -> Mai 2017 | CG8: =CONCATENATE(IF(LEFT($I$1,1)="1",VLOOKUP(CG$7,PPI_IPI_PGA_PGAI!$A:$E,2,FALSE),IF(LEFT($I$1,1)="2",VLOOKUP(CG$7,PPI_IPI_PGA_PGAI!$A:$E,3,FALSE),IF(LEFT($I$1,1)="3",VLOOKUP(CG$7,PPI_IPI_PGA_PGAI!$A:$E,4,FALSE),VLOOKUP(CG$7,PPI_IPI_PGA_PGAI!$A:$E,5,FALSE))))," ",2017) -> Juni 2017 | CH8: =CONCATENATE(IF(LEFT($I$1,1)="1",VLOOKUP(CH$7,PPI_IPI_PGA_PGAI!$A:$E,2,FALSE),IF(LEFT($I$1,1)="2",VLOOKUP(CH$7,PPI_IPI_PGA_PGAI!$A:$E,3,FALSE),IF(LEFT($I$1,1)="3",VLOOKUP(CH$7,PPI_IPI_PGA_PGAI!$A:$E,4,FALSE),VLOOKUP(CH$7,PPI_IPI_PGA_PGAI!$A:$E,5,FALSE))))," ",2017) -> Juli 2017 | CI8: =CONCATENATE(IF(LEFT($I$1,1)="1",VLOOKUP(CI$7,PPI_IPI_PGA_PGAI!$A:$E,2,FALSE),IF(LEFT($I$1,1)="2",VLOOKUP(CI$7,PPI_IPI_PGA_PGAI!$A:$E,3,FALSE),IF(LEFT($I$1,1)="3",VLOOKUP(CI$7,PPI_IPI_PGA_PGAI!$A:$E,4,FALSE),VLOOKUP(CI$7,PPI_IPI_PGA_PGAI!$A:$E,5,FALSE))))," ",2017) -> Aug. 2017 | ... CM8: =CONCATENATE(IF(LEFT($I$1,1)="1",VLOOKUP(CM$7,PPI_IPI_PGA_PGAI!$A:$E,2,FALSE),IF(LEFT($I$1,1)="2",VLOOKUP(CM$7,PPI_IPI_PGA_PGAI!$A:$E,3,FALSE),IF(LEFT($I$1,1)="3",VLOOKUP(CM$7,PPI_IPI_PGA_PGAI!$A:$E,4,FALSE),VLOOKUP(CM$7,PPI_IPI_PGA_PGAI!$A:$E,5,FALSE))))," ",2017) -> Dez. 2017 | CN8: =CONCATENATE(IF(LEFT($I$1,1)="1",VLOOKUP(CN$7,PPI_IPI_PGA_PGAI!$A:$E,2,FALSE),IF(LEFT($I$1,1)="2",VLOOKUP(CN$7,PPI_IPI_PGA_PGAI!$A:$E,3,FALSE),IF(LEFT($I$1,1)="3",VLOOKUP(CN$7,PPI_IPI_PGA_PGAI!$A:$E,4,FALSE),VLOOKUP(CN$7,PPI_IPI_PGA_PGAI!$A:$E,5,FALSE))))," ",2018) -> Jan. 2018 | CO8: =CONCATENATE(IF(LEFT($I$1,1)="1",VLOOKUP(CO$7,PPI_IPI_PGA_PGAI!$A:$E,2,FALSE),IF(LEFT($I$1,1)="2",VLOOKUP(CO$7,PPI_IPI_PGA_PGAI!$A:$E,3,FALSE),IF(LEFT($I$1,1)="3",VLOOKUP(CO$7,PPI_IPI_PGA_PGAI!$A:$E,4,FALSE),VLOOKUP(CO$7,PPI_IPI_PGA_PGAI!$A:$E,5,FALSE))))," ",2018) -> Feb. 2018 | CP8: =CONCATENATE(IF(LEFT($I$1,1)="1",VLOOKUP(CP$7,PPI_IPI_PGA_PGAI!$A:$E,2,FALSE),IF(LEFT($I$1,1)="2",VLOOKUP(CP$7,PPI_IPI_PGA_PGAI!$A:$E,3,FALSE),IF(LEFT($I$1,1)="3",VLOOKUP(CP$7,PPI_IPI_PGA_PGAI!$A:$E,4,FALSE),VLOOKUP(CP$7,PPI_IPI_PGA_PGAI!$A:$E,5,FALSE))))," ",2018) -> März 2018 | CQ8: =CONCATENATE(IF(LEFT($I$1,1)="1",VLOOKUP(CQ$7,PPI_IPI_PGA_PGAI!$A:$E,2,FALSE),IF(LEFT($I$1,1)="2",VLOOKUP(CQ$7,PPI_IPI_PGA_PGAI!$A:$E,3,FALSE),IF(LEFT($I$1,1)="3",VLOOKUP(CQ$7,PPI_IPI_PGA_PGAI!$A:$E,4,FALSE),VLOOKUP(CQ$7,PPI_IPI_PGA_PGAI!$A:$E,5,FALSE))))," ",2018) -> April 2018 | CR8: =CONCATENATE(IF(LEFT($I$1,1)="1",VLOOKUP(CR$7,PPI_IPI_PGA_PGAI!$A:$E,2,FALSE),IF(LEFT($I$1,1)="2",VLOOKUP(CR$7,PPI_IPI_PGA_PGAI!$A:$E,3,FALSE),IF(LEFT($I$1,1)="3",VLOOKUP(CR$7,PPI_IPI_PGA_PGAI!$A:$E,4,FALSE),VLOOKUP(CR$7,PPI_IPI_PGA_PGAI!$A:$E,5,FALSE))))," ",2018) -> Mai 2018 | CS8: =CONCATENATE(IF(LEFT($I$1,1)="1",VLOOKUP(CS$7,PPI_IPI_PGA_PGAI!$A:$E,2,FALSE),IF(LEFT($I$1,1)="2",VLOOKUP(CS$7,PPI_IPI_PGA_PGAI!$A:$E,3,FALSE),IF(LEFT($I$1,1)="3",VLOOKUP(CS$7,PPI_IPI_PGA_PGAI!$A:$E,4,FALSE),VLOOKUP(CS$7,PPI_IPI_PGA_PGAI!$A:$E,5,FALSE))))," ",2018) -> Juni 2018 | CT8: =CONCATENATE(IF(LEFT($I$1,1)="1",VLOOKUP(CT$7,PPI_IPI_PGA_PGAI!$A:$E,2,FALSE),IF(LEFT($I$1,1)="2",VLOOKUP(CT$7,PPI_IPI_PGA_PGAI!$A:$E,3,FALSE),IF(LEFT($I$1,1)="3",VLOOKUP(CT$7,PPI_IPI_PGA_PGAI!$A:$E,4,FALSE),VLOOKUP(CT$7,PPI_IPI_PGA_PGAI!$A:$E,5,FALSE))))," ",2018) -> Juli 2018 | CU8: =CONCATENATE(IF(LEFT($I$1,1)="1",VLOOKUP(CU$7,PPI_IPI_PGA_PGAI!$A:$E,2,FALSE),IF(LEFT($I$1,1)="2",VLOOKUP(CU$7,PPI_IPI_PGA_PGAI!$A:$E,3,FALSE),IF(LEFT($I$1,1)="3",VLOOKUP(CU$7,PPI_IPI_PGA_PGAI!$A:$E,4,FALSE),VLOOKUP(CU$7,PPI_IPI_PGA_PGAI!$A:$E,5,FALSE))))," ",2018) -> Aug. 2018 | ... CY8: =CONCATENATE(IF(LEFT($I$1,1)="1",VLOOKUP(CY$7,PPI_IPI_PGA_PGAI!$A:$E,2,FALSE),IF(LEFT($I$1,1)="2",VLOOKUP(CY$7,PPI_IPI_PGA_PGAI!$A:$E,3,FALSE),IF(LEFT($I$1,1)="3",VLOOKUP(CY$7,PPI_IPI_PGA_PGAI!$A:$E,4,FALSE),VLOOKUP(CY$7,PPI_IPI_PGA_PGAI!$A:$E,5,FALSE))))," ",2018) -> Dez. 2018 | CZ8: =CONCATENATE(IF(LEFT($I$1,1)="1",VLOOKUP(CZ$7,PPI_IPI_PGA_PGAI!$A:$E,2,FALSE),IF(LEFT($I$1,1)="2",VLOOKUP(CZ$7,PPI_IPI_PGA_PGAI!$A:$E,3,FALSE),IF(LEFT($I$1,1)="3",VLOOKUP(CZ$7,PPI_IPI_PGA_PGAI!$A:$E,4,FALSE),VLOOKUP(CZ$7,PPI_IPI_PGA_PGAI!$A:$E,5,FALSE))))," ",2019) -> Jan. 2019 | DA8: =CONCATENATE(IF(LEFT($I$1,1)="1",VLOOKUP(DA$7,PPI_IPI_PGA_PGAI!$A:$E,2,FALSE),IF(LEFT($I$1,1)="2",VLOOKUP(DA$7,PPI_IPI_PGA_PGAI!$A:$E,3,FALSE),IF(LEFT($I$1,1)="3",VLOOKUP(DA$7,PPI_IPI_PGA_PGAI!$A:$E,4,FALSE),VLOOKUP(DA$7,PPI_IPI_PGA_PGAI!$A:$E,5,FALSE))))," ",2019) -> Feb. 2019 | DB8: =CONCATENATE(IF(LEFT($I$1,1)="1",VLOOKUP(DB$7,PPI_IPI_PGA_PGAI!$A:$E,2,FALSE),IF(LEFT($I$1,1)="2",VLOOKUP(DB$7,PPI_IPI_PGA_PGAI!$A:$E,3,FALSE),IF(LEFT($I$1,1)="3",VLOOKUP(DB$7,PPI_IPI_PGA_PGAI!$A:$E,4,FALSE),VLOOKUP(DB$7,PPI_IPI_PGA_PGAI!$A:$E,5,FALSE))))," ",2019) -> März 2019 | DC8: =CONCATENATE(IF(LEFT($I$1,1)="1",VLOOKUP(DC$7,PPI_IPI_PGA_PGAI!$A:$E,2,FALSE),IF(LEFT($I$1,1)="2",VLOOKUP(DC$7,PPI_IPI_PGA_PGAI!$A:$E,3,FALSE),IF(LEFT($I$1,1)="3",VLOOKUP(DC$7,PPI_IPI_PGA_PGAI!$A:$E,4,FALSE),VLOOKUP(DC$7,PPI_IPI_PGA_PGAI!$A:$E,5,FALSE))))," ",2019) -> April 2019 | DD8: =CONCATENATE(IF(LEFT($I$1,1)="1",VLOOKUP(DD$7,PPI_IPI_PGA_PGAI!$A:$E,2,FALSE),IF(LEFT($I$1,1)="2",VLOOKUP(DD$7,PPI_IPI_PGA_PGAI!$A:$E,3,FALSE),IF(LEFT($I$1,1)="3",VLOOKUP(DD$7,PPI_IPI_PGA_PGAI!$A:$E,4,FALSE),VLOOKUP(DD$7,PPI_IPI_PGA_PGAI!$A:$E,5,FALSE))))," ",2019) -> Mai 2019 | DE8: =CONCATENATE(IF(LEFT($I$1,1)="1",VLOOKUP(DE$7,PPI_IPI_PGA_PGAI!$A:$E,2,FALSE),IF(LEFT($I$1,1)="2",VLOOKUP(DE$7,PPI_IPI_PGA_PGAI!$A:$E,3,FALSE),IF(LEFT($I$1,1)="3",VLOOKUP(DE$7,PPI_IPI_PGA_PGAI!$A:$E,4,FALSE),VLOOKUP(DE$7,PPI_IPI_PGA_PGAI!$A:$E,5,FALSE))))," ",2019) -> Juni 2019 | DF8: =CONCATENATE(IF(LEFT($I$1,1)="1",VLOOKUP(DF$7,PPI_IPI_PGA_PGAI!$A:$E,2,FALSE),IF(LEFT($I$1,1)="2",VLOOKUP(DF$7,PPI_IPI_PGA_PGAI!$A:$E,3,FALSE),IF(LEFT($I$1,1)="3",VLOOKUP(DF$7,PPI_IPI_PGA_PGAI!$A:$E,4,FALSE),VLOOKUP(DF$7,PPI_IPI_PGA_PGAI!$A:$E,5,FALSE))))," ",2019) -> Juli 2019 | DG8: =CONCATENATE(IF(LEFT($I$1,1)="1",VLOOKUP(DG$7,PPI_IPI_PGA_PGAI!$A:$E,2,FALSE),IF(LEFT($I$1,1)="2",VLOOKUP(DG$7,PPI_IPI_PGA_PGAI!$A:$E,3,FALSE),IF(LEFT($I$1,1)="3",VLOOKUP(DG$7,PPI_IPI_PGA_PGAI!$A:$E,4,FALSE),VLOOKUP(DG$7,PPI_IPI_PGA_PGAI!$A:$E,5,FALSE))))," ",2019) -> Aug. 2019 | ... DK8: =CONCATENATE(IF(LEFT($I$1,1)="1",VLOOKUP(DK$7,PPI_IPI_PGA_PGAI!$A:$E,2,FALSE),IF(LEFT($I$1,1)="2",VLOOKUP(DK$7,PPI_IPI_PGA_PGAI!$A:$E,3,FALSE),IF(LEFT($I$1,1)="3",VLOOKUP(DK$7,PPI_IPI_PGA_PGAI!$A:$E,4,FALSE),VLOOKUP(DK$7,PPI_IPI_PGA_PGAI!$A:$E,5,FALSE))))," ",2019) -> Dez. 2019 | DL8: =CONCATENATE(IF(LEFT($I$1,1)="1",VLOOKUP(DL$7,PPI_IPI_PGA_PGAI!$A:$E,2,FALSE),IF(LEFT($I$1,1)="2",VLOOKUP(DL$7,PPI_IPI_PGA_PGAI!$A:$E,3,FALSE),IF(LEFT($I$1,1)="3",VLOOKUP(DL$7,PPI_IPI_PGA_PGAI!$A:$E,4,FALSE),VLOOKUP(DL$7,PPI_IPI_PGA_PGAI!$A:$E,5,FALSE))))," ",2020) -> Jan. 2020 | DM8: =CONCATENATE(IF(LEFT($I$1,1)="1",VLOOKUP(DM$7,PPI_IPI_PGA_PGAI!$A:$E,2,FALSE),IF(LEFT($I$1,1)="2",VLOOKUP(DM$7,PPI_IPI_PGA_PGAI!$A:$E,3,FALSE),IF(LEFT($I$1,1)="3",VLOOKUP(DM$7,PPI_IPI_PGA_PGAI!$A:$E,4,FALSE),VLOOKUP(DM$7,PPI_IPI_PGA_PGAI!$A:$E,5,FALSE))))," ",2020) -> Feb. 2020 | DN8: =CONCATENATE(IF(LEFT($I$1,1)="1",VLOOKUP(DN$7,PPI_IPI_PGA_PGAI!$A:$E,2,FALSE),IF(LEFT($I$1,1)="2",VLOOKUP(DN$7,PPI_IPI_PGA_PGAI!$A:$E,3,FALSE),IF(LEFT($I$1,1)="3",VLOOKUP(DN$7,PPI_IPI_PGA_PGAI!$A:$E,4,FALSE),VLOOKUP(DN$7,PPI_IPI_PGA_PGAI!$A:$E,5,FALSE))))," ",2020) -> März 2020 | DO8: =CONCATENATE(IF(LEFT($I$1,1)="1",VLOOKUP(DO$7,PPI_IPI_PGA_PGAI!$A:$E,2,FALSE),IF(LEFT($I$1,1)="2",VLOOKUP(DO$7,PPI_IPI_PGA_PGAI!$A:$E,3,FALSE),IF(LEFT($I$1,1)="3",VLOOKUP(DO$7,PPI_IPI_PGA_PGAI!$A:$E,4,FALSE),VLOOKUP(DO$7,PPI_IPI_PGA_PGAI!$A:$E,5,FALSE))))," ",2020) -> April 2020 | DP8: =CONCATENATE(IF(LEFT($I$1,1)="1",VLOOKUP(DP$7,PPI_IPI_PGA_PGAI!$A:$E,2,FALSE),IF(LEFT($I$1,1)="2",VLOOKUP(DP$7,PPI_IPI_PGA_PGAI!$A:$E,3,FALSE),IF(LEFT($I$1,1)="3",VLOOKUP(DP$7,PPI_IPI_PGA_PGAI!$A:$E,4,FALSE),VLOOKUP(DP$7,PPI_IPI_PGA_PGAI!$A:$E,5,FALSE))))," ",2020) -> Mai 2020 | DQ8: =CONCATENATE(IF(LEFT($I$1,1)="1",VLOOKUP(DQ$7,PPI_IPI_PGA_PGAI!$A:$E,2,FALSE),IF(LEFT($I$1,1)="2",VLOOKUP(DQ$7,PPI_IPI_PGA_PGAI!$A:$E,3,FALSE),IF(LEFT($I$1,1)="3",VLOOKUP(DQ$7,PPI_IPI_PGA_PGAI!$A:$E,4,FALSE),VLOOKUP(DQ$7,PPI_IPI_PGA_PGAI!$A:$E,5,FALSE))))," ",2020) -> Juni 2020 | DR8: =CONCATENATE(IF(LEFT($I$1,1)="1",VLOOKUP(DR$7,PPI_IPI_PGA_PGAI!$A:$E,2,FALSE),IF(LEFT($I$1,1)="2",VLOOKUP(DR$7,PPI_IPI_PGA_PGAI!$A:$E,3,FALSE),IF(LEFT($I$1,1)="3",VLOOKUP(DR$7,PPI_IPI_PGA_PGAI!$A:$E,4,FALSE),VLOOKUP(DR$7,PPI_IPI_PGA_PGAI!$A:$E,5,FALSE))))," ",2020) -> Juli 2020 | DS8: =CONCATENATE(IF(LEFT($I$1,1)="1",VLOOKUP(DS$7,PPI_IPI_PGA_PGAI!$A:$E,2,FALSE),IF(LEFT($I$1,1)="2",VLOOKUP(DS$7,PPI_IPI_PGA_PGAI!$A:$E,3,FALSE),IF(LEFT($I$1,1)="3",VLOOKUP(DS$7,PPI_IPI_PGA_PGAI!$A:$E,4,FALSE),VLOOKUP(DS$7,PPI_IPI_PGA_PGAI!$A:$E,5,FALSE))))," ",2020) -> Aug. 2020 | ... DW8: =CONCATENATE(IF(LEFT($I$1,1)="1",VLOOKUP(DW$7,PPI_IPI_PGA_PGAI!$A:$E,2,FALSE),IF(LEFT($I$1,1)="2",VLOOKUP(DW$7,PPI_IPI_PGA_PGAI!$A:$E,3,FALSE),IF(LEFT($I$1,1)="3",VLOOKUP(DW$7,PPI_IPI_PGA_PGAI!$A:$E,4,FALSE),VLOOKUP(DW$7,PPI_IPI_PGA_PGAI!$A:$E,5,FALSE))))," ",2020) -> Dez. 2020 | DX8: =CONCATENATE(IF(LEFT($I$1,1)="1",VLOOKUP(DX$7,PPI_IPI_PGA_PGAI!$A:$E,2,FALSE),IF(LEFT($I$1,1)="2",VLOOKUP(DX$7,PPI_IPI_PGA_PGAI!$A:$E,3,FALSE),IF(LEFT($I$1,1)="3",VLOOKUP(DX$7,PPI_IPI_PGA_PGAI!$A:$E,4,FALSE),VLOOKUP(DX$7,PPI_IPI_PGA_PGAI!$A:$E,5,FALSE))))," ",2021) -> Jan. 2021 | DY8: =CONCATENATE(IF(LEFT($I$1,1)="1",VLOOKUP(DY$7,PPI_IPI_PGA_PGAI!$A:$E,2,FALSE),IF(LEFT($I$1,1)="2",VLOOKUP(DY$7,PPI_IPI_PGA_PGAI!$A:$E,3,FALSE),IF(LEFT($I$1,1)="3",VLOOKUP(DY$7,PPI_IPI_PGA_PGAI!$A:$E,4,FALSE),VLOOKUP(DY$7,PPI_IPI_PGA_PGAI!$A:$E,5,FALSE))))," ",2021) -> Feb. 2021 | DZ8: =CONCATENATE(IF(LEFT($I$1,1)="1",VLOOKUP(DZ$7,PPI_IPI_PGA_PGAI!$A:$E,2,FALSE),IF(LEFT($I$1,1)="2",VLOOKUP(DZ$7,PPI_IPI_PGA_PGAI!$A:$E,3,FALSE),IF(LEFT($I$1,1)="3",VLOOKUP(DZ$7,PPI_IPI_PGA_PGAI!$A:$E,4,FALSE),VLOOKUP(DZ$7,PPI_IPI_PGA_PGAI!$A:$E,5,FALSE))))," ",2021) -> März 2021 | EA8: =CONCATENATE(IF(LEFT($I$1,1)="1",VLOOKUP(EA$7,PPI_IPI_PGA_PGAI!$A:$E,2,FALSE),IF(LEFT($I$1,1)="2",VLOOKUP(EA$7,PPI_IPI_PGA_PGAI!$A:$E,3,FALSE),IF(LEFT($I$1,1)="3",VLOOKUP(EA$7,PPI_IPI_PGA_PGAI!$A:$E,4,FALSE),VLOOKUP(EA$7,PPI_IPI_PGA_PGAI!$A:$E,5,FALSE))))," ",2021) -> April 2021 | EB8: =CONCATENATE(IF(LEFT($I$1,1)="1",VLOOKUP(EB$7,PPI_IPI_PGA_PGAI!$A:$E,2,FALSE),IF(LEFT($I$1,1)="2",VLOOKUP(EB$7,PPI_IPI_PGA_PGAI!$A:$E,3,FALSE),IF(LEFT($I$1,1)="3",VLOOKUP(EB$7,PPI_IPI_PGA_PGAI!$A:$E,4,FALSE),VLOOKUP(EB$7,PPI_IPI_PGA_PGAI!$A:$E,5,FALSE))))," ",2021) -> Mai 2021 | EC8: =CONCATENATE(IF(LEFT($I$1,1)="1",VLOOKUP(EC$7,PPI_IPI_PGA_PGAI!$A:$E,2,FALSE),IF(LEFT($I$1,1)="2",VLOOKUP(EC$7,PPI_IPI_PGA_PGAI!$A:$E,3,FALSE),IF(LEFT($I$1,1)="3",VLOOKUP(EC$7,PPI_IPI_PGA_PGAI!$A:$E,4,FALSE),VLOOKUP(EC$7,PPI_IPI_PGA_PGAI!$A:$E,5,FALSE))))," ",2021) -> Juni 2021 | ED8: =CONCATENATE(IF(LEFT($I$1,1)="1",VLOOKUP(ED$7,PPI_IPI_PGA_PGAI!$A:$E,2,FALSE),IF(LEFT($I$1,1)="2",VLOOKUP(ED$7,PPI_IPI_PGA_PGAI!$A:$E,3,FALSE),IF(LEFT($I$1,1)="3",VLOOKUP(ED$7,PPI_IPI_PGA_PGAI!$A:$E,4,FALSE),VLOOKUP(ED$7,PPI_IPI_PGA_PGAI!$A:$E,5,FALSE))))," ",2021) -> Juli 2021 | EE8: =CONCATENATE(IF(LEFT($I$1,1)="1",VLOOKUP(EE$7,PPI_IPI_PGA_PGAI!$A:$E,2,FALSE),IF(LEFT($I$1,1)="2",VLOOKUP(EE$7,PPI_IPI_PGA_PGAI!$A:$E,3,FALSE),IF(LEFT($I$1,1)="3",VLOOKUP(EE$7,PPI_IPI_PGA_PGAI!$A:$E,4,FALSE),VLOOKUP(EE$7,PPI_IPI_PGA_PGAI!$A:$E,5,FALSE))))," ",2021) -> Aug. 2021 | ... EI8: =CONCATENATE(IF(LEFT($I$1,1)="1",VLOOKUP(EI$7,PPI_IPI_PGA_PGAI!$A:$E,2,FALSE),IF(LEFT($I$1,1)="2",VLOOKUP(EI$7,PPI_IPI_PGA_PGAI!$A:$E,3,FALSE),IF(LEFT($I$1,1)="3",VLOOKUP(EI$7,PPI_IPI_PGA_PGAI!$A:$E,4,FALSE),VLOOKUP(EI$7,PPI_IPI_PGA_PGAI!$A:$E,5,FALSE))))," ",2021) -> Dez. 2021 | EJ8: =CONCATENATE(IF(LEFT($I$1,1)="1",VLOOKUP(EJ$7,PPI_IPI_PGA_PGAI!$A:$E,2,FALSE),IF(LEFT($I$1,1)="2",VLOOKUP(EJ$7,PPI_IPI_PGA_PGAI!$A:$E,3,FALSE),IF(LEFT($I$1,1)="3",VLOOKUP(EJ$7,PPI_IPI_PGA_PGAI!$A:$E,4,FALSE),VLOOKUP(EJ$7,PPI_IPI_PGA_PGAI!$A:$E,5,FALSE))))," ",2022) -> Jan. 2022 | EK8: =CONCATENATE(IF(LEFT($I$1,1)="1",VLOOKUP(EK$7,PPI_IPI_PGA_PGAI!$A:$E,2,FALSE),IF(LEFT($I$1,1)="2",VLOOKUP(EK$7,PPI_IPI_PGA_PGAI!$A:$E,3,FALSE),IF(LEFT($I$1,1)="3",VLOOKUP(EK$7,PPI_IPI_PGA_PGAI!$A:$E,4,FALSE),VLOOKUP(EK$7,PPI_IPI_PGA_PGAI!$A:$E,5,FALSE))))," ",2022) -> Feb. 2022 | EL8: =CONCATENATE(IF(LEFT($I$1,1)="1",VLOOKUP(EL$7,PPI_IPI_PGA_PGAI!$A:$E,2,FALSE),IF(LEFT($I$1,1)="2",VLOOKUP(EL$7,PPI_IPI_PGA_PGAI!$A:$E,3,FALSE),IF(LEFT($I$1,1)="3",VLOOKUP(EL$7,PPI_IPI_PGA_PGAI!$A:$E,4,FALSE),VLOOKUP(EL$7,PPI_IPI_PGA_PGAI!$A:$E,5,FALSE))))," ",2022) -> März 2022 | EM8: =CONCATENATE(IF(LEFT($I$1,1)="1",VLOOKUP(EM$7,PPI_IPI_PGA_PGAI!$A:$E,2,FALSE),IF(LEFT($I$1,1)="2",VLOOKUP(EM$7,PPI_IPI_PGA_PGAI!$A:$E,3,FALSE),IF(LEFT($I$1,1)="3",VLOOKUP(EM$7,PPI_IPI_PGA_PGAI!$A:$E,4,FALSE),VLOOKUP(EM$7,PPI_IPI_PGA_PGAI!$A:$E,5,FALSE))))," ",2022) -> April 2022 | EN8: =CONCATENATE(IF(LEFT($I$1,1)="1",VLOOKUP(EN$7,PPI_IPI_PGA_PGAI!$A:$E,2,FALSE),IF(LEFT($I$1,1)="2",VLOOKUP(EN$7,PPI_IPI_PGA_PGAI!$A:$E,3,FALSE),IF(LEFT($I$1,1)="3",VLOOKUP(EN$7,PPI_IPI_PGA_PGAI!$A:$E,4,FALSE),VLOOKUP(EN$7,PPI_IPI_PGA_PGAI!$A:$E,5,FALSE))))," ",2022) -> Mai 2022 | EO8: =CONCATENATE(IF(LEFT($I$1,1)="1",VLOOKUP(EO$7,PPI_IPI_PGA_PGAI!$A:$E,2,FALSE),IF(LEFT($I$1,1)="2",VLOOKUP(EO$7,PPI_IPI_PGA_PGAI!$A:$E,3,FALSE),IF(LEFT($I$1,1)="3",VLOOKUP(EO$7,PPI_IPI_PGA_PGAI!$A:$E,4,FALSE),VLOOKUP(EO$7,PPI_IPI_PGA_PGAI!$A:$E,5,FALSE))))," ",2022) -> Juni 2022 | EP8: =CONCATENATE(IF(LEFT($I$1,1)="1",VLOOKUP(EP$7,PPI_IPI_PGA_PGAI!$A:$E,2,FALSE),IF(LEFT($I$1,1)="2",VLOOKUP(EP$7,PPI_IPI_PGA_PGAI!$A:$E,3,FALSE),IF(LEFT($I$1,1)="3",VLOOKUP(EP$7,PPI_IPI_PGA_PGAI!$A:$E,4,FALSE),VLOOKUP(EP$7,PPI_IPI_PGA_PGAI!$A:$E,5,FALSE))))," ",2022) -> Juli 2022 | EQ8: =CONCATENATE(IF(LEFT($I$1,1)="1",VLOOKUP(EQ$7,PPI_IPI_PGA_PGAI!$A:$E,2,FALSE),IF(LEFT($I$1,1)="2",VLOOKUP(EQ$7,PPI_IPI_PGA_PGAI!$A:$E,3,FALSE),IF(LEFT($I$1,1)="3",VLOOKUP(EQ$7,PPI_IPI_PGA_PGAI!$A:$E,4,FALSE),VLOOKUP(EQ$7,PPI_IPI_PGA_PGAI!$A:$E,5,FALSE))))," ",2022) -> Aug. 2022 | ... EU8: =CONCATENATE(IF(LEFT($I$1,1)="1",VLOOKUP(EU$7,PPI_IPI_PGA_PGAI!$A:$E,2,FALSE),IF(LEFT($I$1,1)="2",VLOOKUP(EU$7,PPI_IPI_PGA_PGAI!$A:$E,3,FALSE),IF(LEFT($I$1,1)="3",VLOOKUP(EU$7,PPI_IPI_PGA_PGAI!$A:$E,4,FALSE),VLOOKUP(EU$7,PPI_IPI_PGA_PGAI!$A:$E,5,FALSE))))," ",2022) -> Dez. 2022 | EV8: =CONCATENATE(IF(LEFT($I$1,1)="1",VLOOKUP(EV$7,PPI_IPI_PGA_PGAI!$A:$E,2,FALSE),IF(LEFT($I$1,1)="2",VLOOKUP(EV$7,PPI_IPI_PGA_PGAI!$A:$E,3,FALSE),IF(LEFT($I$1,1)="3",VLOOKUP(EV$7,PPI_IPI_PGA_PGAI!$A:$E,4,FALSE),VLOOKUP(EV$7,PPI_IPI_PGA_PGAI!$A:$E,5,FALSE))))," ",2023) -> Jan. 2023 | EW8: =CONCATENATE(IF(LEFT($I$1,1)="1",VLOOKUP(EW$7,PPI_IPI_PGA_PGAI!$A:$E,2,FALSE),IF(LEFT($I$1,1)="2",VLOOKUP(EW$7,PPI_IPI_PGA_PGAI!$A:$E,3,FALSE),IF(LEFT($I$1,1)="3",VLOOKUP(EW$7,PPI_IPI_PGA_PGAI!$A:$E,4,FALSE),VLOOKUP(EW$7,PPI_IPI_PGA_PGAI!$A:$E,5,FALSE))))," ",2023) -> Feb. 2023 | EX8: =CONCATENATE(IF(LEFT($I$1,1)="1",VLOOKUP(EX$7,PPI_IPI_PGA_PGAI!$A:$E,2,FALSE),IF(LEFT($I$1,1)="2",VLOOKUP(EX$7,PPI_IPI_PGA_PGAI!$A:$E,3,FALSE),IF(LEFT($I$1,1)="3",VLOOKUP(EX$7,PPI_IPI_PGA_PGAI!$A:$E,4,FALSE),VLOOKUP(EX$7,PPI_IPI_PGA_PGAI!$A:$E,5,FALSE))))," ",2023) -> März 2023 | EY8: =CONCATENATE(IF(LEFT($I$1,1)="1",VLOOKUP(EY$7,PPI_IPI_PGA_PGAI!$A:$E,2,FALSE),IF(LEFT($I$1,1)="2",VLOOKUP(EY$7,PPI_IPI_PGA_PGAI!$A:$E,3,FALSE),IF(LEFT($I$1,1)="3",VLOOKUP(EY$7,PPI_IPI_PGA_PGAI!$A:$E,4,FALSE),VLOOKUP(EY$7,PPI_IPI_PGA_PGAI!$A:$E,5,FALSE))))," ",2023) -> April 2023 | EZ8: =CONCATENATE(IF(LEFT($I$1,1)="1",VLOOKUP(EZ$7,PPI_IPI_PGA_PGAI!$A:$E,2,FALSE),IF(LEFT($I$1,1)="2",VLOOKUP(EZ$7,PPI_IPI_PGA_PGAI!$A:$E,3,FALSE),IF(LEFT($I$1,1)="3",VLOOKUP(EZ$7,PPI_IPI_PGA_PGAI!$A:$E,4,FALSE),VLOOKUP(EZ$7,PPI_IPI_PGA_PGAI!$A:$E,5,FALSE))))," ",2023) -> Mai 2023 | FA8: =CONCATENATE(IF(LEFT($I$1,1)="1",VLOOKUP(FA$7,PPI_IPI_PGA_PGAI!$A:$E,2,FALSE),IF(LEFT($I$1,1)="2",VLOOKUP(FA$7,PPI_IPI_PGA_PGAI!$A:$E,3,FALSE),IF(LEFT($I$1,1)="3",VLOOKUP(FA$7,PPI_IPI_PGA_PGAI!$A:$E,4,FALSE),VLOOKUP(FA$7,PPI_IPI_PGA_PGAI!$A:$E,5,FALSE))))," ",2023) -> Juni 2023 | FB8: =CONCATENATE(IF(LEFT($I$1,1)="1",VLOOKUP(FB$7,PPI_IPI_PGA_PGAI!$A:$E,2,FALSE),IF(LEFT($I$1,1)="2",VLOOKUP(FB$7,PPI_IPI_PGA_PGAI!$A:$E,3,FALSE),IF(LEFT($I$1,1)="3",VLOOKUP(FB$7,PPI_IPI_PGA_PGAI!$A:$E,4,FALSE),VLOOKUP(FB$7,PPI_IPI_PGA_PGAI!$A:$E,5,FALSE))))," ",2023) -> Juli 2023 | FC8: =CONCATENATE(IF(LEFT($I$1,1)="1",VLOOKUP(FC$7,PPI_IPI_PGA_PGAI!$A:$E,2,FALSE),IF(LEFT($I$1,1)="2",VLOOKUP(FC$7,PPI_IPI_PGA_PGAI!$A:$E,3,FALSE),IF(LEFT($I$1,1)="3",VLOOKUP(FC$7,PPI_IPI_PGA_PGAI!$A:$E,4,FALSE),VLOOKUP(FC$7,PPI_IPI_PGA_PGAI!$A:$E,5,FALSE))))," ",2023) -> Aug. 2023 | ... FG8: =CONCATENATE(IF(LEFT($I$1,1)="1",VLOOKUP(FG$7,PPI_IPI_PGA_PGAI!$A:$E,2,FALSE),IF(LEFT($I$1,1)="2",VLOOKUP(FG$7,PPI_IPI_PGA_PGAI!$A:$E,3,FALSE),IF(LEFT($I$1,1)="3",VLOOKUP(FG$7,PPI_IPI_PGA_PGAI!$A:$E,4,FALSE),VLOOKUP(FG$7,PPI_IPI_PGA_PGAI!$A:$E,5,FALSE))))," ",2023) -> Dez. 2023 | FH8: =CONCATENATE(IF(LEFT($I$1,1)="1",VLOOKUP(FH$7,PPI_IPI_PGA_PGAI!$A:$E,2,FALSE),IF(LEFT($I$1,1)="2",VLOOKUP(FH$7,PPI_IPI_PGA_PGAI!$A:$E,3,FALSE),IF(LEFT($I$1,1)="3",VLOOKUP(FH$7,PPI_IPI_PGA_PGAI!$A:$E,4,FALSE),VLOOKUP(FH$7,PPI_IPI_PGA_PGAI!$A:$E,5,FALSE))))," ",2024) -> Jan. 2024 | FI8: =CONCATENATE(IF(LEFT($I$1,1)="1",VLOOKUP(FI$7,PPI_IPI_PGA_PGAI!$A:$E,2,FALSE),IF(LEFT($I$1,1)="2",VLOOKUP(FI$7,PPI_IPI_PGA_PGAI!$A:$E,3,FALSE),IF(LEFT($I$1,1)="3",VLOOKUP(FI$7,PPI_IPI_PGA_PGAI!$A:$E,4,FALSE),VLOOKUP(FI$7,PPI_IPI_PGA_PGAI!$A:$E,5,FALSE))))," ",2024) -> Feb. 2024 | FJ8: =CONCATENATE(IF(LEFT($I$1,1)="1",VLOOKUP(FJ$7,PPI_IPI_PGA_PGAI!$A:$E,2,FALSE),IF(LEFT($I$1,1)="2",VLOOKUP(FJ$7,PPI_IPI_PGA_PGAI!$A:$E,3,FALSE),IF(LEFT($I$1,1)="3",VLOOKUP(FJ$7,PPI_IPI_PGA_PGAI!$A:$E,4,FALSE),VLOOKUP(FJ$7,PPI_IPI_PGA_PGAI!$A:$E,5,FALSE))))," ",2024) -> März 2024 | FK8: =CONCATENATE(IF(LEFT($I$1,1)="1",VLOOKUP(FK$7,PPI_IPI_PGA_PGAI!$A:$E,2,FALSE),IF(LEFT($I$1,1)="2",VLOOKUP(FK$7,PPI_IPI_PGA_PGAI!$A:$E,3,FALSE),IF(LEFT($I$1,1)="3",VLOOKUP(FK$7,PPI_IPI_PGA_PGAI!$A:$E,4,FALSE),VLOOKUP(FK$7,PPI_IPI_PGA_PGAI!$A:$E,5,FALSE))))," ",2024) -> April 2024 | FL8: =CONCATENATE(IF(LEFT($I$1,1)="1",VLOOKUP(FL$7,PPI_IPI_PGA_PGAI!$A:$E,2,FALSE),IF(LEFT($I$1,1)="2",VLOOKUP(FL$7,PPI_IPI_PGA_PGAI!$A:$E,3,FALSE),IF(LEFT($I$1,1)="3",VLOOKUP(FL$7,PPI_IPI_PGA_PGAI!$A:$E,4,FALSE),VLOOKUP(FL$7,PPI_IPI_PGA_PGAI!$A:$E,5,FALSE))))," ",2024) -> Mai 2024 | FM8: =CONCATENATE(IF(LEFT($I$1,1)="1",VLOOKUP(FM$7,PPI_IPI_PGA_PGAI!$A:$E,2,FALSE),IF(LEFT($I$1,1)="2",VLOOKUP(FM$7,PPI_IPI_PGA_PGAI!$A:$E,3,FALSE),IF(LEFT($I$1,1)="3",VLOOKUP(FM$7,PPI_IPI_PGA_PGAI!$A:$E,4,FALSE),VLOOKUP(FM$7,PPI_IPI_PGA_PGAI!$A:$E,5,FALSE))))," ",2024) -> Juni 2024 | FN8: =CONCATENATE(IF(LEFT($I$1,1)="1",VLOOKUP(FN$7,PPI_IPI_PGA_PGAI!$A:$E,2,FALSE),IF(LEFT($I$1,1)="2",VLOOKUP(FN$7,PPI_IPI_PGA_PGAI!$A:$E,3,FALSE),IF(LEFT($I$1,1)="3",VLOOKUP(FN$7,PPI_IPI_PGA_PGAI!$A:$E,4,FALSE),VLOOKUP(FN$7,PPI_IPI_PGA_PGAI!$A:$E,5,FALSE))))," ",2024) -> Juli 2024 | FO8: =CONCATENATE(IF(LEFT($I$1,1)="1",VLOOKUP(FO$7,PPI_IPI_PGA_PGAI!$A:$E,2,FALSE),IF(LEFT($I$1,1)="2",VLOOKUP(FO$7,PPI_IPI_PGA_PGAI!$A:$E,3,FALSE),IF(LEFT($I$1,1)="3",VLOOKUP(FO$7,PPI_IPI_PGA_PGAI!$A:$E,4,FALSE),VLOOKUP(FO$7,PPI_IPI_PGA_PGAI!$A:$E,5,FALSE))))," ",2024) -> Aug. 2024 | ... FS8: =CONCATENATE(IF(LEFT($I$1,1)="1",VLOOKUP(FS$7,PPI_IPI_PGA_PGAI!$A:$E,2,FALSE),IF(LEFT($I$1,1)="2",VLOOKUP(FS$7,PPI_IPI_PGA_PGAI!$A:$E,3,FALSE),IF(LEFT($I$1,1)="3",VLOOKUP(FS$7,PPI_IPI_PGA_PGAI!$A:$E,4,FALSE),VLOOKUP(FS$7,PPI_IPI_PGA_PGAI!$A:$E,5,FALSE))))," ",2024) -> Dez. 2024
A9: <PR_PGAI_2> | B9: 4002_1 | D9: =IF(LEFT($I$1,1)="1",VLOOKUP($A9,PPI_IPI_PGA_PGAI!$A:$E,2,FALSE),IF(LEFT($I$1,1)="2",VLOOKUP($A9,PPI_IPI_PGA_PGAI!$A:$E,3,FALSE),IF(LEFT($I$1,1)="3",VLOOKUP($A9,PPI_IPI_PGA_PGAI!$A:$E,4,FALSE),VLOOKUP($A9,PPI_IPI_PGA_PGAI!$A:$E,5,FALSE)))) -> Preisindizes des Gesamtangebots im Inland: Total 2) | E9: 100 | G9: 111.8177 | H9: 112.0182 | I9: 112.6456 | J9: 113.3433 | K9: 113.7249 | L9: 113.778 | M9: 112.9838 | N9: 112.0571 | O9: 110.8328 | P9: 110.665 | Q9: 110.2669 | R9: 109.6903 | S9: 110.2091 | T9: 110.1052 | U9: 110.6514 | V9: 111.153 | W9: 111.1958 | X9: 110.7171 | Y9: 110.155 | Z9: 109.5942 | AA9: 110.1283 | AB9: 110.6573 | AC9: 110.4938 | AD9: 110.1154 | AE9: 110.2429 | AF9: 110.0152 | AG9: 110.3337 | AH9: 110.2755 | AI9: 110.2991 | AJ9: 109.8847 | AK9: 109.9836 | AL9: 110.0021 | AM9: 110.3981 | AN9: 110.6062 | AO9: 109.9847 | AP9: 109.8561 | AQ9: 109.9329 | AR9: 109.8615 | AS9: 109.2997 | AT9: 109.4066 | AU9: 109.1616 | AV9: 109.1621 | AW9: 109.1848 | AX9: 109.2077 | AY9: 108.9933 | AZ9: 108.8908 | BA9: 108.529 | BB9: 107.865 | BC9: 107.12 | BD9: 106.066 | BE9: 104.0954 | BF9: 104.5352 | BG9: 102.4593 | BH9: 101.9917 | BI9: 101.9021 | BJ9: 101.6125 | BK9: 100.9777 | BL9: 100.8137 | BM9: 100.684 | BN9: 101.1999 | BO9: 100.5306 | BP9: 99.9537 | BQ9: 99.3013 | BR9: 99.339 | BS9: 99.6955 | BT9: 100.2828 | BU9: 100.523 | BV9: 100.4734 | BW9: 100.0377 | BX9: 100.4352 | BY9: 100.5407 | BZ9: 100.7029 | CA9: 100.9647 | CB9: 101.4832 | CC9: 101.3225 | CD9: 101.4624 | CE9: 101.1999 | CF9: 101.0789 | CG9: 100.9296 | CH9: 100.9073 | CI9: 101.5596 | CJ9: 102.2294 | CK9: 102.6872 | CL9: 103.3209 | CM9: 103.6168 | CN9: 104.0246 | CO9: 103.9865 | CP9: 103.6615 | CQ9: 104.2009 | CR9: 105.0176 | CS9: 105.3286 | CT9: 105.4126 | CU9: 105.2821 | CV9: 105.1443 | CW9: 105.5207 | CX9: 105.4218 | CY9: 104.4951 | CZ9: 103.4011 | DA9: 103.7848 | DB9: 104.1778 | DC9: 104.1499 | DD9: 104.2399 | DE9: 103.5597 | DF9: 103.4935 | DG9: 103.2237 | DH9: 102.8037 | DI9: 102.6214 | DJ9: 102.4158 | DK9: 102.6203 | DL9: 102.6099 | DM9: 101.4325 | DN9: 100.9531 | DO9: 99.1656 | DP9: 98.7535 | DQ9: 99.4944 | DR9: 99.6885 | DS9: 99.4287 | DT9: 99.5386 | DU9: 99.448 | DV9: 99.3 | DW9: 100 | DX9: 100.355 | DY9: 100.73 | DZ9: 101.4869 | EA9: 102.1726 | EB9: 103.1004 | EC9: 103.4957 | ED9: 104.1473 | EE9: 104.7694 | EF9: 105.0316 | EG9: 105.9822 | EH9: 106.7946 | EI9: 106.6362 | EJ9: 107.437 | EK9: 108.3193 | EL9: 109.563 | EM9: 111.4034 | EN9: 112.9976 | EO9: 113.6439 | EP9: 113.5648 | EQ9: 113.2372 | ER9: 113.5579 | ES9: 113.6454 | ET9: 113.3143 | EU9: 112.1858 | EV9: 113.1346 | EW9: 112.8326 | EX9: 113.0866 | EY9: 113.1237 | EZ9: 112.5792 | FA9: 112.7744 | FB9: 112.5848 | FC9: 112.7462 | FD9: 112.6278 | FE9: 112.9162 | FF9: 111.9858 | FG9: 111.1156 | FH9: 110.4771 | FI9: 110.7178 | FJ9: 110.7715 | FK9: 111.2496 | FL9: 111.5051 | FM9: 111.398 | FN9: 111.5638 | FO9: 111.1011 | FP9: 110.927 | FQ9: 110.6327 | FR9: 110.2774 | FS9: 110.2749
A10: <PGAI.A> | B10: 9103_2 | C10: A | D10: =IF(LEFT($I$1,1)="1",VLOOKUP($A10,PPI_IPI_PGA_PGAI!$A:$E,2,FALSE),IF(LEFT($I$1,1)="2",VLOOKUP($A10,PPI_IPI_PGA_PGAI!$A:$E,3,FALSE),IF(LEFT($I$1,1)="3",VLOOKUP($A10,PPI_IPI_PGA_PGAI!$A:$E,4,FALSE),VLOOKUP($A10,PPI_IPI_PGA_PGAI!$A:$E,5,FALSE)))) -> Land- und forstwirtschaftliche Produkte | E10: 3.1599 | G10: 99.1069 | H10: 100.0261 | I10: 99.957 | J10: 100.0814 | K10: 100.6723 | L10: 100.9425 | M10: 100.1733 | N10: 97.0509 | O10: 96.9648 | P10: 95.7619 | Q10: 96.1803 | R10: 95.9032 | S10: 96.9952 | T10: 95.9089 | U10: 95.3595 | V10: 95.9842 | W10: 96.7173 | X10: 96.592 | Y10: 97.1512 | Z10: 96.8314 | AA10: 96.0983 | AB10: 95.64 | AC10: 96.306 | AD10: 96.4558 | AE10: 98.4483 | AF10: 98.0548 | AG10: 99.4795 | AH10: 100.1531 | AI10: 101.194 | AJ10: 100.9264 | AK10: 101.567 | AL10: 101.8496 | AM10: 101.902 | AN10: 102.7298 | AO10: 102.3441 | AP10: 100.7057 | AQ10: 101.3722 | AR10: 101.1112 | AS10: 101.4726 | AT10: 102.9998 | AU10: 103.1007 | AV10: 103.3592 | AW10: 102.7001 | AX10: 102.2718 | AY10: 102.4431 | AZ10: 102.495 | BA10: 101.0974 | BB10: 99.6419 | BC10: 99.6241 | BD10: 99.0168 | BE10: 98.3171 | BF10: 97.9549 | BG10: 97.7808 | BH10: 97.1263 | BI10: 96.6326 | BJ10: 97.4875 | BK10: 97.6978 | BL10: 97.2874 | BM10: 96.8569 | BN10: 96.3546 | BO10: 96.5879 | BP10: 96.5525 | BQ10: 95.8231 | BR10: 96.6754 | BS10: 97.5193 | BT10: 96.9732 | BU10: 97.4845 | BV10: 97.7803 | BW10: 97.4957 | BX10: 96.8615 | BY10: 96.9114 | BZ10: 96.7059 | CA10: 97.0876 | CB10: 97.4988 | CC10: 97.8942 | CD10: 97.9497 | CE10: 96.8128 | CF10: 97.0602 | CG10: 96.5364 | CH10: 96.7888 | CI10: 96.2936 | CJ10: 96.7018 | CK10: 97.4746 | CL10: 97.0245 | CM10: 98.2257 | CN10: 98.9282 | CO10: 97.8461 | CP10: 98.3766 | CQ10: 98.6087 | CR10: 98.8057 | CS10: 98.9517 | CT10: 98.5381 | CU10: 96.6215 | CV10: 98.3188 | CW10: 98.6358 | CX10: 98.0143 | CY10: 98.5202 | CZ10: 98.5173 | DA10: 99.029 | DB10: 99.1274 | DC10: 98.1227 | DD10: 98.7427 | DE10: 98.116 | DF10: 98.0295 | DG10: 98.6043 | DH10: 98.7031 | DI10: 98.8066 | DJ10: 99.1565 | DK10: 100.122 | DL10: 100.1771 | DM10: 99.3951 | DN10: 99.7982 | DO10: 99.4706 | DP10: 100.0112 | DQ10: 100.2855 | DR10: 99.6891 | DS10: 99.8771 | DT10: 100.9593 | DU10: 101.403 | DV10: 101.107 | DW10: 100 | DX10: 99.874 | DY10: 100.1246 | DZ10: 101.4934 | EA10: 102.3573 | EB10: 102.3983 | EC10: 103.0445 | ED10: 102.049 | EE10: 103.6073 | EF10: 105.8728 | EG10: 105.2473 | EH10: 105.0582 | EI10: 106.9613 | EJ10: 107.329 | EK10: 107.1718 | EL10: 107.9638 | EM10: 108.7897 | EN10: 109.4662 | EO10: 109.8688 | EP10: 109.3713 | EQ10: 108.648 | ER10: 111.4164 | ES10: 111.1285 | ET10: 110.1594 | EU10: 109.7025 | EV10: 109.822 | EW10: 110.1627 | EX10: 111.8567 | EY10: 110.7372 | EZ10: 110.1987 | FA10: 110.463 | FB10: 109.5419 | FC10: 110.1207 | FD10: 110.4392 | FE10: 110.5375 | FF10: 110.7813 | FG10: 111.9227 | FH10: 112.245 | FI10: 112.2485 | FJ10: 111.1916 | FK10: 111.3626 | FL10: 111.6332 | FM10: 112.9893 | FN10: 112.9784 | FO10: 113.6511 | FP10: 115.2246 | FQ10: 116.3921 | FR10: 116.1328 | FS10: 117.7232
A11: <PGAI.01> | B11: 4002_1001 | C11: 01 | D11: =IF(LEFT($I$1,1)="1",VLOOKUP($A11,PPI_IPI_PGA_PGAI!$A:$E,2,FALSE),IF(LEFT($I$1,1)="2",VLOOKUP($A11,PPI_IPI_PGA_PGAI!$A:$E,3,FALSE),IF(LEFT($I$1,1)="3",VLOOKUP($A11,PPI_IPI_PGA_PGAI!$A:$E,4,FALSE),VLOOKUP($A11,PPI_IPI_PGA_PGAI!$A:$E,5,FALSE)))) -> Landwirtschaftliche Produkte | E11: 3.0535 | G11: 98.8808 | H11: 99.8248 | I11: 99.7539 | J11: 99.7792 | K11: 100.3858 | L11: 100.6635 | M11: 99.8736 | N11: 96.7044 | O11: 96.6161 | P11: 95.3807 | Q11: 95.8104 | R11: 95.6078 | S11: 96.7294 | T11: 95.6137 | U11: 95.0495 | V11: 95.7911 | W11: 96.5441 | X11: 96.4154 | Y11: 96.9897 | Z11: 96.7242 | AA11: 95.9713 | AB11: 95.5005 | AC11: 96.1845 | AD11: 96.3612 | AE11: 98.4076 | AF11: 98.0034 | AG11: 99.4665 | AH11: 100.1692 | AI11: 101.2383 | AJ11: 100.9633 | AK11: 101.6214 | AL11: 101.8767 | AM11: 101.9305 | AN11: 102.7806 | AO11: 102.3846 | AP11: 100.6548 | AQ11: 101.3395 | AR11: 101.0714 | AS11: 101.4425 | AT11: 102.9595 | AU11: 103.0632 | AV11: 103.3287 | AW11: 102.6517 | AX11: 102.1493 | AY11: 102.3252 | AZ11: 102.3785 | BA11: 100.9431 | BB11: 99.4444 | BC11: 99.4261 | BD11: 98.8025 | BE11: 98.0838 | BF11: 97.6783 | BG11: 97.4994 | BH11: 96.8273 | BI11: 96.3202 | BJ11: 97.3243 | BK11: 97.5403 | BL11: 97.1188 | BM11: 96.6767 | BN11: 96.1954 | BO11: 96.4352 | BP11: 96.3987 | BQ11: 95.6438 | BR11: 96.5198 | BS11: 97.3677 | BT11: 96.8065 | BU11: 97.3475 | BV11: 97.6514 | BW11: 97.3779 | BX11: 96.7262 | BY11: 96.7717 | BZ11: 96.5605 | CA11: 96.9724 | CB11: 97.3949 | CC11: 97.8229 | CD11: 97.8799 | CE11: 96.6502 | CF11: 96.9046 | CG11: 96.3762 | CH11: 96.6357 | CI11: 96.1137 | CJ11: 96.5332 | CK11: 97.3185 | CL11: 96.8558 | CM11: 98.1012 | CN11: 98.8231 | CO11: 97.6989 | CP11: 98.2441 | CQ11: 98.467 | CR11: 98.6695 | CS11: 98.7924 | CT11: 98.3674 | CU11: 96.4015 | CV11: 98.1458 | CW11: 98.4819 | CX11: 97.8433 | CY11: 98.3803 | CZ11: 98.3773 | DA11: 98.8964 | DB11: 98.9976 | DC11: 97.9793 | DD11: 98.6164 | DE11: 98.01 | DF11: 97.9212 | DG11: 98.4898 | DH11: 98.5913 | DI11: 98.7066 | DJ11: 99.0662 | DK11: 100.0907 | DL11: 100.1475 | DM11: 99.3489 | DN11: 99.7632 | DO11: 99.4012 | DP11: 99.9568 | DQ11: 100.2325 | DR11: 99.6197 | DS11: 99.8406 | DT11: 100.9527 | DU11: 101.4482 | DV11: 101.144 | DW11: 100 | DX11: 99.8696 | DY11: 100.1259 | DZ11: 101.5424 | EA11: 102.4221 | EB11: 102.4646 | EC11: 103.1355 | ED11: 102.1053 | EE11: 103.7101 | EF11: 106.0546 | EG11: 105.3459 | EH11: 105.1502 | EI11: 107.0398 | EJ11: 107.4204 | EK11: 106.948 | EL11: 107.7676 | EM11: 108.5202 | EN11: 109.2202 | EO11: 109.5268 | EP11: 109.012 | EQ11: 108.2606 | ER11: 111.1255 | ES11: 110.8691 | ET11: 109.8662 | EU11: 109.3265 | EV11: 109.4501 | EW11: 109.6256 | EX11: 111.3786 | EY11: 110.1807 | EZ11: 109.6234 | FA11: 109.6407 | FB11: 108.6875 | FC11: 109.3066 | FD11: 109.6361 | FE11: 109.8378 | FF11: 110.0901 | FG11: 111.3667 | FH11: 111.7002 | FI11: 111.7459 | FJ11: 110.6521 | FK11: 110.7941 | FL11: 111.0741 | FM11: 112.6147 | FN11: 112.6034 | FO11: 113.2613 | FP11: 114.8895 | FQ11: 116.1663 | FR11: 115.898 | FS11: 117.5427
A12: <PGAI.02> | B12: 4002_2001 | C12: 02 | D12: =IF(LEFT($I$1,1)="1",VLOOKUP($A12,PPI_IPI_PGA_PGAI!$A:$E,2,FALSE),IF(LEFT($I$1,1)="2",VLOOKUP($A12,PPI_IPI_PGA_PGAI!$A:$E,3,FALSE),IF(LEFT($I$1,1)="3",VLOOKUP($A12,PPI_IPI_PGA_PGAI!$A:$E,4,FALSE),VLOOKUP($A12,PPI_IPI_PGA_PGAI!$A:$E,5,FALSE)))) -> Forstwirtschaftliche Produkte | E12: 0.1064 | G12: 107.3257 | H12: 107.3257 | I12: 107.3257 | J12: 111.1172 | K12: 111.1172 | L12: 111.1172 | M12: 111.1172 | N12: 109.7206 | O12: 109.7206 | P12: 109.7206 | Q12: 109.7206 | R12: 106.6887 | S12: 106.6887 | T12: 106.6887 | U12: 106.6887 | V12: 102.9888 | W12: 102.9888 | X12: 102.9888 | Y12: 102.9888 | Z12: 100.6636 | AA12: 100.6636 | AB12: 100.6636 | AC12: 100.6636 | AD12: 99.8217 | AE12: 99.8217 | AF12: 99.8217 | AG12: 99.8217 | AH12: 99.4224 | AI12: 99.4224 | AJ12: 99.4224 | AK12: 99.4224 | AL12: 100.7088 | AM12: 100.7088 | AN12: 100.7088 | AO12: 100.7088 | AP12: 102.4464 | AQ12: 102.4464 | AR12: 102.4464 | AS12: 102.4464 | AT12: 104.3484 | AU12: 104.3484 | AV12: 104.3484 | AW12: 104.3484 | AX12: 106.6605 | AY12: 106.6605 | AZ12: 106.6605 | BA12: 106.6605 | BB12: 106.8044 | BC12: 106.8044 | BD12: 106.8044 | BE12: 106.8044 | BF12: 108.0453 | BG12: 108.0453 | BH12: 108.0453 | BI12: 108.0453 | BJ12: 103.3847 | BK12: 103.3847 | BL12: 103.3847 | BM12: 103.3847 | BN12: 102.1049 | BO12: 102.1049 | BP12: 102.1049 | BQ12: 102.2964 | BR12: 102.2964 | BS12: 102.996 | BT12: 102.996 | BU12: 102.4339 | BV12: 102.4339 | BW12: 101.7475 | BX12: 101.7475 | BY12: 101.9538 | BZ12: 101.9538 | CA12: 101.2489 | CB12: 101.2489 | CC12: 100.4694 | CD12: 100.4694 | CE12: 102.6825 | CF12: 102.6825 | CG12: 102.3196 | CH12: 102.3196 | CI12: 102.7935 | CJ12: 102.7935 | CK12: 103.1138 | CL12: 103.1138 | CM12: 102.7215 | CN12: 102.7215 | CO12: 103.1635 | CP12: 103.1635 | CQ12: 103.7252 | CR12: 103.7252 | CS12: 104.7063 | CT12: 104.7063 | CU12: 104.568 | CV12: 104.568 | CW12: 104.1913 | CX12: 104.1913 | CY12: 103.5727 | CZ12: 103.5727 | DA12: 103.8165 | DB12: 103.8165 | DC12: 103.3019 | DD12: 103.3019 | DE12: 101.9416 | DF12: 101.9416 | DG12: 102.7388 | DH12: 102.7388 | DI12: 102.4165 | DJ12: 102.4165 | DK12: 101.2473 | DL12: 101.2473 | DM12: 101.063 | DN12: 101.063 | DO12: 101.9737 | DP12: 101.9737 | DQ12: 102.1967 | DR12: 102.1967 | DS12: 101.1959 | DT12: 101.1959 | DU12: 99.771 | DV12: 99.771 | DW12: 100 | DX12: 100 | DY12: 100.0877 | DZ12: 100.0877 | EA12: 100.4957 | EB12: 100.4957 | EC12: 100.4325 | ED12: 100.4325 | EE12: 100.6555 | EF12: 100.6555 | EG12: 102.4184 | EH12: 102.4184 | EI12: 104.7071 | EJ12: 104.7071 | EK12: 113.5938 | EL12: 113.5938 | EM12: 116.5256 | EN12: 116.5256 | EO12: 119.6819 | EP12: 119.6819 | EQ12: 119.764 | ER12: 119.764 | ES12: 118.5742 | ET12: 118.5742 | EU12: 120.4925 | EV12: 120.4925 | EW12: 125.5782 | EX12: 125.5782 | EY12: 126.71 | EZ12: 126.71 | FA12: 134.0612 | FB12: 134.0612 | FC12: 133.4847 | FD12: 133.4847 | FE12: 130.6184 | FF12: 130.6184 | FG12: 127.8786 | FH12: 127.8786 | FI12: 126.6727 | FJ12: 126.6727 | FK12: 127.6784 | FL12: 127.6784 | FM12: 123.7409 | FN12: 123.7409 | FO12: 124.8404 | FP12: 124.8404 | FQ12: 122.8716 | FR12: 122.8716 | FS12: 122.904
A13: <PGAI.B> | B13: 4002_5000 | C13: B | D13: =IF(LEFT($I$1,1)="1",VLOOKUP($A13,PPI_IPI_PGA_PGAI!$A:$E,2,FALSE),IF(LEFT($I$1,1)="2",VLOOKUP($A13,PPI_IPI_PGA_PGAI!$A:$E,3,FALSE),IF(LEFT($I$1,1)="3",VLOOKUP($A13,PPI_IPI_PGA_PGAI!$A:$E,4,FALSE),VLOOKUP($A13,PPI_IPI_PGA_PGAI!$A:$E,5,FALSE)))) -> Bergbauprodukte | E13: 1.4357 | G13: 168.0009 | H13: 169.2526 | I13: 173.3986 | J13: 183.505 | K13: 190.1065 | L13: 194.0835 | M13: 182.4877 | N13: 180.8533 | O13: 175.1055 | P13: 169.1702 | Q13: 182.0258 | R13: 179.656 | S13: 184.1392 | T13: 188.0343 | U13: 192.0568 | V13: 199.5871 | W13: 206.5605 | X13: 198.3916 | Y13: 191.3923 | Z13: 180.3479 | AA13: 189.7011 | AB13: 201.1347 | AC13: 198.8425 | AD13: 196.3416 | AE13: 195.5682 | AF13: 192.5737 | AG13: 195.7143 | AH13: 195.3695 | AI13: 193.0572 | AJ13: 184.4629 | AK13: 186.6683 | AL13: 187.8848 | AM13: 194.9147 | AN13: 196.8263 | AO13: 191.1061 | AP13: 186.0289 | AQ13: 186.5132 | AR13: 184.1111 | AS13: 182.9147 | AT13: 183.0845 | AU13: 176.9562 | AV13: 179.649 | AW13: 180.5772 | AX13: 181.2326 | AY13: 178.9051 | AZ13: 173.128 | BA13: 170.8535 | BB13: 165.7047 | BC13: 155.5643 | BD13: 136.1123 | BE13: 120.3943 | BF13: 128.6171 | BG13: 126.8547 | BH13: 133.3912 | BI13: 132.7449 | BJ13: 131.8908 | BK13: 122.776 | BL13: 121.8512 | BM13: 120.8642 | BN13: 118.5026 | BO13: 114.3879 | BP13: 107.1188 | BQ13: 102.732 | BR13: 101.7564 | BS13: 102.0188 | BT13: 103.6089 | BU13: 107.8756 | BV13: 110.4756 | BW13: 106.8928 | BX13: 110.7536 | BY13: 111.1424 | BZ13: 107.0615 | CA13: 114.2301 | CB13: 117.2328 | CC13: 117.9377 | CD13: 118.6066 | CE13: 117.9431 | CF13: 114.2204 | CG13: 111.6859 | CH13: 111.5421 | CI13: 115.2842 | CJ13: 119.079 | CK13: 121.5969 | CL13: 125.0902 | CM13: 128.3326 | CN13: 130.5293 | CO13: 130.5063 | CP13: 130.1062 | CQ13: 130.9976 | CR13: 141.6618 | CS13: 137.9795 | CT13: 142.916 | CU13: 143.0241 | CV13: 145.5548 | CW13: 154.8035 | CX13: 145.8177 | CY13: 135.1452 | CZ13: 129.1342 | DA13: 131.5022 | DB13: 132.2817 | DC13: 134.2784 | DD13: 131.4693 | DE13: 124.7378 | DF13: 121.1879 | DG13: 120.6969 | DH13: 118.9966 | DI13: 113.9196 | DJ13: 120.1673 | DK13: 125.4608 | DL13: 124.3752 | DM13: 113.0549 | DN13: 109.5347 | DO13: 88.5557 | DP13: 84.0312 | DQ13: 100.7583 | DR13: 104.1138 | DS13: 102.047 | DT13: 99.1777 | DU13: 93.8666 | DV13: 90.3652 | DW13: 100 | DX13: 105.0486 | DY13: 109.122 | DZ13: 117.1086 | EA13: 114.03 | EB13: 122.8246 | EC13: 120.2418 | ED13: 127.6377 | EE13: 132.4584 | EF13: 139.7158 | EG13: 155.8079 | EH13: 175.9179 | EI13: 180.4785 | EJ13: 206.5122 | EK13: 207.1484 | EL13: 211.7977 | EM13: 208.7994 | EN13: 237.8818 | EO13: 234.9485 | EP13: 237.2835 | EQ13: 247.7653 | ER13: 261.843 | ES13: 285.8165 | ET13: 263.6381 | EU13: 225.4983 | EV13: 257.572 | EW13: 221.3254 | EX13: 218.3198 | EY13: 219.5877 | EZ13: 183.9177 | FA13: 203.9196 | FB13: 195.4623 | FC13: 212.9076 | FD13: 207.0921 | FE13: 223.9204 | FF13: 199.4489 | FG13: 177.3866 | FH13: 155.133 | FI13: 171.5922 | FJ13: 165.0121 | FK13: 170.3328 | FL13: 164.8844 | FM13: 160.6749 | FN13: 163.0549 | FO13: 163.8311 | FP13: 170.7202 | FQ13: 174.8375 | FR13: 161.2044 | FS13: 161.9699
A14: <PGAI.C> | B14: 4002_10330 | C14: C | D14: =IF(LEFT($I$1,1)="1",VLOOKUP($A14,PPI_IPI_PGA_PGAI!$A:$E,2,FALSE),IF(LEFT($I$1,1)="2",VLOOKUP($A14,PPI_IPI_PGA_PGAI!$A:$E,3,FALSE),IF(LEFT($I$1,1)="3",VLOOKUP($A14,PPI_IPI_PGA_PGAI!$A:$E,4,FALSE),VLOOKUP($A14,PPI_IPI_PGA_PGAI!$A:$E,5,FALSE)))) -> Verarbeitete Produkte | E14: 90.8174 | G14: 111.8298 | H14: 111.9164 | I14: 112.5295 | J14: 113.1042 | K14: 113.3813 | L14: 113.3531 | M14: 112.7281 | N14: 111.8808 | O14: 110.6326 | P14: 110.6123 | Q14: 109.9005 | R14: 109.3252 | S14: 109.7616 | T14: 109.6251 | U14: 110.1551 | V14: 110.534 | W14: 110.4131 | X14: 110.0451 | Y14: 109.5403 | Z14: 109.1438 | AA14: 109.5886 | AB14: 109.9793 | AC14: 109.8271 | AD14: 109.4411 | AE14: 109.4988 | AF14: 109.3606 | AG14: 109.5917 | AH14: 109.5014 | AI14: 109.5226 | AJ14: 109.242 | AK14: 109.2929 | AL14: 109.2778 | AM14: 109.5749 | AN14: 109.7276 | AO14: 109.1696 | AP14: 109.1916 | AQ14: 109.2362 | AR14: 109.1857 | AS14: 108.5686 | AT14: 108.6178 | AU14: 108.4289 | AV14: 108.3636 | AW14: 108.4048 | AX14: 108.4382 | AY14: 108.2357 | AZ14: 108.2261 | BA14: 107.9446 | BB14: 107.3809 | BC14: 106.7472 | BD14: 105.872 | BE14: 104.0933 | BF14: 104.446 | BG14: 102.1824 | BH14: 101.563 | BI14: 101.5045 | BJ14: 101.1649 | BK14: 100.6289 | BL14: 100.4916 | BM14: 100.4476 | BN14: 101.0957 | BO14: 100.4161 | BP14: 99.9105 | BQ14: 99.3174 | BR14: 99.2462 | BS14: 99.5077 | BT14: 99.7675 | BU14: 100.2672 | BV14: 100.1939 | BW14: 99.8052 | BX14: 100.1573 | BY14: 100.3925 | BZ14: 100.4436 | CA14: 100.5468 | CB14: 100.923 | CC14: 100.9014 | CD14: 100.8601 | CE14: 100.6596 | CF14: 100.5465 | CG14: 100.5323 | CH14: 100.4603 | CI14: 101.0473 | CJ14: 101.5686 | CK14: 102.13 | CL14: 102.7069 | CM14: 102.8863 | CN14: 103.1202 | CO14: 103.2902 | CP14: 102.8225 | CQ14: 103.4281 | CR14: 104.1075 | CS14: 104.5129 | CT14: 104.5401 | CU14: 104.5816 | CV14: 104.5604 | CW14: 104.8568 | CX14: 104.9447 | CY14: 104.0874 | CZ14: 103.0259 | DA14: 103.4042 | DB14: 103.8022 | DC14: 103.7814 | DD14: 103.9449 | DE14: 103.3572 | DF14: 103.4091 | DG14: 103.1475 | DH14: 102.8271 | DI14: 102.8277 | DJ14: 102.4197 | DK14: 102.4318 | DL14: 102.4174 | DM14: 101.5341 | DN14: 100.9808 | DO14: 99.4928 | DP14: 99.0506 | DQ14: 99.5837 | DR14: 99.8309 | DS14: 99.5673 | DT14: 99.6319 | DU14: 99.6343 | DV14: 99.4555 | DW14: 100 | DX14: 100.2437 | DY14: 100.5831 | DZ14: 101.2138 | EA14: 101.9996 | EB14: 102.8655 | EC14: 103.2707 | ED14: 103.897 | EE14: 104.47 | EF14: 104.6012 | EG14: 105.3557 | EH14: 105.8986 | EI14: 105.5837 | EJ14: 105.7917 | EK14: 106.6895 | EL14: 107.882 | EM14: 109.8941 | EN14: 111.1757 | EO14: 111.944 | EP14: 111.8098 | EQ14: 111.2942 | ER14: 111.3264 | ES14: 110.8458 | ET14: 110.8603 | EU14: 110.2311 | EV14: 110.2488 | EW14: 110.2106 | EX14: 110.5078 | EY14: 110.6048 | EZ14: 109.8661 | FA14: 109.78 | FB14: 109.8015 | FC14: 109.7515 | FD14: 109.6969 | FE14: 109.7686 | FF14: 109.1743 | FG14: 108.5156 | FH14: 107.8161 | FI14: 107.7702 | FJ14: 107.9719 | FK14: 108.4792 | FL14: 108.4614 | FM14: 108.362 | FN14: 108.5147 | FO14: 108.0229 | FP14: 107.6824 | FQ14: 107.2905 | FR14: 107.1441 | FS14: 107.0802
A15: <PGAI.10> | B15: 4002_10001 | C15: 10 | D15: =IF(LEFT($I$1,1)="1",VLOOKUP($A15,PPI_IPI_PGA_PGAI!$A:$E,2,FALSE),IF(LEFT($I$1,1)="2",VLOOKUP($A15,PPI_IPI_PGA_PGAI!$A:$E,3,FALSE),IF(LEFT($I$1,1)="3",VLOOKUP($A15,PPI_IPI_PGA_PGAI!$A:$E,4,FALSE),VLOOKUP($A15,PPI_IPI_PGA_PGAI!$A:$E,5,FALSE)))) -> Nahrungs- und Futtermittel | E15: 9.6545 | G15: 99.6453 | H15: 99.8205 | I15: 99.6832 | J15: 99.8479 | K15: 100.4165 | L15: 100.3424 | M15: 100.4069 | N15: 99.586 | O15: 99.3693 | P15: 98.9897 | Q15: 98.8348 | R15: 98.7197 | S15: 98.9151 | T15: 98.4312 | U15: 98.355 | V15: 98.3241 | W15: 98.6414 | X15: 98.7919 | Y15: 99.0221 | Z15: 98.763 | AA15: 98.5567 | AB15: 98.6238 | AC15: 98.8462 | AD15: 98.9315 | AE15: 99.3995 | AF15: 99.202 | AG15: 99.4305 | AH15: 99.6861 | AI15: 99.8161 | AJ15: 99.7548 | AK15: 99.8196 | AL15: 99.7989 | AM15: 99.8595 | AN15: 99.9399 | AO15: 100.222 | AP15: 100.0385 | AQ15: 100.1299 | AR15: 100.1861 | AS15: 100.1184 | AT15: 100.3207 | AU15: 101.0392 | AV15: 101.0661 | AW15: 100.9555 | AX15: 101.0542 | AY15: 100.8298 | AZ15: 100.572 | BA15: 100.2116 | BB15: 99.6361 | BC15: 99.5621 | BD15: 99.2132 | BE15: 98.5977 | BF15: 98.7619 | BG15: 97.8262 | BH15: 97.7956 | BI15: 97.8943 | BJ15: 97.9776 | BK15: 97.9196 | BL15: 97.8175 | BM15: 97.9671 | BN15: 98.0263 | BO15: 98.1931 | BP15: 98.1074 | BQ15: 97.8513 | BR15: 97.3791 | BS15: 97.8045 | BT15: 98.1533 | BU15: 98.3096 | BV15: 98.648 | BW15: 98.275 | BX15: 98.0702 | BY15: 98.1012 | BZ15: 98.0478 | CA15: 97.8235 | CB15: 97.6632 | CC15: 97.5801 | CD15: 97.4296 | CE15: 97.6966 | CF15: 97.7893 | CG15: 97.985 | CH15: 98.0414 | CI15: 97.6621 | CJ15: 97.9433 | CK15: 97.9821 | CL15: 98.0123 | CM15: 98.643 | CN15: 98.3874 | CO15: 98.1966 | CP15: 98.2917 | CQ15: 98.4697 | CR15: 98.9722 | CS15: 99.1889 | CT15: 99.2119 | CU15: 98.7723 | CV15: 98.5336 | CW15: 98.684 | CX15: 98.8012 | CY15: 98.7655 | CZ15: 98.7965 | DA15: 99.181 | DB15: 99.1022 | DC15: 99.3186 | DD15: 99.417 | DE15: 99.324 | DF15: 99.2631 | DG15: 99.2478 | DH15: 98.931 | DI15: 99.0609 | DJ15: 99.1527 | DK15: 99.5827 | DL15: 99.4858 | DM15: 99.6319 | DN15: 99.2068 | DO15: 99.1041 | DP15: 99.2187 | DQ15: 99.481 | DR15: 99.6078 | DS15: 99.735 | DT15: 100.0528 | DU15: 100.1477 | DV15: 100.1383 | DW15: 100 | DX15: 99.829 | DY15: 99.4003 | DZ15: 99.8599 | EA15: 100.498 | EB15: 100.7268 | EC15: 101.0961 | ED15: 100.9498 | EE15: 100.6091 | EF15: 100.7685 | EG15: 100.934 | EH15: 100.9602 | EI15: 101.093 | EJ15: 101.2905 | EK15: 101.0988 | EL15: 102.1998 | EM15: 102.8735 | EN15: 103.3718 | EO15: 104.4171 | EP15: 104.2252 | EQ15: 103.6539 | ER15: 104.3345 | ES15: 104.2652 | ET15: 104.3626 | EU15: 104.9257 | EV15: 104.9362 | EW15: 104.7915 | EX15: 107.3181 | EY15: 107.3994 | EZ15: 107.3043 | FA15: 107.203 | FB15: 107.3469 | FC15: 107.2565 | FD15: 107.123 | FE15: 107.278 | FF15: 107.3354 | FG15: 107.4714 | FH15: 107.3661 | FI15: 107.658 | FJ15: 107.6505 | FK15: 108.2982 | FL15: 108.5192 | FM15: 108.8148 | FN15: 108.805 | FO15: 108.7762 | FP15: 109.4152 | FQ15: 109.3383 | FR15: 109.6616 | FS15: 110.3481
A16: <PGAI.11> | B16: 4002_11001 | C16: 11 | D16: =IF(LEFT($I$1,1)="1",VLOOKUP($A16,PPI_IPI_PGA_PGAI!$A:$E,2,FALSE),IF(LEFT($I$1,1)="2",VLOOKUP($A16,PPI_IPI_PGA_PGAI!$A:$E,3,FALSE),IF(LEFT($I$1,1)="3",VLOOKUP($A16,PPI_IPI_PGA_PGAI!$A:$E,4,FALSE),VLOOKUP($A16,PPI_IPI_PGA_PGAI!$A:$E,5,FALSE)))) -> Getränke | E16: 1.127 | G16: 98.4705 | H16: 98.5394 | I16: 98.5394 | J16: 98.5394 | K16: 98.3276 | L16: 98.3276 | M16: 98.3276 | N16: 98.1962 | O16: 98.1962 | P16: 98.1962 | Q16: 98.0034 | R16: 98.0034 | S16: 98.0034 | T16: 97.61 | U16: 97.61 | V16: 97.61 | W16: 97.2748 | X16: 97.2748 | Y16: 97.2748 | Z16: 96.8098 | AA16: 96.8098 | AB16: 96.8098 | AC16: 97.0748 | AD16: 97.0748 | AE16: 97.0748 | AF16: 96.7786 | AG16: 96.7786 | AH16: 96.7786 | AI16: 97.6259 | AJ16: 97.6259 | AK16: 97.6259 | AL16: 97.6043 | AM16: 97.6043 | AN16: 97.6043 | AO16: 97.826 | AP16: 97.826 | AQ16: 97.826 | AR16: 98.11 | AS16: 98.11 | AT16: 98.11 | AU16: 98.3569 | AV16: 98.3569 | AW16: 98.3569 | AX16: 98.6356 | AY16: 98.6356 | AZ16: 98.6356 | BA16: 98.5686 | BB16: 98.5686 | BC16: 98.5686 | BD16: 98.3995 | BE16: 98.3995 | BF16: 98.3995 | BG16: 96.4177 | BH16: 96.4177 | BI16: 96.4177 | BJ16: 96.4538 | BK16: 96.4538 | BL16: 96.4538 | BM16: 96.4999 | BN16: 96.4999 | BO16: 96.4999 | BP16: 96.4999 | BQ16: 96.4999 | BR16: 96.4759 | BS16: 96.4759 | BT16: 96.4759 | BU16: 97.0458 | BV16: 97.0458 | BW16: 97.0458 | BX16: 96.9906 | BY16: 96.9906 | BZ16: 96.9906 | CA16: 96.6706 | CB16: 96.6706 | CC16: 96.6706 | CD16: 97.0911 | CE16: 97.0911 | CF16: 97.0911 | CG16: 97.1172 | CH16: 97.1172 | CI16: 97.1172 | CJ16: 97.5579 | CK16: 97.5579 | CL16: 97.5579 | CM16: 97.5109 | CN16: 97.5109 | CO16: 97.5109 | CP16: 97.4972 | CQ16: 97.4972 | CR16: 97.4972 | CS16: 99.3387 | CT16: 99.3387 | CU16: 99.3387 | CV16: 99.6093 | CW16: 99.6093 | CX16: 99.6093 | CY16: 99.8365 | CZ16: 99.8365 | DA16: 99.8365 | DB16: 100.5343 | DC16: 100.5343 | DD16: 100.5343 | DE16: 100.97 | DF16: 100.97 | DG16: 100.97 | DH16: 101.1953 | DI16: 101.1953 | DJ16: 101.1953 | DK16: 101.3909 | DL16: 101.3909 | DM16: 101.3909 | DN16: 101.2291 | DO16: 101.2291 | DP16: 101.2291 | DQ16: 100.2623 | DR16: 100.2623 | DS16: 100.2623 | DT16: 100.2294 | DU16: 100.2294 | DV16: 100.2294 | DW16: 100 | DX16: 100 | DY16: 100 | DZ16: 100.0498 | EA16: 100.0498 | EB16: 100.0498 | EC16: 100.5703 | ED16: 100.5703 | EE16: 100.5703 | EF16: 100.2742 | EG16: 100.2742 | EH16: 100.2742 | EI16: 100.307 | EJ16: 100.307 | EK16: 100.307 | EL16: 100.4357 | EM16: 100.4357 | EN16: 100.4357 | EO16: 101.6793 | EP16: 101.6793 | EQ16: 101.6793 | ER16: 102.1212 | ES16: 102.1212 | ET16: 102.1212 | EU16: 102.6945 | EV16: 102.6945 | EW16: 102.6945 | EX16: 103.8712 | EY16: 103.8712 | EZ16: 103.8712 | FA16: 104.8438 | FB16: 104.8438 | FC16: 104.8438 | FD16: 105.0526 | FE16: 105.0526 | FF16: 105.0526 | FG16: 105.0526 | FH16: 105.0526 | FI16: 105.0526 | FJ16: 104.8177 | FK16: 104.8177 | FL16: 104.8177 | FM16: 106.1393 | FN16: 106.1393 | FO16: 106.1393 | FP16: 105.9692 | FQ16: 105.9692 | FR16: 105.9692 | FS16: 105.9009
A17: <PGAI.12> | B17: 4002_12001 | C17: 12 | D17: =IF(LEFT($I$1,1)="1",VLOOKUP($A17,PPI_IPI_PGA_PGAI!$A:$E,2,FALSE),IF(LEFT($I$1,1)="2",VLOOKUP($A17,PPI_IPI_PGA_PGAI!$A:$E,3,FALSE),IF(LEFT($I$1,1)="3",VLOOKUP($A17,PPI_IPI_PGA_PGAI!$A:$E,4,FALSE),VLOOKUP($A17,PPI_IPI_PGA_PGAI!$A:$E,5,FALSE)))) -> Tabakprodukte | E17: 0.2732 | G17: 66.1389 | H17: 67.2696 | I17: 67.2696 | J17: 67.2696 | K17: 67.2696 | L17: 67.2696 | M17: 67.2696 | N17: 71.6267 | O17: 71.6267 | P17: 71.6267 | Q17: 71.6267 | R17: 71.6267 | S17: 71.6267 | T17: 72.6422 | U17: 72.6422 | V17: 72.6422 | W17: 76.2517 | X17: 76.2517 | Y17: 76.2517 | Z17: 76.7311 | AA17: 76.7311 | AB17: 76.7311 | AC17: 78.7448 | AD17: 78.7448 | AE17: 78.7448 | AF17: 78.9108 | AG17: 78.9108 | AH17: 78.9108 | AI17: 83.7555 | AJ17: 83.7555 | AK17: 83.7555 | AL17: 84.187 | AM17: 84.187 | AN17: 84.187 | AO17: 84.187 | AP17: 84.187 | AQ17: 84.187 | AR17: 84.187 | AS17: 84.187 | AT17: 84.187 | AU17: 88.6336 | AV17: 88.6336 | AW17: 88.6336 | AX17: 88.6336 | AY17: 88.6336 | AZ17: 88.6336 | BA17: 89.16 | BB17: 89.16 | BC17: 89.16 | BD17: 90.2433 | BE17: 90.2433 | BF17: 90.2433 | BG17: 91.6995 | BH17: 91.6995 | BI17: 91.6995 | BJ17: 91.6995 | BK17: 91.6995 | BL17: 91.6995 | BM17: 91.6995 | BN17: 91.6995 | BO17: 91.6995 | BP17: 91.6995 | BQ17: 91.6995 | BR17: 93.3379 | BS17: 93.3379 | BT17: 93.3379 | BU17: 92.7402 | BV17: 92.7402 | BW17: 92.7402 | BX17: 92.2308 | BY17: 92.2308 | BZ17: 92.2308 | CA17: 92.622 | CB17: 92.622 | CC17: 92.622 | CD17: 92.0346 | CE17: 92.0346 | CF17: 92.0346 | CG17: 92.4569 | CH17: 92.4569 | CI17: 92.4569 | CJ17: 93.3372 | CK17: 93.3372 | CL17: 93.3372 | CM17: 95.4669 | CN17: 95.4669 | CO17: 95.4669 | CP17: 96.0189 | CQ17: 96.0189 | CR17: 96.0189 | CS17: 96.1429 | CT17: 96.1429 | CU17: 96.1429 | CV17: 97.374 | CW17: 97.374 | CX17: 97.374 | CY17: 97.4132 | CZ17: 97.4132 | DA17: 97.4132 | DB17: 97.4312 | DC17: 97.4312 | DD17: 97.4312 | DE17: 97.7461 | DF17: 97.7461 | DG17: 97.7461 | DH17: 97.5163 | DI17: 97.5163 | DJ17: 97.5163 | DK17: 98.1256 | DL17: 98.1256 | DM17: 98.1256 | DN17: 97.998 | DO17: 97.998 | DP17: 97.998 | DQ17: 100.9058 | DR17: 100.9058 | DS17: 100.9058 | DT17: 100.4706 | DU17: 100.4706 | DV17: 100.4706 | DW17: 100 | DX17: 100 | DY17: 100 | DZ17: 100.7594 | EA17: 100.7594 | EB17: 100.7594 | EC17: 102.7393 | ED17: 102.7393 | EE17: 102.7393 | EF17: 102.8447 | EG17: 102.8447 | EH17: 102.8447 | EI17: 103.2398 | EJ17: 103.2398 | EK17: 103.2398 | EL17: 103.1882 | EM17: 103.1882 | EN17: 103.1882 | EO17: 105.0718 | EP17: 105.0718 | EQ17: 105.0718 | ER17: 104.9735 | ES17: 104.9735 | ET17: 104.9735 | EU17: 104.5822 | EV17: 104.5822 | EW17: 104.5822 | EX17: 106.0521 | EY17: 106.0521 | EZ17: 106.0521 | FA17: 105.5677 | FB17: 105.5677 | FC17: 105.5677 | FD17: 105.2166 | FE17: 105.2166 | FF17: 105.2166 | FG17: 106.0918 | FH17: 106.0918 | FI17: 106.0918 | FJ17: 104.9726 | FK17: 104.9726 | FL17: 104.9726 | FM17: 108.8351 | FN17: 108.8351 | FO17: 108.8351 | FP17: 107.8092 | FQ17: 107.8092 | FR17: 107.8092 | FS17: 109.1589
A18: <PGAI.13> | B18: 4002_13001 | C18: 13 | D18: =IF(LEFT($I$1,1)="1",VLOOKUP($A18,PPI_IPI_PGA_PGAI!$A:$E,2,FALSE),IF(LEFT($I$1,1)="2",VLOOKUP($A18,PPI_IPI_PGA_PGAI!$A:$E,3,FALSE),IF(LEFT($I$1,1)="3",VLOOKUP($A18,PPI_IPI_PGA_PGAI!$A:$E,4,FALSE),VLOOKUP($A18,PPI_IPI_PGA_PGAI!$A:$E,5,FALSE)))) -> Textilien | E18: 0.8184 | G18: 102.4533 | H18: 102.4533 | I18: 102.4533 | J18: 106.3278 | K18: 106.3278 | L18: 106.3278 | M18: 103.4628 | N18: 103.4628 | O18: 103.4628 | P18: 100.1636 | Q18: 100.1636 | R18: 100.1636 | S18: 100.6733 | T18: 100.6733 | U18: 100.6733 | V18: 100.2081 | W18: 100.2081 | X18: 100.2081 | Y18: 100.1905 | Z18: 100.1905 | AA18: 100.1905 | AB18: 100.1288 | AC18: 100.1288 | AD18: 100.1288 | AE18: 99.5976 | AF18: 99.5976 | AG18: 99.5976 | AH18: 101.6783 | AI18: 101.6783 | AJ18: 101.6783 | AK18: 102.1207 | AL18: 102.1207 | AM18: 102.1207 | AN18: 100.9944 | AO18: 100.9944 | AP18: 100.9944 | AQ18: 101.0654 | AR18: 101.0654 | AS18: 101.0654 | AT18: 100.7713 | AU18: 100.7713 | AV18: 100.7713 | AW18: 101.7323 | AX18: 101.7323 | AY18: 101.7323 | AZ18: 101.7705 | BA18: 101.7705 | BB18: 101.7705 | BC18: 102.082 | BD18: 102.082 | BE18: 102.082 | BF18: 98.6422 | BG18: 98.6422 | BH18: 98.6422 | BI18: 97.3005 | BJ18: 97.3005 | BK18: 97.3005 | BL18: 98.5397 | BM18: 98.5397 | BN18: 98.5397 | BO18: 99.6292 | BP18: 99.6292 | BQ18: 99.6292 | BR18: 99.501 | BS18: 99.501 | BT18: 99.501 | BU18: 99.8732 | BV18: 99.8732 | BW18: 99.8732 | BX18: 99.2707 | BY18: 99.2707 | BZ18: 99.2707 | CA18: 98.1412 | CB18: 98.1412 | CC18: 98.1412 | CD18: 96.9506 | CE18: 96.9506 | CF18: 96.9506 | CG18: 98.262 | CH18: 98.262 | CI18: 98.262 | CJ18: 101.0403 | CK18: 101.0403 | CL18: 101.0403 | CM18: 102.6304 | CN18: 102.6304 | CO18: 102.6304 | CP18: 102.5671 | CQ18: 102.5671 | CR18: 102.5671 | CS18: 102.8805 | CT18: 102.8805 | CU18: 102.8805 | CV18: 101.6984 | CW18: 101.6984 | CX18: 101.6984 | CY18: 102.1982 | CZ18: 102.1982 | DA18: 102.1982 | DB18: 102.8734 | DC18: 102.8734 | DD18: 102.8734 | DE18: 101.9676 | DF18: 101.9676 | DG18: 101.9676 | DH18: 100.9506 | DI18: 100.9506 | DJ18: 100.9506 | DK18: 101.4521 | DL18: 101.4521 | DM18: 101.4521 | DN18: 99.5285 | DO18: 99.5285 | DP18: 99.5285 | DQ18: 99.7533 | DR18: 99.7533 | DS18: 99.7533 | DT18: 99.7974 | DU18: 99.7974 | DV18: 99.7974 | DW18: 100 | DX18: 100 | DY18: 100 | DZ18: 100.993 | EA18: 100.993 | EB18: 100.993 | EC18: 101.9003 | ED18: 101.9003 | EE18: 101.9003 | EF18: 102.3491 | EG18: 102.3491 | EH18: 102.3491 | EI18: 102.7302 | EJ18: 102.7302 | EK18: 102.7302 | EL18: 105.8499 | EM18: 105.8499 | EN18: 105.8499 | EO18: 107.8415 | EP18: 107.8415 | EQ18: 107.8415 | ER18: 108.0884 | ES18: 108.0884 | ET18: 108.0884 | EU18: 108.4812 | EV18: 108.4812 | EW18: 108.4812 | EX18: 109.9756 | EY18: 109.9756 | EZ18: 109.9756 | FA18: 108.4643 | FB18: 108.4643 | FC18: 108.4643 | FD18: 108.183 | FE18: 108.183 | FF18: 108.183 | FG18: 107.5082 | FH18: 107.5082 | FI18: 107.5082 | FJ18: 108.0609 | FK18: 108.0609 | FL18: 108.0609 | FM18: 108.7153 | FN18: 108.7153 | FO18: 108.7153 | FP18: 107.3568 | FQ18: 107.3568 | FR18: 107.3568 | FS18: 107.243
A19: <PGAI.14> | B19: 4002_14001 | C19: 14 | D19: =IF(LEFT($I$1,1)="1",VLOOKUP($A19,PPI_IPI_PGA_PGAI!$A:$E,2,FALSE),IF(LEFT($I$1,1)="2",VLOOKUP($A19,PPI_IPI_PGA_PGAI!$A:$E,3,FALSE),IF(LEFT($I$1,1)="3",VLOOKUP($A19,PPI_IPI_PGA_PGAI!$A:$E,4,FALSE),VLOOKUP($A19,PPI_IPI_PGA_PGAI!$A:$E,5,FALSE)))) -> Bekleidung | E19: 2.1653 | G19: 104.4562 | H19: 104.4562 | I19: 104.4562 | J19: 105.7647 | K19: 105.7647 | L19: 105.7647 | M19: 105.7647 | N19: 105.7647 | O19: 105.7647 | P19: 101.6183 | Q19: 101.6183 | R19: 101.6183 | S19: 101.6183 | T19: 101.6183 | U19: 101.6183 | V19: 105.3096 | W19: 105.3096 | X19: 105.3096 | Y19: 105.3096 | Z19: 105.3096 | AA19: 105.3096 | AB19: 103.885 | AC19: 103.885 | AD19: 103.885 | AE19: 103.885 | AF19: 103.885 | AG19: 103.885 | AH19: 104.223 | AI19: 104.223 | AJ19: 104.223 | AK19: 104.223 | AL19: 104.223 | AM19: 104.223 | AN19: 104.1908 | AO19: 104.1908 | AP19: 104.1908 | AQ19: 104.1908 | AR19: 104.1908 | AS19: 104.1908 | AT19: 103.7727 | AU19: 103.7727 | AV19: 103.7727 | AW19: 103.7727 | AX19: 103.7727 | AY19: 103.7727 | AZ19: 103.947 | BA19: 103.947 | BB19: 103.947 | BC19: 103.947 | BD19: 103.947 | BE19: 103.947 | BF19: 98.7463 | BG19: 98.7463 | BH19: 98.7463 | BI19: 98.7463 | BJ19: 98.7463 | BK19: 98.7463 | BL19: 98.6651 | BM19: 98.6651 | BN19: 98.6651 | BO19: 98.6651 | BP19: 98.6651 | BQ19: 98.6651 | BR19: 99.1158 | BS19: 99.1158 | BT19: 99.1158 | BU19: 99.1158 | BV19: 99.1158 | BW19: 99.1158 | BX19: 99.7456 | BY19: 99.7456 | BZ19: 99.7456 | CA19: 99.7456 | CB19: 99.7456 | CC19: 99.7456 | CD19: 99.4427 | CE19: 99.4427 | CF19: 99.4427 | CG19: 99.4427 | CH19: 99.4427 | CI19: 99.4427 | CJ19: 101.1613 | CK19: 101.1613 | CL19: 101.1613 | CM19: 101.1613 | CN19: 101.1613 | CO19: 101.1613 | CP19: 101.6167 | CQ19: 101.6167 | CR19: 101.6167 | CS19: 101.6167 | CT19: 101.6167 | CU19: 101.6167 | CV19: 101.9403 | CW19: 101.9403 | CX19: 101.9403 | CY19: 101.9403 | CZ19: 101.9403 | DA19: 101.9403 | DB19: 103.391 | DC19: 103.391 | DD19: 103.391 | DE19: 103.391 | DF19: 103.391 | DG19: 103.391 | DH19: 100.9917 | DI19: 100.9917 | DJ19: 100.9917 | DK19: 100.9917 | DL19: 100.9917 | DM19: 100.9917 | DN19: 99.2903 | DO19: 99.2903 | DP19: 99.2903 | DQ19: 99.2903 | DR19: 99.2903 | DS19: 99.2903 | DT19: 100 | DU19: 100 | DV19: 100 | DW19: 100 | DX19: 100 | DY19: 100 | DZ19: 99.9223 | EA19: 99.9223 | EB19: 99.9223 | EC19: 99.9223 | ED19: 99.9223 | EE19: 99.9223 | EF19: 100.0768 | EG19: 100.0768 | EH19: 100.0768 | EI19: 100.0768 | EJ19: 100.0768 | EK19: 100.0768 | EL19: 100.3321 | EM19: 100.3321 | EN19: 100.3321 | EO19: 100.3321 | EP19: 100.3321 | EQ19: 100.3321 | ER19: 101.121 | ES19: 101.121 | ET19: 101.121 | EU19: 101.121 | EV19: 101.121 | EW19: 101.121 | EX19: 101.6993 | EY19: 101.6993 | EZ19: 101.6993 | FA19: 101.6993 | FB19: 101.6993 | FC19: 101.6993 | FD19: 99.9099 | FE19: 99.9099 | FF19: 99.9099 | FG19: 99.9099 | FH19: 99.9099 | FI19: 99.9099 | FJ19: 102.281 | FK19: 102.281 | FL19: 102.281 | FM19: 102.281 | FN19: 102.281 | FO19: 102.281 | FP19: 101.4167 | FQ19: 101.4167 | FR19: 101.4167 | FS19: 101.4167
A20: <PGAI.15> | B20: 4002_15001 | C20: 15 | D20: =IF(LEFT($I$1,1)="1",VLOOKUP($A20,PPI_IPI_PGA_PGAI!$A:$E,2,FALSE),IF(LEFT($I$1,1)="2",VLOOKUP($A20,PPI_IPI_PGA_PGAI!$A:$E,3,FALSE),IF(LEFT($I$1,1)="3",VLOOKUP($A20,PPI_IPI_PGA_PGAI!$A:$E,4,FALSE),VLOOKUP($A20,PPI_IPI_PGA_PGAI!$A:$E,5,FALSE)))) -> Leder, Lederwaren und Schuhe | E20: 1.073 | G20: 96.5244 | H20: 96.5244 | I20: 96.5244 | J20: 95.7817 | K20: 95.7817 | L20: 95.7817 | M20: 93.7527 | N20: 93.7527 | O20: 93.7527 | P20: 92.9358 | Q20: 92.9358 | R20: 92.9358 | S20: 96.4235 | T20: 96.4235 | U20: 96.4235 | V20: 96.2468 | W20: 96.2468 | X20: 96.2468 | Y20: 96.5088 | Z20: 96.5088 | AA20: 96.5088 | AB20: 97.6784 | AC20: 97.6784 | AD20: 97.6784 | AE20: 98 | AF20: 98 | AG20: 98 | AH20: 98.5949 | AI20: 98.5949 | AJ20: 98.5949 | AK20: 99.2681 | AL20: 99.2681 | AM20: 99.2681 | AN20: 99.2544 | AO20: 99.2544 | AP20: 99.2544 | AQ20: 99.8373 | AR20: 99.8373 | AS20: 99.8373 | AT20: 98.659 | AU20: 98.659 | AV20: 98.659 | AW20: 98.8072 | AX20: 98.8072 | AY20: 98.8072 | AZ20: 98.9397 | BA20: 98.9397 | BB20: 98.9397 | BC20: 99.0721 | BD20: 99.0721 | BE20: 99.0721 | BF20: 94.5359 | BG20: 94.5359 | BH20: 94.5359 | BI20: 93.4217 | BJ20: 93.4217 | BK20: 93.4217 | BL20: 94.7273 | BM20: 94.7273 | BN20: 94.7273 | BO20: 95.4844 | BP20: 95.4844 | BQ20: 95.4844 | BR20: 96.3149 | BS20: 96.3149 | BT20: 96.3149 | BU20: 96.8599 | BV20: 96.8599 | BW20: 96.8599 | BX20: 95.8544 | BY20: 95.8544 | BZ20: 95.8544 | CA20: 95.7569 | CB20: 95.7569 | CC20: 95.7569 | CD20: 95.8313 | CE20: 95.8313 | CF20: 95.8313 | CG20: 95.5917 | CH20: 95.5917 | CI20: 95.5917 | CJ20: 97.5904 | CK20: 97.5904 | CL20: 97.5904 | CM20: 99.6855 | CN20: 99.6855 | CO20: 99.6855 | CP20: 99.8949 | CQ20: 99.8949 | CR20: 99.8949 | CS20: 100.9197 | CT20: 100.9197 | CU20: 100.9197 | CV20: 101.357 | CW20: 101.357 | CX20: 101.357 | CY20: 101.369 | CZ20: 101.369 | DA20: 101.369 | DB20: 102.0096 | DC20: 102.0096 | DD20: 102.0096 | DE20: 101.7896 | DF20: 101.7896 | DG20: 101.7896 | DH20: 101.0435 | DI20: 101.0435 | DJ20: 101.0435 | DK20: 101.9896 | DL20: 101.9896 | DM20: 101.9896 | DN20: 100.8357 | DO20: 100.8357 | DP20: 100.8357 | DQ20: 101.3127 | DR20: 101.3127 | DS20: 101.3127 | DT20: 99.7617 | DU20: 99.7617 | DV20: 99.7617 | DW20: 100 | DX20: 100 | DY20: 100 | DZ20: 101.7381 | EA20: 101.7381 | EB20: 101.7381 | EC20: 101.614 | ED20: 101.614 | EE20: 101.614 | EF20: 101.8382 | EG20: 101.8382 | EH20: 101.8382 | EI20: 101.9704 | EJ20: 101.9704 | EK20: 101.9704 | EL20: 102.974 | EM20: 102.974 | EN20: 102.974 | EO20: 104.1637 | EP20: 104.1637 | EQ20: 104.1637 | ER20: 103.8375 | ES20: 103.8375 | ET20: 103.8375 | EU20: 105.363 | EV20: 105.363 | EW20: 105.363 | EX20: 107.6501 | EY20: 107.6501 | EZ20: 107.6501 | FA20: 107.371 | FB20: 107.371 | FC20: 107.371 | FD20: 105.5699 | FE20: 105.5699 | FF20: 105.5699 | FG20: 105.6162 | FH20: 105.6162 | FI20: 105.6162 | FJ20: 107.622 | FK20: 107.622 | FL20: 107.622 | FM20: 109.0913 | FN20: 109.0913 | FO20: 109.0913 | FP20: 106.9716 | FQ20: 106.9716 | FR20: 106.9716 | FS20: 108.3045
A21: <PGAI.16> | B21: 4002_16001 | C21: 16 | D21: =IF(LEFT($I$1,1)="1",VLOOKUP($A21,PPI_IPI_PGA_PGAI!$A:$E,2,FALSE),IF(LEFT($I$1,1)="2",VLOOKUP($A21,PPI_IPI_PGA_PGAI!$A:$E,3,FALSE),IF(LEFT($I$1,1)="3",VLOOKUP($A21,PPI_IPI_PGA_PGAI!$A:$E,4,FALSE),VLOOKUP($A21,PPI_IPI_PGA_PGAI!$A:$E,5,FALSE)))) -> Holzprodukte | E21: 2.9561 | G21: 97.9526 | H21: 97.9526 | I21: 98.0269 | J21: 98.0269 | K21: 97.9751 | L21: 97.9596 | M21: 98.056 | N21: 98.056 | O21: 97.5373 | P21: 97.5373 | Q21: 97.4896 | R21: 97.5219 | S21: 99.2736 | T21: 99.2736 | U21: 99.2914 | V21: 99.2914 | W21: 99.2592 | X21: 99.2163 | Y21: 98.4589 | Z21: 98.4589 | AA21: 98.225 | AB21: 98.225 | AC21: 98.2508 | AD21: 98.2698 | AE21: 98.8564 | AF21: 98.8564 | AG21: 98.8953 | AH21: 98.8953 | AI21: 98.8083 | AJ21: 98.7853 | AK21: 98.5958 | AL21: 98.5958 | AM21: 98.6471 | AN21: 98.6471 | AO21: 98.7389 | AP21: 98.7092 | AQ21: 99.1534 | AR21: 99.1534 | AS21: 99.2284 | AT21: 99.2284 | AU21: 99.1996 | AV21: 99.2139 | AW21: 98.6321 | AX21: 98.6321 | AY21: 98.6919 | AZ21: 98.6919 | BA21: 98.5381 | BB21: 98.443 | BC21: 98.313 | BD21: 98.313 | BE21: 97.7683 | BF21: 97.7683 | BG21: 97.5882 | BH21: 97.2089 | BI21: 96.6551 | BJ21: 96.6551 | BK21: 96.6614 | BL21: 96.6614 | BM21: 96.6603 | BN21: 96.7497 | BO21: 95.3621 | BP21: 95.3621 | BQ21: 95.4446 | BR21: 95.4446 | BS21: 95.4751 | BT21: 95.3577 | BU21: 96.4165 | BV21: 96.4165 | BW21: 96.3185 | BX21: 96.3185 | BY21: 96.3144 | BZ21: 96.4255 | CA21: 96.3922 | CB21: 96.3922 | CC21: 96.4025 | CD21: 96.4025 | CE21: 96.4026 | CF21: 96.4291 | CG21: 94.3068 | CH21: 94.3068 | CI21: 94.9265 | CJ21: 94.9265 | CK21: 94.9641 | CL21: 95.3976 | CM21: 96.2264 | CN21: 96.2264 | CO21: 96.398 | CP21: 96.398 | CQ21: 96.4345 | CR21: 96.8181 | CS21: 99.5395 | CT21: 99.5395 | CU21: 99.5152 | CV21: 99.5152 | CW21: 99.4961 | CX21: 99.377 | CY21: 100.2226 | CZ21: 100.2226 | DA21: 100.2479 | DB21: 100.2479 | DC21: 100.2267 | DD21: 100.2069 | DE21: 100.4721 | DF21: 100.4721 | DG21: 100.0022 | DH21: 100.0022 | DI21: 100.0073 | DJ21: 99.8936 | DK21: 99.9422 | DL21: 99.9422 | DM21: 99.4976 | DN21: 99.4976 | DO21: 99.4874 | DP21: 99.4354 | DQ21: 99.3047 | DR21: 99.3047 | DS21: 99.3589 | DT21: 99.3589 | DU21: 99.3554 | DV21: 99.3287 | DW21: 100 | DX21: 100 | DY21: 100.5421 | DZ21: 100.5421 | EA21: 100.7089 | EB21: 101.6904 | EC21: 102.7917 | ED21: 102.7917 | EE21: 106.0081 | EF21: 106.0081 | EG21: 106.9329 | EH21: 107.2792 | EI21: 110.6384 | EJ21: 110.6384 | EK21: 111.5983 | EL21: 111.5983 | EM21: 111.5968 | EN21: 113.5192 | EO21: 118.6974 | EP21: 118.6974 | EQ21: 118.548 | ER21: 118.548 | ES21: 118.5882 | ET21: 118.4212 | EU21: 120.0017 | EV21: 120.0017 | EW21: 119.7799 | EX21: 119.7799 | EY21: 119.0596 | EZ21: 118.5929 | FA21: 122.6875 | FB21: 122.6875 | FC21: 121.7414 | FD21: 121.7414 | FE21: 121.5155 | FF21: 120.9402 | FG21: 122.0774 | FH21: 122.0774 | FI21: 121.1157 | FJ21: 121.1157 | FK21: 121.1735 | FL21: 121.4624 | FM21: 121.872 | FN21: 121.872 | FO21: 121.6669 | FP21: 121.6669 | FQ21: 121.6123 | FR21: 121.4138 | FS21: 121.5117
... A34: <PGAI.29> | B34: 4002_29001 | C34: 29 | D34: =IF(LEFT($I$1,1)="1",VLOOKUP($A34,PPI_IPI_PGA_PGAI!$A:$E,2,FALSE),IF(LEFT($I$1,1)="2",VLOOKUP($A34,PPI_IPI_PGA_PGAI!$A:$E,3,FALSE),IF(LEFT($I$1,1)="3",VLOOKUP($A34,PPI_IPI_PGA_PGAI!$A:$E,4,FALSE),VLOOKUP($A34,PPI_IPI_PGA_PGAI!$A:$E,5,FALSE)))) -> Automobile und Automobilteile | E34: 4.24 | G34: 115.2072 | H34: 114.955 | I34: 114.955 | J34: 114.955 | K34: 115.4882 | L34: 115.4882 | M34: 115.4882 | N34: 114.525 | O34: 114.525 | P34: 114.525 | Q34: 111.1193 | R34: 111.1193 | S34: 111.1193 | T34: 111.6914 | U34: 111.6914 | V34: 111.6914 | W34: 110.117 | X34: 110.117 | Y34: 110.117 | Z34: 109.6303 | AA34: 109.6303 | AB34: 109.6303 | AC34: 108.4054 | AD34: 108.4054 | AE34: 108.4054 | AF34: 107.3196 | AG34: 107.3196 | AH34: 107.3196 | AI34: 105.9969 | AJ34: 105.9969 | AK34: 105.9969 | AL34: 106.0334 | AM34: 106.0334 | AN34: 106.0334 | AO34: 104.9193 | AP34: 104.9193 | AQ34: 104.9193 | AR34: 104.8814 | AS34: 104.8814 | AT34: 104.8814 | AU34: 104.9769 | AV34: 104.9769 | AW34: 104.9769 | AX34: 104.8562 | AY34: 104.8562 | AZ34: 104.8562 | BA34: 104.6116 | BB34: 104.6116 | BC34: 104.6116 | BD34: 103.3286 | BE34: 103.3286 | BF34: 103.3286 | BG34: 98.5126 | BH34: 98.5126 | BI34: 98.5126 | BJ34: 98.5865 | BK34: 98.5865 | BL34: 98.5865 | BM34: 97.3853 | BN34: 97.3853 | BO34: 97.3853 | BP34: 97.3853 | BQ34: 97.3853 | BR34: 96.702 | BS34: 96.702 | BT34: 96.702 | BU34: 97.4305 | BV34: 97.4305 | BW34: 97.4305 | BX34: 97.9139 | BY34: 97.9139 | BZ34: 97.9139 | CA34: 97.6402 | CB34: 97.6402 | CC34: 97.6402 | CD34: 97.8003 | CE34: 97.8003 | CF34: 97.8003 | CG34: 99.748 | CH34: 99.748 | CI34: 99.748 | CJ34: 100.2053 | CK34: 100.2053 | CL34: 100.2053 | CM34: 100.5254 | CN34: 100.5254 | CO34: 100.5254 | CP34: 99.7066 | CQ34: 99.7066 | CR34: 99.7066 | CS34: 100.1962 | CT34: 100.1962 | CU34: 100.1962 | CV34: 99.7875 | CW34: 99.7875 | CX34: 99.7875 | CY34: 99.5408 | CZ34: 99.5408 | DA34: 99.5408 | DB34: 99.5355 | DC34: 99.5355 | DD34: 99.5355 | DE34: 100.0873 | DF34: 100.0873 | DG34: 100.0873 | DH34: 99.8362 | DI34: 99.8362 | DJ34: 99.8362 | DK34: 99.6456 | DL34: 99.6456 | DM34: 99.6456 | DN34: 99.3717 | DO34: 99.3717 | DP34: 99.3717 | DQ34: 99.626 | DR34: 99.626 | DS34: 99.626 | DT34: 99.4955 | DU34: 99.4955 | DV34: 99.4955 | DW34: 100 | DX34: 100 | DY34: 100 | DZ34: 100.3948 | EA34: 100.3948 | EB34: 100.3948 | EC34: 100.8393 | ED34: 100.8393 | EE34: 100.8393 | EF34: 101.7478 | EG34: 101.7478 | EH34: 101.7478 | EI34: 101.9982 | EJ34: 101.9982 | EK34: 101.9982 | EL34: 102.9155 | EM34: 102.9155 | EN34: 102.9155 | EO34: 104.9138 | EP34: 104.9138 | EQ34: 104.9138 | ER34: 105.6251 | ES34: 105.6251 | ET34: 105.6251 | EU34: 106.8129 | EV34: 106.8129 | EW34: 106.8129 | EX34: 108.4315 | EY34: 108.4315 | EZ34: 108.4315 | FA34: 108.911 | FB34: 108.911 | FC34: 108.911 | FD34: 107.8828 | FE34: 107.8828 | FF34: 107.8828 | FG34: 107.5553 | FH34: 107.5553 | FI34: 107.5553 | FJ34: 107.7655 | FK34: 107.7655 | FL34: 107.7655 | FM34: 106.9344 | FN34: 106.9344 | FO34: 106.9344 | FP34: 106.2289 | FQ34: 106.2289 | FR34: 106.2289 | FS34: 106.0273
A35: <PGAI.30> | B35: 4002_30001 | C35: 30 | D35: =IF(LEFT($I$1,1)="1",VLOOKUP($A35,PPI_IPI_PGA_PGAI!$A:$E,2,FALSE),IF(LEFT($I$1,1)="2",VLOOKUP($A35,PPI_IPI_PGA_PGAI!$A:$E,3,FALSE),IF(LEFT($I$1,1)="3",VLOOKUP($A35,PPI_IPI_PGA_PGAI!$A:$E,4,FALSE),VLOOKUP($A35,PPI_IPI_PGA_PGAI!$A:$E,5,FALSE)))) -> Sonstige Fahrzeuge | E35: 1.6224 | G35: … | H35: … | I35: … | J35: … | K35: … | L35: … | M35: … | N35: … | O35: … | P35: … | Q35: … | R35: … | S35: … | T35: … | U35: … | V35: … | W35: … | X35: … | Y35: … | Z35: … | AA35: … | AB35: … | AC35: … | AD35: … | AE35: … | AF35: … | AG35: … | AH35: … | AI35: … | AJ35: … | AK35: … | AL35: … | AM35: … | AN35: … | AO35: … | AP35: … | AQ35: … | AR35: … | AS35: … | AT35: … | AU35: … | AV35: … | AW35: … | AX35: … | AY35: … | AZ35: … | BA35: … | BB35: … | BC35: … | BD35: … | BE35: … | BF35: … | BG35: … | BH35: … | BI35: … | BJ35: … | BK35: … | BL35: … | BM35: … | BN35: … | BO35: … | BP35: … | BQ35: … | BR35: … | BS35: … | BT35: … | BU35: … | BV35: … | BW35: … | BX35: … | BY35: … | BZ35: … | CA35: … | CB35: … | CC35: … | CD35: … | CE35: … | CF35: … | CG35: … | CH35: … | CI35: … | CJ35: … | CK35: … | CL35: … | CM35: … | CN35: … | CO35: … | CP35: … | CQ35: … | CR35: … | CS35: … | CT35: … | CU35: … | CV35: … | CW35: … | CX35: … | CY35: … | CZ35: … | DA35: … | DB35: … | DC35: … | DD35: … | DE35: … | DF35: … | DG35: … | DH35: … | DI35: … | DJ35: … | DK35: … | DL35: … | DM35: … | DN35: … | DO35: … | DP35: … | DQ35: … | DR35: … | DS35: … | DT35: … | DU35: … | DV35: … | DW35: … | DX35: … | DY35: … | DZ35: … | EA35: … | EB35: … | EC35: … | ED35: … | EE35: … | EF35: … | EG35: … | EH35: … | EI35: … | EJ35: … | EK35: … | EL35: … | EM35: … | EN35: … | EO35: … | EP35: … | EQ35: … | ER35: … | ES35: … | ET35: … | EU35: … | EV35: … | EW35: … | EX35: … | EY35: … | EZ35: … | FA35: … | FB35: … | FC35: … | FD35: … | FE35: … | FF35: … | FG35: … | FH35: … | FI35: … | FJ35: … | FK35: … | FL35: … | FM35: … | FN35: … | FO35: … | FP35: … | FQ35: … | FR35: … | FS35: …
A36: <PGAI.31> | B36: 4002_31001 | C36: 31 | D36: =IF(LEFT($I$1,1)="1",VLOOKUP($A36,PPI_IPI_PGA_PGAI!$A:$E,2,FALSE),IF(LEFT($I$1,1)="2",VLOOKUP($A36,PPI_IPI_PGA_PGAI!$A:$E,3,FALSE),IF(LEFT($I$1,1)="3",VLOOKUP($A36,PPI_IPI_PGA_PGAI!$A:$E,4,FALSE),VLOOKUP($A36,PPI_IPI_PGA_PGAI!$A:$E,5,FALSE)))) -> Möbel | E36: 1.4449 | G36: 100.8629 | H36: 101.4956 | I36: 101.4956 | J36: 101.4956 | K36: 101.7857 | L36: 101.7857 | M36: 101.7857 | N36: 101.2632 | O36: 101.2632 | P36: 101.2632 | Q36: 100.3554 | R36: 100.3554 | S36: 100.3554 | T36: 100.1783 | U36: 100.1783 | V36: 100.1783 | W36: 99.1289 | X36: 99.1289 | Y36: 99.1289 | Z36: 99.2485 | AA36: 99.2485 | AB36: 99.2485 | AC36: 99.3469 | AD36: 99.3469 | AE36: 99.3469 | AF36: 99.322 | AG36: 99.322 | AH36: 99.322 | AI36: 99.6669 | AJ36: 99.6669 | AK36: 99.6669 | AL36: 100.1911 | AM36: 100.1911 | AN36: 100.1911 | AO36: 100.0312 | AP36: 100.0312 | AQ36: 100.0312 | AR36: 100.8144 | AS36: 100.8144 | AT36: 100.8144 | AU36: 100.2088 | AV36: 100.2088 | AW36: 100.2088 | AX36: 100.1328 | AY36: 100.1328 | AZ36: 100.1328 | BA36: 99.9855 | BB36: 99.9855 | BC36: 99.9855 | BD36: 100.108 | BE36: 100.108 | BF36: 100.108 | BG36: 96.1923 | BH36: 96.1923 | BI36: 96.1923 | BJ36: 96.0524 | BK36: 96.0524 | BL36: 96.0524 | BM36: 97.0275 | BN36: 97.0275 | BO36: 97.0275 | BP36: 96.9437 | BQ36: 96.9437 | BR36: 96.9437 | BS36: 96.7995 | BT36: 96.7995 | BU36: 96.7995 | BV36: 96.8026 | BW36: 96.8026 | BX36: 96.8026 | BY36: 97.0035 | BZ36: 97.0035 | CA36: 97.0035 | CB36: 96.6057 | CC36: 96.6057 | CD36: 96.6057 | CE36: 96.4577 | CF36: 96.4577 | CG36: 96.4577 | CH36: 96.8764 | CI36: 96.8764 | CJ36: 96.8764 | CK36: 98.4391 | CL36: 98.4391 | CM36: 98.4391 | CN36: 98.8121 | CO36: 98.8121 | CP36: 98.8121 | CQ36: 99.4436 | CR36: 99.4436 | CS36: 99.4436 | CT36: 100.3904 | CU36: 100.3904 | CV36: 100.3904 | CW36: 100.3632 | CX36: 100.3632 | CY36: 100.3632 | CZ36: 100.1981 | DA36: 100.1981 | DB36: 100.1981 | DC36: 100.359 | DD36: 100.359 | DE36: 100.359 | DF36: 100.9076 | DG36: 100.9076 | DH36: 100.9076 | DI36: 100.678 | DJ36: 100.678 | DK36: 100.678 | DL36: 100.8536 | DM36: 100.8536 | DN36: 100.8536 | DO36: 99.9191 | DP36: 99.9191 | DQ36: 99.9191 | DR36: 99.9438 | DS36: 99.9438 | DT36: 99.9438 | DU36: 100 | DV36: 100 | DW36: 100 | DX36: 100.2427 | DY36: 100.2427 | DZ36: 100.2427 | EA36: 102.1298 | EB36: 102.1298 | EC36: 102.1298 | ED36: 102.8517 | EE36: 102.8517 | EF36: 102.8517 | EG36: 104.0234 | EH36: 104.0234 | EI36: 104.0234 | EJ36: 104.2041 | EK36: 104.2041 | EL36: 104.2041 | EM36: 105.4159 | EN36: 105.4159 | EO36: 105.4159 | EP36: 106.0369 | EQ36: 106.0369 | ER36: 106.0369 | ES36: 106.9999 | ET36: 106.9999 | EU36: 106.9999 | EV36: 108.9904 | EW36: 108.9904 | EX36: 108.9904 | EY36: 109.9677 | EZ36: 109.9677 | FA36: 109.9677 | FB36: 109.4745 | FC36: 109.4745 | FD36: 109.4745 | FE36: 109.2051 | FF36: 109.2051 | FG36: 109.2051 | FH36: 107.0025 | FI36: 107.0025 | FJ36: 107.0025 | FK36: 109.1894 | FL36: 109.1894 | FM36: 109.1894 | FN36: 108.7084 | FO36: 108.7084 | FP36: 108.7084 | FQ36: 107.0806 | FR36: 107.0806 | FS36: 107.0806
A37: <PGAI.32> | B37: 4002_32001 | C37: 32 | D37: =IF(LEFT($I$1,1)="1",VLOOKUP($A37,PPI_IPI_PGA_PGAI!$A:$E,2,FALSE),IF(LEFT($I$1,1)="2",VLOOKUP($A37,PPI_IPI_PGA_PGAI!$A:$E,3,FALSE),IF(LEFT($I$1,1)="3",VLOOKUP($A37,PPI_IPI_PGA_PGAI!$A:$E,4,FALSE),VLOOKUP($A37,PPI_IPI_PGA_PGAI!$A:$E,5,FALSE)))) -> Sonstige Produkte | E37: 2.4081 | G37: 115.5946 | H37: 114.8404 | I37: 114.8531 | J37: 114.8531 | K37: 115.5268 | L37: 115.5697 | M37: 115.5697 | N37: 113.8577 | O37: 113.1176 | P37: 113.1176 | Q37: 110.5983 | R37: 110.7471 | S37: 110.7471 | T37: 111.9672 | U37: 111.6655 | V37: 111.6655 | W37: 109.2876 | X37: 109.2854 | Y37: 109.2854 | Z37: 109.3289 | AA37: 109.3296 | AB37: 109.3296 | AC37: 109.3711 | AD37: 109.3786 | AE37: 109.3786 | AF37: 108.1377 | AG37: 108.1948 | AH37: 108.1948 | AI37: 108.4512 | AJ37: 108.4444 | AK37: 108.4444 | AL37: 108.8187 | AM37: 108.8314 | AN37: 108.8314 | AO37: 108.078 | AP37: 108.0728 | AQ37: 108.0728 | AR37: 108.5105 | AS37: 108.5598 | AT37: 108.5598 | AU37: 107.4241 | AV37: 107.4254 | AW37: 107.4254 | AX37: 107.0509 | AY37: 107.0168 | AZ37: 107.0168 | BA37: 106.8367 | BB37: 106.8388 | BC37: 106.8388 | BD37: 106.5792 | BE37: 106.4321 | BF37: 106.4321 | BG37: 100.2721 | BH37: 100.2319 | BI37: 100.2319 | BJ37: 98.9111 | BK37: 98.9319 | BL37: 98.9319 | BM37: 100.4865 | BN37: 100.537 | BO37: 100.537 | BP37: 100.4045 | BQ37: 100.641 | BR37: 100.7716 | BS37: 100.8437 | BT37: 100.8201 | BU37: 101.0261 | BV37: 100.564 | BW37: 100.3771 | BX37: 100.2726 | BY37: 100.2541 | BZ37: 100.2865 | CA37: 100.023 | CB37: 99.9091 | CC37: 99.8039 | CD37: 99.7474 | CE37: 99.5653 | CF37: 99.6721 | CG37: 99.9215 | CH37: 99.7634 | CI37: 100.1744 | CJ37: 100.8979 | CK37: 101.8892 | CL37: 102.0607 | CM37: 102.3679 | CN37: 102.1624 | CO37: 102.1657 | CP37: 102.0236 | CQ37: 102.3572 | CR37: 102.8497 | CS37: 102.8816 | CT37: 102.8472 | CU37: 102.666 | CV37: 102.2481 | CW37: 101.8978 | CX37: 101.6896 | CY37: 101.8057 | CZ37: 101.6458 | DA37: 101.6745 | DB37: 101.8321 | DC37: 101.9504 | DD37: 101.9969 | DE37: 101.7167 | DF37: 101.7635 | DG37: 101.367 | DH37: 101.1798 | DI37: 100.8892 | DJ37: 100.9808 | DK37: 101.1934 | DL37: 101.0472 | DM37: 100.8669 | DN37: 100.4881 | DO37: 99.7298 | DP37: 99.6179 | DQ37: 99.7074 | DR37: 99.9151 | DS37: 100.1534 | DT37: 100.0886 | DU37: 100.0208 | DV37: 99.9209 | DW37: 100 | DX37: 100.4375 | DY37: 100.4876 | DZ37: 100.6562 | EA37: 101.3775 | EB37: 101.7594 | EC37: 101.8678 | ED37: 101.8856 | EE37: 101.8709 | EF37: 102.0049 | EG37: 100.7985 | EH37: 100.7031 | EI37: 100.4775 | EJ37: 99.3379 | EK37: 99.5039 | EL37: 99.6798 | EM37: 100.3921 | EN37: 100.4427 | EO37: 100.5862 | EP37: 100.2101 | EQ37: 100.2076 | ER37: 100.1007 | ES37: 101.7721 | ET37: 102.0697 | EU37: 102.1148 | EV37: 102.6772 | EW37: 103.0243 | EX37: 102.8743 | EY37: 103.4357 | EZ37: 103.4247 | FA37: 103.2988 | FB37: 103.973 | FC37: 103.897 | FD37: 103.7043 | FE37: 103.7632 | FF37: 103.743 | FG37: 103.6988 | FH37: 101.7015 | FI37: 101.6367 | FJ37: 101.7127 | FK37: 105.3156 | FL37: 105.3993 | FM37: 105.6483 | FN37: 106.4342 | FO37: 106.3382 | FP37: 105.8558 | FQ37: 105.2158 | FR37: 105.2632 | FS37: 105.2632
A38: <PGAI.33> | B38: 4002_33001 | C38: 33 | D38: =IF(LEFT($I$1,1)="1",VLOOKUP($A38,PPI_IPI_PGA_PGAI!$A:$E,2,FALSE),IF(LEFT($I$1,1)="2",VLOOKUP($A38,PPI_IPI_PGA_PGAI!$A:$E,3,FALSE),IF(LEFT($I$1,1)="3",VLOOKUP($A38,PPI_IPI_PGA_PGAI!$A:$E,4,FALSE),VLOOKUP($A38,PPI_IPI_PGA_PGAI!$A:$E,5,FALSE)))) -> Reparatur und Installation von Maschinen und Ausrüstungen | E38: 1.5234 | G38: … | H38: … | I38: … | J38: … | K38: … | L38: … | M38: … | N38: … | O38: … | P38: … | Q38: … | R38: … | S38: … | T38: … | U38: … | V38: … | W38: … | X38: … | Y38: … | Z38: … | AA38: … | AB38: … | AC38: … | AD38: … | AE38: … | AF38: … | AG38: … | AH38: … | AI38: … | AJ38: … | AK38: … | AL38: … | AM38: … | AN38: … | AO38: … | AP38: … | AQ38: … | AR38: … | AS38: … | AT38: … | AU38: … | AV38: … | AW38: … | AX38: … | AY38: … | AZ38: … | BA38: … | BB38: … | BC38: … | BD38: … | BE38: … | BF38: … | BG38: … | BH38: … | BI38: … | BJ38: … | BK38: … | BL38: … | BM38: … | BN38: … | BO38: … | BP38: … | BQ38: … | BR38: … | BS38: … | BT38: … | BU38: … | BV38: … | BW38: … | BX38: … | BY38: … | BZ38: … | CA38: … | CB38: … | CC38: … | CD38: … | CE38: … | CF38: … | CG38: … | CH38: … | CI38: … | CJ38: … | CK38: … | CL38: … | CM38: … | CN38: … | CO38: … | CP38: … | CQ38: … | CR38: … | CS38: … | CT38: … | CU38: … | CV38: … | CW38: … | CX38: … | CY38: … | CZ38: … | DA38: … | DB38: … | DC38: … | DD38: … | DE38: … | DF38: … | DG38: … | DH38: … | DI38: … | DJ38: … | DK38: … | DL38: … | DM38: … | DN38: … | DO38: … | DP38: … | DQ38: … | DR38: … | DS38: … | DT38: … | DU38: … | DV38: … | DW38: 100 | DX38: 100 | DY38: 100 | DZ38: 100.0792 | EA38: 100.1234 | EB38: 100.1234 | EC38: 100.1234 | ED38: 100.1234 | EE38: 100.1234 | EF38: 100.1115 | EG38: 100.1115 | EH38: 100.1115 | EI38: 100.1115 | EJ38: 100.1115 | EK38: 100.1115 | EL38: 100.1225 | EM38: 100.3125 | EN38: 100.3125 | EO38: 100.3125 | EP38: 100.3125 | EQ38: 100.3125 | ER38: 100.3235 | ES38: 100.7062 | ET38: 100.7062 | EU38: 100.7062 | EV38: 100.7062 | EW38: 100.7062 | EX38: 101.7334 | EY38: 102.5943 | EZ38: 102.5943 | FA38: 102.5943 | FB38: 102.5943 | FC38: 102.5943 | FD38: 102.7668 | FE38: 102.7987 | FF38: 102.7987 | FG38: 102.7987 | FH38: 102.7987 | FI38: 102.7987 | FJ38: 103.2959 | FK38: 103.5416 | FL38: 103.5416 | FM38: 103.5416 | FN38: 103.5416 | FO38: 103.5416 | FP38: 103.6907 | FQ38: 103.7999 | FR38: 103.7999 | FS38: 103.7999
A39: <PGAI.D> | B39: 4002_35001 | C39: D | D39: =IF(LEFT($I$1,1)="1",VLOOKUP($A39,PPI_IPI_PGA_PGAI!$A:$E,2,FALSE),IF(LEFT($I$1,1)="2",VLOOKUP($A39,PPI_IPI_PGA_PGAI!$A:$E,3,FALSE),IF(LEFT($I$1,1)="3",VLOOKUP($A39,PPI_IPI_PGA_PGAI!$A:$E,4,FALSE),VLOOKUP($A39,PPI_IPI_PGA_PGAI!$A:$E,5,FALSE)))) -> Energieversorgung (Elektrizität und Gas) | E39: 3.4726 | G39: 98.4493 | H39: 99.5185 | I39: 99.8191 | J39: 99.8191 | K39: 99.8191 | L39: 99.8191 | M39: 99.8191 | N39: 99.8191 | O39: 100.0616 | P39: 100.0616 | Q39: 100.191 | R39: 100.2184 | S39: 100.2184 | T39: 99.9005 | U39: 100.758 | V39: 100.758 | W39: 100.758 | X39: 100.758 | Y39: 100.758 | Z39: 100.9486 | AA39: 100.9486 | AB39: 100.9486 | AC39: 100.7689 | AD39: 100.7689 | AE39: 100.7689 | AF39: 99.8905 | AG39: 99.8226 | AH39: 99.8226 | AI39: 99.8277 | AJ39: 99.8277 | AK39: 99.8157 | AL39: 99.8157 | AM39: 99.8157 | AN39: 99.8157 | AO39: 99.808 | AP39: 99.9431 | AQ39: 99.9431 | AR39: 100.5377 | AS39: 100.5556 | AT39: 100.5588 | AU39: 101.029 | AV39: 101.0779 | AW39: 101.0779 | AX39: 101.0773 | AY39: 101.0773 | AZ39: 101.0773 | BA39: 100.9598 | BB39: 100.9598 | BC39: 100.9598 | BD39: 103.1922 | BE39: 101.8912 | BF39: 101.8086 | BG39: 101.5767 | BH39: 101.5767 | BI39: 101.4562 | BJ39: 101.4076 | BK39: 101.4076 | BL39: 101.2452 | BM39: 100.2654 | BN39: 100.1745 | BO39: 100.1745 | BP39: 100.8969 | BQ39: 100.7425 | BR39: 100.7425 | BS39: 100.5492 | BT39: 100.5492 | BU39: 100.5035 | BV39: 100.3993 | BW39: 100.3993 | BX39: 100.3993 | BY39: 99.7823 | BZ39: 99.7823 | CA39: 99.7823 | CB39: 99.4054 | CC39: 98.4778 | CD39: 98.4778 | CE39: 98.6327 | CF39: 98.8077 | CG39: 98.8077 | CH39: 98.8077 | CI39: 98.8077 | CJ39: 98.8077 | CK39: 98.9939 | CL39: 98.9939 | CM39: 98.9939 | CN39: 101.3623 | CO39: 100.8581 | CP39: 100.8581 | CQ39: 100.8581 | CR39: 100.8581 | CS39: 100.8581 | CT39: 100.983 | CU39: 100.983 | CV39: 100.983 | CW39: 102.2283 | CX39: 102.2283 | CY39: 102.2283 | CZ39: 103.0744 | DA39: 102.9248 | DB39: 102.9248 | DC39: 102.7884 | DD39: 102.7884 | DE39: 102.7884 | DF39: 102.7322 | DG39: 102.7322 | DH39: 102.7322 | DI39: 102.0775 | DJ39: 102.0775 | DK39: 102.0775 | DL39: 100.8585 | DM39: 101 | DN39: 101 | DO39: 100.8761 | DP39: 100.6851 | DQ39: 100.6851 | DR39: 100.6423 | DS39: 100.6423 | DT39: 100.6423 | DU39: 100 | DV39: 100 | DW39: 100 | DX39: 100.1834 | DY39: 100.4586 | DZ39: 100.5011 | EA39: 100.3587 | EB39: 100.3587 | EC39: 100.3587 | ED39: 100.4396 | EE39: 100.4396 | EF39: 100.4396 | EG39: 102.8292 | EH39: 103.4677 | EI39: 103.4677 | EJ39: 110.0906 | EK39: 111.4986 | EL39: 111.928 | EM39: 112.008 | EN39: 113.1921 | EO39: 114.3519 | EP39: 116.4962 | EQ39: 116.8017 | ER39: 116.9803 | ES39: 122.3736 | ET39: 122.8087 | EU39: 122.8087 | EV39: 136.1425 | EW39: 142.8898 | EX39: 142.5148 | EY39: 141.5423 | EZ39: 161.3228 | FA39: 161.2749 | FB39: 159.8763 | FC39: 158.359 | FD39: 158.4014 | FE39: 157.7539 | FF39: 156.4149 | FG39: 156.4149 | FH39: 165.0256 | FI39: 166.2779 | FJ39: 166.2053 | FK39: 164.2923 | FL39: 174.1213 | FM39: 174.1036 | FN39: 174.0669 | FO39: 172.8772 | FP39: 172.8772 | FQ39: 172.0876 | FR39: 171.5687 | FS39: 171.5687
A40: <PGAI.E> | B40: 9103_9 | C40: E | D40: =IF(LEFT($I$1,1)="1",VLOOKUP($A40,PPI_IPI_PGA_PGAI!$A:$E,2,FALSE),IF(LEFT($I$1,1)="2",VLOOKUP($A40,PPI_IPI_PGA_PGAI!$A:$E,3,FALSE),IF(LEFT($I$1,1)="3",VLOOKUP($A40,PPI_IPI_PGA_PGAI!$A:$E,4,FALSE),VLOOKUP($A40,PPI_IPI_PGA_PGAI!$A:$E,5,FALSE)))) -> Wasserversorgung, Abwasserentsorgung und Sammlung von Abfällen, Recycling | E40: 1.1144 | G40: 194.2407 | H40: 215.2985 | I40: 209.9439 | J40: 212.2345 | K40: 204.8152 | L40: 202.3952 | M40: 202.4707 | N40: 197.6212 | O40: 185.1815 | P40: 190.1695 | Q40: 185.4008 | R40: 175.5536 | S40: 178.9466 | T40: 192.2245 | U40: 178.6757 | V40: 184.2503 | W40: 183.8348 | X40: 181.5852 | Y40: 167.3893 | Z40: 157.3251 | AA40: 162.6361 | AB40: 163.4021 | AC40: 153.1607 | AD40: 159.2237 | AE40: 164.0149 | AF40: 165.6462 | AG40: 164.1561 | AH40: 164.0914 | AI40: 163.9988 | AJ40: 160.6307 | AK40: 146.3808 | AL40: 145.3315 | AM40: 152.0021 | AN40: 155.1022 | AO40: 149.3315 | AP40: 153.7238 | AQ40: 153.7416 | AR40: 156.0464 | AS40: 152.1332 | AT40: 145.463 | AU40: 153.1945 | AV40: 152.8828 | AW40: 150.2415 | AX40: 150.1228 | AY40: 150.6329 | AZ40: 154.9648 | BA40: 148.6662 | BB40: 140.8449 | BC40: 140.6536 | BD40: 141.761 | BE40: 120.1388 | BF40: 120.0981 | BG40: 125.4383 | BH40: 130.3171 | BI40: 130.4389 | BJ40: 125.2373 | BK40: 118.8728 | BL40: 118.644 | BM40: 101.7214 | BN40: 101.4341 | BO40: 103.9487 | BP40: 101.2443 | BQ40: 99.8563 | BR40: 108.1077 | BS40: 116.9504 | BT40: 150.1281 | BU40: 121.8455 | BV40: 118.7139 | BW40: 117.0867 | BX40: 121.0008 | BY40: 112.1628 | BZ40: 130.3077 | CA40: 133.9989 | CB40: 146.3427 | CC40: 133.5557 | CD40: 149.251 | CE40: 145.8904 | CF40: 148.369 | CG40: 141.0896 | CH40: 144.4848 | CI40: 152.2232 | CJ40: 164.0307 | CK40: 152.2229 | CL40: 159.2767 | CM40: 162.8784 | CN40: 167.7458 | CO40: 155.0298 | CP40: 162.9811 | CQ40: 160.2094 | CR40: 162.5546 | CS40: 162.5753 | CT40: 161.6322 | CU40: 152.1451 | CV40: 130.9492 | CW40: 121.718 | CX40: 120.7981 | CY40: 120.7878 | CZ40: 114.056 | DA40: 113.2124 | DB40: 114.9523 | DC40: 114.9669 | DD40: 111.6734 | DE40: 109.8877 | DF40: 105.0979 | DG40: 100.5825 | DH40: 90.3251 | DI40: 82.6078 | DJ40: 87.1741 | DK40: 94.0966 | DL40: 99.989 | DM40: 83.3223 | DN40: 89.1837 | DO40: 80.5311 | DP40: 84.9781 | DQ40: 83.0217 | DR40: 77.326 | DS40: 77.736 | DT40: 83.3314 | DU40: 83.3408 | DV40: 91.0356 | DW40: 100 | DX40: 105.2773 | DY40: 104.4512 | DZ40: 106.6715 | EA40: 106.1251 | EB40: 107.3674 | EC40: 111.3122 | ED40: 111.7872 | EE40: 110.2803 | EF40: 107.3458 | EG40: 104.7581 | EH40: 106.0468 | EI40: 106.2359 | EJ40: 105.9126 | EK40: 107.1639 | EL40: 112.0152 | EM40: 114.4557 | EN40: 109.9862 | EO40: 104.3968 | EP40: 99.962 | EQ40: 100.1728 | ER40: 99.7787 | ES40: 99.9228 | ET40: 98.9994 | EU40: 99.4385 | EV40: 99.931 | EW40: 100.644 | EX40: 99.4604 | EY40: 99.4524 | EZ40: 96.6379 | FA40: 94.7971 | FB40: 93.9004 | FC40: 93.0709 | FD40: 93.3474 | FE40: 93.4519 | FF40: 93.3993 | FG40: 94.1722 | FH40: 94.8114 | FI40: 95.0275 | FJ40: 95.1113 | FK40: 95.3011 | FL40: 95.2941 | FM40: 95.4233 | FN40: 94.9399 | FO40: 94.2863 | FP40: 93.0789 | FQ40: 92.4579 | FR40: 92.4218 | FS40: 91.9084
A42: <VERW> | D42: =IF(LEFT($I$1,1)="1",VLOOKUP($A42,PPI_IPI_PGA_PGAI!$A:$E,2,FALSE),IF(LEFT($I$1,1)="2",VLOOKUP($A42,PPI_IPI_PGA_PGAI!$A:$E,3,FALSE),IF(LEFT($I$1,1)="3",VLOOKUP($A42,PPI_IPI_PGA_PGAI!$A:$E,4,FALSE),VLOOKUP($A42,PPI_IPI_PGA_PGAI!$A:$E,5,FALSE)))) -> Verwendungszweck und Verarbeitungsgrad
A43: <LANDW> | B43: 9103_2 | D43: =IF(LEFT($I$1,1)="1",VLOOKUP($A43,PPI_IPI_PGA_PGAI!$A:$E,2,FALSE),IF(LEFT($I$1,1)="2",VLOOKUP($A43,PPI_IPI_PGA_PGAI!$A:$E,3,FALSE),IF(LEFT($I$1,1)="3",VLOOKUP($A43,PPI_IPI_PGA_PGAI!$A:$E,4,FALSE),VLOOKUP($A43,PPI_IPI_PGA_PGAI!$A:$E,5,FALSE)))) -> Land- und forstwirtschaftliche Produkte | E43: 3.16 | G43: 99.1069 | H43: 100.0261 | I43: 99.957 | J43: 100.0814 | K43: 100.6723 | L43: 100.9425 | M43: 100.1733 | N43: 97.0509 | O43: 96.9648 | P43: 95.7619 | Q43: 96.1803 | R43: 95.9032 | S43: 96.9952 | T43: 95.9089 | U43: 95.3595 | V43: 95.9842 | W43: 96.7173 | X43: 96.592 | Y43: 97.1512 | Z43: 96.8314 | AA43: 96.0983 | AB43: 95.64 | AC43: 96.306 | AD43: 96.4558 | AE43: 98.4483 | AF43: 98.0548 | AG43: 99.4795 | AH43: 100.1531 | AI43: 101.194 | AJ43: 100.9264 | AK43: 101.567 | AL43: 101.8496 | AM43: 101.902 | AN43: 102.7298 | AO43: 102.3441 | AP43: 100.7057 | AQ43: 101.3722 | AR43: 101.1112 | AS43: 101.4726 | AT43: 102.9998 | AU43: 103.1007 | AV43: 103.3591 | AW43: 102.7001 | AX43: 102.2718 | AY43: 102.4431 | AZ43: 102.495 | BA43: 101.0974 | BB43: 99.6419 | BC43: 99.6241 | BD43: 99.0168 | BE43: 98.3171 | BF43: 97.9549 | BG43: 97.7808 | BH43: 97.1263 | BI43: 96.6326 | BJ43: 97.4875 | BK43: 97.6978 | BL43: 97.2874 | BM43: 96.8569 | BN43: 96.3546 | BO43: 96.5879 | BP43: 96.5525 | BQ43: 95.8231 | BR43: 96.6754 | BS43: 97.5193 | BT43: 96.9732 | BU43: 97.4845 | BV43: 97.7803 | BW43: 97.4957 | BX43: 96.8615 | BY43: 96.9114 | BZ43: 96.7059 | CA43: 97.0876 | CB43: 97.4988 | CC43: 97.8942 | CD43: 97.9497 | CE43: 96.8128 | CF43: 97.0602 | CG43: 96.5364 | CH43: 96.7888 | CI43: 96.2936 | CJ43: 96.7018 | CK43: 97.4746 | CL43: 97.0245 | CM43: 98.2257 | CN43: 98.9282 | CO43: 97.8461 | CP43: 98.3766 | CQ43: 98.6087 | CR43: 98.8057 | CS43: 98.9517 | CT43: 98.5381 | CU43: 96.6215 | CV43: 98.3188 | CW43: 98.6358 | CX43: 98.0143 | CY43: 98.5202 | CZ43: 98.5173 | DA43: 99.029 | DB43: 99.1274 | DC43: 98.1227 | DD43: 98.7427 | DE43: 98.116 | DF43: 98.0295 | DG43: 98.6043 | DH43: 98.7031 | DI43: 98.8066 | DJ43: 99.1565 | DK43: 100.122 | DL43: 100.1771 | DM43: 99.3951 | DN43: 99.7982 | DO43: 99.4706 | DP43: 100.0112 | DQ43: 100.2855 | DR43: 99.6891 | DS43: 99.8771 | DT43: 100.9593 | DU43: 101.403 | DV43: 101.107 | DW43: 100 | DX43: 99.874 | DY43: 100.1246 | DZ43: 101.4934 | EA43: 102.3573 | EB43: 102.3983 | EC43: 103.0445 | ED43: 102.049 | EE43: 103.6073 | EF43: 105.8728 | EG43: 105.2473 | EH43: 105.0582 | EI43: 106.9613 | EJ43: 107.329 | EK43: 107.1718 | EL43: 107.9638 | EM43: 108.7897 | EN43: 109.4662 | EO43: 109.8688 | EP43: 109.3713 | EQ43: 108.648 | ER43: 111.4164 | ES43: 111.1285 | ET43: 110.1594 | EU43: 109.7025 | EV43: 109.822 | EW43: 110.1627 | EX43: 111.8567 | EY43: 110.7372 | EZ43: 110.1987 | FA43: 110.463 | FB43: 109.5419 | FC43: 110.1207 | FD43: 110.4392 | FE43: 110.5375 | FF43: 110.7813 | FG43: 111.9227 | FH43: 112.245 | FI43: 112.2485 | FJ43: 111.1916 | FK43: 111.3626 | FL43: 111.6332 | FM43: 112.9893 | FN43: 112.9784 | FO43: 113.6511 | FP43: 115.2246 | FQ43: 116.3921 | FR43: 116.1328 | FS43: 117.7232
A44: <VORL> | B44: 9103_3 | D44: =IF(LEFT($I$1,1)="1",VLOOKUP($A44,PPI_IPI_PGA_PGAI!$A:$E,2,FALSE),IF(LEFT($I$1,1)="2",VLOOKUP($A44,PPI_IPI_PGA_PGAI!$A:$E,3,FALSE),IF(LEFT($I$1,1)="3",VLOOKUP($A44,PPI_IPI_PGA_PGAI!$A:$E,4,FALSE),VLOOKUP($A44,PPI_IPI_PGA_PGAI!$A:$E,5,FALSE)))) -> Vorleistungsgüter | E44: 32.3691 | G44: 109.0021 | H44: 109.3733 | I44: 109.9691 | J44: 110.095 | K44: 109.6261 | L44: 109.99 | M44: 109.5213 | N44: 108.9862 | O44: 106.9913 | P44: 106.7336 | Q44: 106.3664 | R44: 105.7818 | S44: 106.0012 | T44: 106.0507 | U44: 106.6986 | V44: 106.679 | W44: 106.5241 | X44: 106.3386 | Y44: 106.1032 | Z44: 105.8447 | AA44: 105.8818 | AB44: 105.8995 | AC44: 106.0129 | AD44: 106.1665 | AE44: 106.2722 | AF44: 106.299 | AG44: 106.5109 | AH44: 106.4229 | AI44: 106.1805 | AJ44: 106.2792 | AK44: 106.2741 | AL44: 106.0127 | AM44: 106.1412 | AN44: 106.1961 | AO44: 106.0515 | AP44: 106.0016 | AQ44: 106.0122 | AR44: 106.0185 | AS44: 105.5328 | AT44: 105.4261 | AU44: 105.1945 | AV44: 105.1131 | AW44: 105.2155 | AX44: 105.0525 | AY44: 105.244 | AZ44: 105.3189 | BA44: 105.2663 | BB44: 104.9542 | BC44: 104.8598 | BD44: 104.8261 | BE44: 101.9671 | BF44: 101.7892 | BG44: 100.7085 | BH44: 98.8752 | BI44: 98.6647 | BJ44: 98.352 | BK44: 97.9644 | BL44: 97.9099 | BM44: 97.9463 | BN44: 98.3974 | BO44: 98.2135 | BP44: 98.1006 | BQ44: 97.6443 | BR44: 97.6107 | BS44: 97.5046 | BT44: 97.328 | BU44: 97.5364 | BV44: 97.5458 | BW44: 98.0741 | BX44: 98.0529 | BY44: 98.0896 | BZ44: 97.9051 | CA44: 98.2415 | CB44: 98.2426 | CC44: 98.6288 | CD44: 98.6917 | CE44: 98.6713 | CF44: 98.7468 | CG44: 98.4243 | CH44: 98.3998 | CI44: 99.4653 | CJ44: 99.8846 | CK44: 100.4105 | CL44: 100.9831 | CM44: 101.0794 | CN44: 101.3614 | CO44: 101.9055 | CP44: 101.9008 | CQ44: 102.0863 | CR44: 103.082 | CS44: 103.3 | CT44: 103.2799 | CU44: 103.3411 | CV44: 103.1671 | CW44: 103.1424 | CX44: 103.1754 | CY44: 103.1494 | CZ44: 103.0205 | DA44: 103.117 | DB44: 103.2067 | DC44: 103.1199 | DD44: 102.8308 | DE44: 102.5359 | DF44: 102.4502 | DG44: 101.9632 | DH44: 101.9771 | DI44: 101.8065 | DJ44: 101.2537 | DK44: 101.1761 | DL44: 101.0745 | DM44: 100.668 | DN44: 100.5479 | DO44: 100.1614 | DP44: 99.614 | DQ44: 99.7031 | DR44: 99.7211 | DS44: 99.1324 | DT44: 99.2939 | DU44: 99.4149 | DV44: 99.5356 | DW44: 100 | DX44: 100.3187 | DY44: 101.0334 | DZ44: 101.4644 | EA44: 102.4173 | EB44: 104.3911 | EC44: 105.026 | ED44: 105.6524 | EE44: 107.6171 | EF44: 107.8769 | EG44: 108.4584 | EH44: 109.0428 | EI44: 109.3494 | EJ44: 109.6907 | EK44: 110.9005 | EL44: 111.5928 | EM44: 113.4846 | EN44: 115.4553 | EO44: 115.5495 | EP44: 115.1831 | EQ44: 115.4428 | ER44: 115.3561 | ES44: 115.3878 | ET44: 114.9256 | EU44: 114.9841 | EV44: 115.4486 | EW44: 115.8773 | EX44: 115.7667 | EY44: 115.8469 | EZ44: 115.1556 | FA44: 115.0704 | FB44: 114.9532 | FC44: 113.4521 | FD44: 113.3098 | FE44: 113.1121 | FF44: 112.1871 | FG44: 112.1015 | FH44: 111.901 | FI44: 111.201 | FJ44: 111.2747 | FK44: 111.363 | FL44: 112.0234 | FM44: 112.2286 | FN44: 112.09 | FO44: 111.7494 | FP44: 111.6508 | FQ44: 111.7239 | FR44: 111.135 | FS44: 111.0047
A45: <INVE> | B45: 9103_4 | D45: =IF(LEFT($I$1,1)="1",VLOOKUP($A45,PPI_IPI_PGA_PGAI!$A:$E,2,FALSE),IF(LEFT($I$1,1)="2",VLOOKUP($A45,PPI_IPI_PGA_PGAI!$A:$E,3,FALSE),IF(LEFT($I$1,1)="3",VLOOKUP($A45,PPI_IPI_PGA_PGAI!$A:$E,4,FALSE),VLOOKUP($A45,PPI_IPI_PGA_PGAI!$A:$E,5,FALSE)))) -> Investitionsgüter | E45: 26.0605 | G45: 112.427 | H45: 112.1366 | I45: 112.1366 | J45: 112.1366 | K45: 112.1156 | L45: 112.1156 | M45: 112.1156 | N45: 111.2157 | O45: 111.2157 | P45: 111.2157 | Q45: 109.2205 | R45: 109.0823 | S45: 109.0823 | T45: 109.1541 | U45: 109.199 | V45: 109.2201 | W45: 108.333 | X45: 108.2289 | Y45: 108.152 | Z45: 107.904 | AA45: 107.7559 | AB45: 107.8313 | AC45: 107.589 | AD45: 107.507 | AE45: 107.472 | AF45: 107.3412 | AG45: 107.3175 | AH45: 107.3056 | AI45: 107.4616 | AJ45: 107.3831 | AK45: 107.3954 | AL45: 107.5537 | AM45: 107.6307 | AN45: 107.5285 | AO45: 107.041 | AP45: 107.156 | AQ45: 107.019 | AR45: 106.8391 | AS45: 106.8213 | AT45: 106.8984 | AU45: 106.5021 | AV45: 106.5676 | AW45: 106.5239 | AX45: 106.3187 | AY45: 106.4008 | AZ45: 106.4233 | BA45: 106.1848 | BB45: 106.0424 | BC45: 106.1039 | BD45: 105.7374 | BE45: 105.7012 | BF45: 105.727 | BG45: 100.6535 | BH45: 100.3394 | BI45: 100.4723 | BJ45: 100.1446 | BK45: 100.173 | BL45: 100.1444 | BM45: 100.1133 | BN45: 100.0187 | BO45: 100.0202 | BP45: 100.1606 | BQ45: 100.0267 | BR45: 99.9101 | BS45: 100.0706 | BT45: 99.9802 | BU45: 100.1192 | BV45: 100.0876 | BW45: 99.9674 | BX45: 100.0555 | BY45: 100.1012 | BZ45: 100.0607 | CA45: 99.9547 | CB45: 99.9299 | CC45: 99.9036 | CD45: 99.9617 | CE45: 99.7024 | CF45: 99.5972 | CG45: 99.9677 | CH45: 100.0668 | CI45: 100.0361 | CJ45: 100.0877 | CK45: 101.2349 | CL45: 101.3952 | CM45: 101.4053 | CN45: 101.3697 | CO45: 101.332 | CP45: 101.1567 | CQ45: 101.8783 | CR45: 101.8151 | CS45: 101.777 | CT45: 101.747 | CU45: 101.7262 | CV45: 101.5766 | CW45: 101.1889 | CX45: 101.0949 | CY45: 100.9232 | CZ45: 100.9374 | DA45: 101.0427 | DB45: 100.9392 | DC45: 100.9957 | DD45: 100.8779 | DE45: 100.9841 | DF45: 101.0245 | DG45: 100.9595 | DH45: 100.896 | DI45: 100.4272 | DJ45: 100.3565 | DK45: 100.3061 | DL45: 100.2912 | DM45: 100.2701 | DN45: 100.1749 | DO45: 99.8121 | DP45: 99.7205 | DQ45: 99.7406 | DR45: 99.645 | DS45: 99.6965 | DT45: 99.6488 | DU45: 99.8928 | DV45: 99.9027 | DW45: 100 | DX45: 100.0253 | DY45: 100.061 | DZ45: 100.0402 | EA45: 101.0672 | EB45: 101.0691 | EC45: 101.3007 | ED45: 101.8926 | EE45: 101.8776 | EF45: 101.9066 | EG45: 102.5893 | EH45: 102.5865 | EI45: 102.5284 | EJ45: 102.8468 | EK45: 102.7734 | EL45: 102.866 | EM45: 104.3232 | EN45: 104.204 | EO45: 104.6417 | EP45: 104.8338 | EQ45: 104.7097 | ER45: 105.0008 | ES45: 104.8068 | ET45: 104.8974 | EU45: 105.1758 | EV45: 105.1854 | EW45: 105.1098 | EX45: 105.6175 | EY45: 106.6846 | EZ45: 106.7017 | FA45: 106.6683 | FB45: 106.4538 | FC45: 106.4879 | FD45: 106.3332 | FE45: 106.0436 | FF45: 105.9983 | FG45: 105.9333 | FH45: 105.2276 | FI45: 105.2159 | FJ45: 105.2662 | FK45: 105.7507 | FL45: 105.7567 | FM45: 105.6029 | FN45: 105.6169 | FO45: 105.6027 | FP45: 105.4737 | FQ45: 104.7724 | FR45: 104.737 | FS45: 104.7341
A46: <GEBR> | B46: 9103_6 | D46: =IF(LEFT($I$1,1)="1",VLOOKUP($A46,PPI_IPI_PGA_PGAI!$A:$E,2,FALSE),IF(LEFT($I$1,1)="2",VLOOKUP($A46,PPI_IPI_PGA_PGAI!$A:$E,3,FALSE),IF(LEFT($I$1,1)="3",VLOOKUP($A46,PPI_IPI_PGA_PGAI!$A:$E,4,FALSE),VLOOKUP($A46,PPI_IPI_PGA_PGAI!$A:$E,5,FALSE)))) -> Gebrauchsgüter | E46: 3.8883 | G46: 111.1764 | H46: 111.2646 | I46: 111.2646 | J46: 111.2646 | K46: 111.4581 | L46: 111.4581 | M46: 111.4581 | N46: 110.4063 | O46: 110.4063 | P46: 110.4063 | Q46: 107.9086 | R46: 107.9086 | S46: 107.9086 | T46: 107.5402 | U46: 107.5402 | V46: 107.5402 | W46: 106.6897 | X46: 106.6897 | Y46: 106.6897 | Z46: 107.0802 | AA46: 107.0802 | AB46: 107.0802 | AC46: 106.0877 | AD46: 106.0883 | AE46: 106.0883 | AF46: 105.7199 | AG46: 105.7199 | AH46: 105.7199 | AI46: 105.9275 | AJ46: 105.9275 | AK46: 105.9275 | AL46: 106.1361 | AM46: 106.1361 | AN46: 106.1361 | AO46: 105.5372 | AP46: 105.5372 | AQ46: 105.5372 | AR46: 105.6882 | AS46: 105.6882 | AT46: 105.6882 | AU46: 105.203 | AV46: 105.203 | AW46: 105.203 | AX46: 104.9615 | AY46: 104.9615 | AZ46: 104.9615 | BA46: 104.3615 | BB46: 104.3615 | BC46: 104.3615 | BD46: 104.2742 | BE46: 104.2742 | BF46: 104.2742 | BG46: 99.8692 | BH46: 99.8689 | BI46: 99.8689 | BJ46: 99.6466 | BK46: 99.6466 | BL46: 99.6466 | BM46: 100.0768 | BN46: 100.0777 | BO46: 100.0777 | BP46: 99.9263 | BQ46: 99.9263 | BR46: 100.1163 | BS46: 100.0424 | BT46: 100.0424 | BU46: 100.2966 | BV46: 100.1124 | BW46: 100.1124 | BX46: 100.0533 | BY46: 100.1043 | BZ46: 100.1043 | CA46: 99.905 | CB46: 99.3608 | CC46: 99.3608 | CD46: 99.3268 | CE46: 99.1259 | CF46: 99.1259 | CG46: 99.0192 | CH46: 99.2351 | CI46: 99.2351 | CJ46: 99.4361 | CK46: 100.4002 | CL46: 100.3869 | CM46: 101.0132 | CN46: 101.3861 | CO46: 101.3861 | CP46: 101.0498 | CQ46: 101.2054 | CR46: 101.2161 | CS46: 101.4729 | CT46: 102.0532 | CU46: 102.0532 | CV46: 101.7924 | CW46: 101.6128 | CX46: 101.6452 | CY46: 101.5971 | CZ46: 101.5956 | DA46: 101.5956 | DB46: 101.6645 | DC46: 101.5501 | DD46: 101.5501 | DE46: 101.4509 | DF46: 101.5081 | DG46: 101.5081 | DH46: 101.3554 | DI46: 101.2953 | DJ46: 101.2953 | DK46: 101.2562 | DL46: 101.1786 | DM46: 101.1786 | DN46: 100.869 | DO46: 100.0406 | DP46: 100.0406 | DQ46: 100.0089 | DR46: 100.0494 | DS46: 100.0494 | DT46: 99.8147 | DU46: 100.031 | DV46: 99.9864 | DW46: 100 | DX46: 100.4643 | DY46: 100.4643 | DZ46: 100.6127 | EA46: 101.5784 | EB46: 101.5784 | EC46: 101.5187 | ED46: 101.9833 | EE46: 101.9833 | EF46: 102.1166 | EG46: 102.2295 | EH46: 102.2295 | EI46: 102.2966 | EJ46: 102.0524 | EK46: 102.0524 | EL46: 102.127 | EM46: 103.8738 | EN46: 103.8781 | EO46: 104.3179 | EP46: 103.7418 | EQ46: 103.7418 | ER46: 103.8208 | ES46: 104.4083 | ET46: 104.4083 | EU46: 104.4061 | EV46: 105.7922 | EW46: 105.7922 | EX46: 105.8177 | EY46: 106.2968 | EZ46: 106.4091 | FA46: 106.1732 | FB46: 105.6741 | FC46: 105.6741 | FD46: 105.4726 | FE46: 105.2199 | FF46: 105.2199 | FG46: 105.2221 | FH46: 104.1443 | FI46: 104.1443 | FJ46: 104.0779 | FK46: 105.7627 | FL46: 105.7764 | FM46: 105.935 | FN46: 106.3468 | FO46: 106.3468 | FP46: 106.0592 | FQ46: 105.2004 | FR46: 105.2004 | FS46: 105.3257
A47: <VERB> | B47: 9103_7 | D47: =IF(LEFT($I$1,1)="1",VLOOKUP($A47,PPI_IPI_PGA_PGAI!$A:$E,2,FALSE),IF(LEFT($I$1,1)="2",VLOOKUP($A47,PPI_IPI_PGA_PGAI!$A:$E,3,FALSE),IF(LEFT($I$1,1)="3",VLOOKUP($A47,PPI_IPI_PGA_PGAI!$A:$E,4,FALSE),VLOOKUP($A47,PPI_IPI_PGA_PGAI!$A:$E,5,FALSE)))) -> Verbrauchsgüter | E47: 27.286 | G47: 107.9183 | H47: 108.0145 | I47: 108.1493 | J47: 108.3885 | K47: 108.5877 | L47: 108.2651 | M47: 108.1848 | N47: 107.9335 | O47: 106.8987 | P47: 106.3166 | Q47: 106.2436 | R47: 104.7265 | S47: 104.9677 | T47: 104.7776 | U47: 105.3074 | V47: 105.6118 | W47: 105.7862 | X47: 105.5779 | Y47: 105.6616 | Z47: 105.5308 | AA47: 105.4833 | AB47: 105.4293 | AC47: 105.5472 | AD47: 105.4729 | AE47: 105.6695 | AF47: 105.5622 | AG47: 105.2687 | AH47: 105.4557 | AI47: 105.6599 | AJ47: 106.1013 | AK47: 106.1735 | AL47: 106.1782 | AM47: 106.024 | AN47: 106.0152 | AO47: 106.1392 | AP47: 106.2172 | AQ47: 106.2676 | AR47: 106.3073 | AS47: 105.4141 | AT47: 105.4118 | AU47: 105.7876 | AV47: 105.5719 | AW47: 105.5347 | AX47: 105.5999 | AY47: 105.232 | AZ47: 105.1322 | BA47: 104.9944 | BB47: 104.9782 | BC47: 104.9527 | BD47: 104.8286 | BE47: 103.6346 | BF47: 103.0544 | BG47: 102.6216 | BH47: 101.8938 | BI47: 101.8736 | BJ47: 101.9292 | BK47: 101.4321 | BL47: 101.4544 | BM47: 101.5281 | BN47: 102.0482 | BO47: 102.1358 | BP47: 102.0673 | BQ47: 101.74 | BR47: 101.5631 | BS47: 101.7522 | BT47: 102.0219 | BU47: 102.2345 | BV47: 102.3793 | BW47: 101.9367 | BX47: 102.0266 | BY47: 102.0066 | BZ47: 101.9921 | CA47: 101.8436 | CB47: 101.8163 | CC47: 101.7774 | CD47: 101.7326 | CE47: 101.8645 | CF47: 102.0022 | CG47: 102.1525 | CH47: 102.12 | CI47: 101.9505 | CJ47: 102.3757 | CK47: 102.3916 | CL47: 102.5288 | CM47: 102.928 | CN47: 102.8222 | CO47: 102.7715 | CP47: 102.1237 | CQ47: 102.1565 | CR47: 102.087 | CS47: 102.5174 | CT47: 102.5318 | CU47: 102.5068 | CV47: 102.2918 | CW47: 102.3554 | CX47: 102.1377 | CY47: 102.1566 | CZ47: 101.6154 | DA47: 101.6885 | DB47: 101.8154 | DC47: 101.8864 | DD47: 101.7362 | DE47: 101.6641 | DF47: 101.6558 | DG47: 101.5664 | DH47: 101.2082 | DI47: 101.2335 | DJ47: 101.1372 | DK47: 101.3929 | DL47: 100.9315 | DM47: 100.7814 | DN47: 100.3649 | DO47: 100.2383 | DP47: 100.0821 | DQ47: 100.2056 | DR47: 100.2466 | DS47: 100.286 | DT47: 100.3759 | DU47: 100.4331 | DV47: 100.3356 | DW47: 100 | DX47: 99.9101 | DY47: 99.6745 | DZ47: 99.9174 | EA47: 100.1358 | EB47: 100.3034 | EC47: 100.4887 | ED47: 100.4365 | EE47: 100.1192 | EF47: 100.1761 | EG47: 100.1921 | EH47: 100.1218 | EI47: 99.8492 | EJ47: 99.8691 | EK47: 99.7638 | EL47: 100.1301 | EM47: 100.4195 | EN47: 100.799 | EO47: 101.2554 | EP47: 101.1903 | EQ47: 100.9093 | ER47: 101.2269 | ES47: 101.1992 | ET47: 100.9573 | EU47: 100.9637 | EV47: 100.8539 | EW47: 101.0945 | EX47: 102.0212 | EY47: 102.1104 | EZ47: 102.1313 | FA47: 102.0693 | FB47: 102.0526 | FC47: 101.8418 | FD47: 101.5821 | FE47: 101.6443 | FF47: 101.4688 | FG47: 100.9981 | FH47: 100.877 | FI47: 100.9573 | FJ47: 101.0811 | FK47: 101.2506 | FL47: 101.1533 | FM47: 101.3526 | FN47: 101.344 | FO47: 101.3511 | FP47: 101.2733 | FQ47: 101.2152 | FR47: 101.1709 | FS47: 101.059
A48: <ENER> | B48: 9103_8 | D48: =IF(LEFT($I$1,1)="1",VLOOKUP($A48,PPI_IPI_PGA_PGAI!$A:$E,2,FALSE),IF(LEFT($I$1,1)="2",VLOOKUP($A48,PPI_IPI_PGA_PGAI!$A:$E,3,FALSE),IF(LEFT($I$1,1)="3",VLOOKUP($A48,PPI_IPI_PGA_PGAI!$A:$E,4,FALSE),VLOOKUP($A48,PPI_IPI_PGA_PGAI!$A:$E,5,FALSE)))) -> Energie | E48: 6.333 | G48: 142.8148 | H48: 143.5148 | I48: 148.6371 | J48: 156.2724 | K48: 162.4327 | L48: 162.4318 | M48: 154.8959 | N48: 151.1554 | O48: 147.9253 | P48: 149.4864 | Q48: 153.3857 | R48: 154.3188 | S48: 158.6333 | T48: 158.1262 | U48: 160.8387 | V48: 165.9754 | W48: 169.3845 | X48: 165.0944 | Y48: 158.6206 | Z48: 153.7579 | AA48: 161.5235 | AB48: 168.5521 | AC48: 166.49 | AD48: 161.2011 | AE48: 160.664 | AF48: 158.7218 | AG48: 162.2009 | AH48: 160.8697 | AI48: 160.4314 | AJ48: 153.5068 | AK48: 154.3377 | AL48: 155.0177 | AM48: 159.7856 | AN48: 162.0983 | AO48: 156.2949 | AP48: 155.0959 | AQ48: 155.9261 | AR48: 155.4226 | AS48: 153.2053 | AT48: 154.0813 | AU48: 151.9828 | AV48: 152.7474 | AW48: 153.2327 | AX48: 155.0427 | AY48: 152.2636 | AZ48: 150.7778 | BA48: 148.6403 | BB48: 142.7776 | BC48: 133.3906 | BD48: 121.6906 | BE48: 113.7357 | BF48: 122.3684 | BG48: 119.3966 | BH48: 125.3602 | BI48: 125.0857 | BJ48: 123.2326 | BK48: 118.2484 | BL48: 116.6005 | BM48: 114.7902 | BN48: 118.2893 | BO48: 109.9301 | BP48: 102.4818 | BQ48: 97.6382 | BR48: 97.5808 | BS48: 100.2861 | BT48: 104.2403 | BU48: 109.2395 | BV48: 108.4819 | BW48: 101.9518 | BX48: 106.9453 | BY48: 109.477 | BZ48: 110.3107 | CA48: 112.6513 | CB48: 118.5658 | CC48: 116.2451 | CD48: 115.5355 | CE48: 113.4736 | CF48: 110.6881 | CG48: 109.8113 | CH48: 108.6169 | CI48: 112.4474 | CJ48: 116.1172 | CK48: 116.9068 | CL48: 121.2807 | CM48: 121.9847 | CN48: 125.6084 | CO48: 125.1075 | CP48: 122.1483 | CQ48: 126.6376 | CR48: 133.3742 | CS48: 135.0584 | CT48: 136.4159 | CU48: 136.8317 | CV48: 139.4891 | CW48: 147.4545 | CX48: 147.4264 | CY48: 134.4647 | CZ48: 122.3042 | DA48: 126.5822 | DB48: 131.3185 | DC48: 131.5041 | DD48: 135.3881 | DE48: 127.6426 | DF48: 127.7513 | DG48: 127.2549 | DH48: 124.2519 | DI48: 125.1216 | DJ48: 124.6745 | DK48: 125.7139 | DL48: 126.958 | DM48: 115.5902 | DN48: 110.2352 | DO48: 90.0987 | DP48: 86.8548 | DQ48: 96.7374 | DR48: 100.7657 | DS48: 99.522 | DT48: 98.849 | DU48: 95.5254 | DV48: 92.1264 | DW48: 100 | DX48: 103.109 | DY48: 106.2652 | DZ48: 113.8761 | EA48: 113.7376 | EB48: 117.3307 | EC48: 117.5959 | ED48: 122.599 | EE48: 123.2969 | EF48: 125.0491 | EG48: 134.9072 | EH48: 144.9292 | EI48: 141.2516 | EJ48: 150.7794 | EK48: 159.1409 | EL48: 171.9819 | EM48: 182.2133 | EN48: 196.6155 | EO48: 203.0834 | EP48: 204.5808 | EQ48: 200.1262 | ER48: 201.7057 | ES48: 203.6016 | ET48: 202.0526 | EU48: 182.9126 | EV48: 194.9578 | EW48: 186.9767 | EX48: 184.8436 | EY48: 180.5103 | EZ48: 175.9803 | FA48: 180.2394 | FB48: 179.7236 | FC48: 190.5694 | FD48: 191.0985 | FE48: 197.6753 | FF48: 188.5416 | FG48: 176.8265 | FH48: 171.5829 | FI48: 178.6248 | FJ48: 179.0261 | FK48: 182.2475 | FL48: 183.1579 | FM48: 179.3963 | FN48: 182.5403 | FO48: 176.7809 | FP48: 175.0065 | FQ48: 173.1759 | FR48: 171.0486 | FS48: 171.3892
A49: <RECY> | B49: 9103_9 | D49: =IF(LEFT($I$1,1)="1",VLOOKUP($A49,PPI_IPI_PGA_PGAI!$A:$E,2,FALSE),IF(LEFT($I$1,1)="2",VLOOKUP($A49,PPI_IPI_PGA_PGAI!$A:$E,3,FALSE),IF(LEFT($I$1,1)="3",VLOOKUP($A49,PPI_IPI_PGA_PGAI!$A:$E,4,FALSE),VLOOKUP($A49,PPI_IPI_PGA_PGAI!$A:$E,5,FALSE)))) -> Abwasserentsorgung, Recycling | E49: 0.9031 | G49: 194.2407 | H49: 215.2985 | I49: 209.9439 | J49: 212.2345 | K49: 204.8152 | L49: 202.3952 | M49: 202.4707 | N49: 197.6212 | O49: 185.1815 | P49: 190.1695 | Q49: 185.4008 | R49: 175.5536 | S49: 178.9466 | T49: 192.2245 | U49: 178.6757 | V49: 184.2503 | W49: 183.8348 | X49: 181.5852 | Y49: 167.3893 | Z49: 157.3251 | AA49: 162.6361 | AB49: 163.4021 | AC49: 153.1607 | AD49: 159.2237 | AE49: 164.0149 | AF49: 165.6462 | AG49: 164.1561 | AH49: 164.0914 | AI49: 163.9988 | AJ49: 160.6307 | AK49: 146.3808 | AL49: 145.3315 | AM49: 152.0021 | AN49: 155.1022 | AO49: 149.3315 | AP49: 153.7238 | AQ49: 153.7416 | AR49: 156.0464 | AS49: 152.1332 | AT49: 145.463 | AU49: 153.1945 | AV49: 152.8828 | AW49: 150.2415 | AX49: 150.1228 | AY49: 150.6329 | AZ49: 154.9648 | BA49: 148.6662 | BB49: 140.8449 | BC49: 140.6536 | BD49: 141.761 | BE49: 120.1388 | BF49: 120.0981 | BG49: 125.4383 | BH49: 130.3171 | BI49: 130.4389 | BJ49: 125.2373 | BK49: 118.8728 | BL49: 118.644 | BM49: 101.7214 | BN49: 101.4341 | BO49: 103.9487 | BP49: 101.2443 | BQ49: 99.8563 | BR49: 108.1077 | BS49: 116.9504 | BT49: 150.1281 | BU49: 121.8455 | BV49: 118.7139 | BW49: 117.0867 | BX49: 121.0008 | BY49: 112.1628 | BZ49: 130.3077 | CA49: 133.9989 | CB49: 146.3427 | CC49: 133.5557 | CD49: 149.251 | CE49: 145.8904 | CF49: 148.369 | CG49: 141.0896 | CH49: 144.4848 | CI49: 152.2232 | CJ49: 164.0307 | CK49: 152.2229 | CL49: 159.2767 | CM49: 162.8784 | CN49: 167.7458 | CO49: 155.0298 | CP49: 162.9811 | CQ49: 160.2094 | CR49: 162.5546 | CS49: 162.5753 | CT49: 161.6322 | CU49: 152.1451 | CV49: 130.9492 | CW49: 121.718 | CX49: 120.7981 | CY49: 120.7878 | CZ49: 114.056 | DA49: 113.2124 | DB49: 114.9523 | DC49: 114.9669 | DD49: 111.6734 | DE49: 109.8877 | DF49: 105.0979 | DG49: 100.5825 | DH49: 90.3251 | DI49: 82.6078 | DJ49: 87.1741 | DK49: 94.0966 | DL49: 99.989 | DM49: 83.3223 | DN49: 89.1837 | DO49: 80.5311 | DP49: 84.9781 | DQ49: 83.0217 | DR49: 77.326 | DS49: 77.736 | DT49: 83.3314 | DU49: 83.3408 | DV49: 91.0356 | DW49: 100 | DX49: 106.5117 | DY49: 105.4924 | DZ49: 108.3162 | EA49: 107.642 | EB49: 109.1749 | EC49: 114.0424 | ED49: 114.6286 | EE49: 112.7691 | EF49: 109.1483 | EG49: 105.9552 | EH49: 107.5454 | EI49: 107.7788 | EJ49: 107.3797 | EK49: 108.9238 | EL49: 114.9447 | EM49: 117.956 | EN49: 112.441 | EO49: 105.5442 | EP49: 100.072 | EQ49: 100.3322 | ER49: 99.8459 | ES49: 100.0237 | ET49: 98.8843 | EU49: 99.4261 | EV49: 100.0338 | EW49: 100.9136 | EX49: 99.2826 | EY49: 99.2728 | EZ49: 95.7999 | FA49: 93.5284 | FB49: 92.422 | FC49: 91.3985 | FD49: 91.7396 | FE49: 91.8686 | FF49: 91.8037 | FG49: 92.7573 | FH49: 93.5461 | FI49: 93.8127 | FJ49: 93.0926 | FK49: 93.3268 | FL49: 93.3182 | FM49: 93.4776 | FN49: 92.8811 | FO49: 92.0747 | FP49: 90.5848 | FQ49: 89.8185 | FR49: 89.7741 | FS49: 89.1406
A51: <CLASS> | D51: =IF(LEFT($I$1,1)="1",VLOOKUP($A51,PPI_IPI_PGA_PGAI!$A:$E,2,FALSE),IF(LEFT($I$1,1)="2",VLOOKUP($A51,PPI_IPI_PGA_PGAI!$A:$E,3,FALSE),IF(LEFT($I$1,1)="3",VLOOKUP($A51,PPI_IPI_PGA_PGAI!$A:$E,4,FALSE),VLOOKUP($A51,PPI_IPI_PGA_PGAI!$A:$E,5,FALSE)))) -> Sondergliederungen
A52: <CORE INFL3> | B52: 9303_2 | D52: =IF(LEFT($I$1,1)="1",VLOOKUP($A52,PPI_IPI_PGA_PGAI!$A:$E,2,FALSE),IF(LEFT($I$1,1)="2",VLOOKUP($A52,PPI_IPI_PGA_PGAI!$A:$E,3,FALSE),IF(LEFT($I$1,1)="3",VLOOKUP($A52,PPI_IPI_PGA_PGAI!$A:$E,4,FALSE),VLOOKUP($A52,PPI_IPI_PGA_PGAI!$A:$E,5,FALSE)))) -> Kerninflation 3) | E52: 85.8899 | G52: 108.867 | H52: 108.8721 | I52: 109.0449 | J52: 109.1228 | K52: 109.0407 | L52: 109.1626 | M52: 109.0802 | N52: 108.6985 | O52: 107.7762 | P52: 107.5872 | Q52: 106.7457 | R52: 106.1039 | S52: 106.2353 | T52: 106.1783 | U52: 106.5603 | V52: 106.6531 | W52: 106.3797 | X52: 106.2718 | Y52: 106.2152 | Z52: 106.0944 | AA52: 106.0408 | AB52: 106.0227 | AC52: 105.9687 | AD52: 106.0486 | AE52: 106.0542 | AF52: 105.9237 | AG52: 105.8881 | AH52: 105.9253 | AI52: 106.0187 | AJ52: 106.2055 | AK52: 106.2303 | AL52: 106.2476 | AM52: 106.2524 | AN52: 106.2275 | AO52: 106.0769 | AP52: 106.1288 | AQ52: 106.1286 | AR52: 106.156 | AS52: 105.7362 | AT52: 105.7392 | AU52: 105.6294 | AV52: 105.5287 | AW52: 105.4992 | AX52: 105.3701 | AY52: 105.3292 | AZ52: 105.3209 | BA52: 105.1878 | BB52: 105.0497 | BC52: 105.0545 | BD52: 105.0603 | BE52: 103.9049 | BF52: 103.6822 | BG52: 101.5408 | BH52: 100.5419 | BI52: 100.5388 | BJ52: 100.3635 | BK52: 100.1128 | BL52: 100.1261 | BM52: 100.2313 | BN52: 100.5758 | BO52: 100.5418 | BP52: 100.5419 | BQ52: 100.2499 | BR52: 100.1652 | BS52: 100.1886 | BT52: 100.0575 | BU52: 100.1976 | BV52: 100.1967 | BW52: 100.2767 | BX52: 100.3484 | BY52: 100.3422 | BZ52: 100.229 | CA52: 100.1736 | CB52: 100.1047 | CC52: 100.1652 | CD52: 100.1775 | CE52: 100.0657 | CF52: 100.1073 | CG52: 100.109 | CH52: 100.1274 | CI52: 100.4208 | CJ52: 100.6002 | CK52: 101.1114 | CL52: 101.3681 | CM52: 101.5522 | CN52: 101.6392 | CO52: 101.8346 | CP52: 101.5833 | CQ52: 101.8546 | CR52: 102.0475 | CS52: 102.2638 | CT52: 102.3262 | CU52: 102.4553 | CV52: 102.3452 | CW52: 102.2065 | CX52: 102.1261 | CY52: 102.1076 | CZ52: 101.9701 | DA52: 102.0372 | DB52: 102.048 | DC52: 102.0706 | DD52: 101.8724 | DE52: 101.8672 | DF52: 101.8615 | DG52: 101.6802 | DH52: 101.5589 | DI52: 101.3776 | DJ52: 101.1139 | DK52: 101.1619 | DL52: 101.0023 | DM52: 100.8296 | DN52: 100.6634 | DO52: 100.4444 | DP52: 100.1619 | DQ52: 100.1727 | DR52: 100.1463 | DS52: 99.8625 | DT52: 99.863 | DU52: 100.0043 | DV52: 99.9896 | DW52: 100 | DX52: 100.0341 | DY52: 100.1767 | DZ52: 100.2243 | EA52: 100.8095 | EB52: 101.4476 | EC52: 101.612 | ED52: 101.9021 | EE52: 102.4807 | EF52: 102.5317 | EG52: 102.9088 | EH52: 103.0986 | EI52: 103.1386 | EJ52: 103.2864 | EK52: 103.5938 | EL52: 103.7668 | EM52: 104.539 | EN52: 105.3006 | EO52: 105.7959 | EP52: 106.0316 | EQ52: 106.2458 | ER52: 106.4417 | ES52: 106.4917 | ET52: 106.3223 | EU52: 106.4768 | EV52: 106.7184 | EW52: 106.9109 | EX52: 107.4003 | EY52: 107.8529 | EZ52: 107.6945 | FA52: 107.7603 | FB52: 107.7144 | FC52: 107.1604 | FD52: 107.0054 | FE52: 106.8117 | FF52: 106.4568 | FG52: 106.3298 | FH52: 105.9703 | FI52: 105.7315 | FJ52: 105.7618 | FK52: 105.9845 | FL52: 106.0774 | FM52: 106.1199 | FN52: 106.1576 | FO52: 106.1447 | FP52: 106.0536 | FQ52: 105.7945 | FR52: 105.5117 | FS52: 105.4625
A54: <KOMMPGAI_1> | C54: =IF(LEFT($I$1,1)="1",VLOOKUP($A54,PPI_IPI_PGA_PGAI!$A:$E,2,FALSE),IF(LEFT($I$1,1)="2",VLOOKUP($A54,PPI_IPI_PGA_PGAI!$A:$E,3,FALSE),IF(LEFT($I$1,1)="3",VLOOKUP($A54,PPI_IPI_PGA_PGAI!$A:$E,4,FALSE),VLOOKUP($A54,PPI_IPI_PGA_PGAI!$A:$E,5,FALSE)))) -> 1) Gewichtung der Preisindizes des Gesamtangebots im Inland auf der Basis Dezember 2020 = 100.
A55: <KOMMPGAI_2> | C55: =IF(LEFT($I$1,1)="1",VLOOKUP($A55,PPI_IPI_PGA_PGAI!$A:$E,2,FALSE),IF(LEFT($I$1,1)="2",VLOOKUP($A55,PPI_IPI_PGA_PGAI!$A:$E,3,FALSE),IF(LEFT($I$1,1)="3",VLOOKUP($A55,PPI_IPI_PGA_PGAI!$A:$E,4,FALSE),VLOOKUP($A55,PPI_IPI_PGA_PGAI!$A:$E,5,FALSE)))) -> 2) Total von Produzentenpreisindex, Inlandabsatz (Anteil: 45,7786%) und Importpreisindex (Anteil: 54,2214%).
A56: <KOMMPGAI_3> | C56: =IF(LEFT($I$1,1)="1",VLOOKUP($A56,PPI_IPI_PGA_PGAI!$A:$E,2,FALSE),IF(LEFT($I$1,1)="2",VLOOKUP($A56,PPI_IPI_PGA_PGAI!$A:$E,3,FALSE),IF(LEFT($I$1,1)="3",VLOOKUP($A56,PPI_IPI_PGA_PGAI!$A:$E,4,FALSE),VLOOKUP($A56,PPI_IPI_PGA_PGAI!$A:$E,5,FALSE)))) -> 3) Total ohne Rohstoffe sowie rohstoffnahe und schwankungsintensive Produktgruppen (insbesondere landwirtschaftliche Produkte, Fleisch, Mineralölprodukte, Metalle, Gas).
A57: <KOMMPGAI_4> | C57: =IF(LEFT($I$1,1)="1",VLOOKUP($A57,PPI_IPI_PGA_PGAI!$A:$E,2,FALSE),IF(LEFT($I$1,1)="2",VLOOKUP($A57,PPI_IPI_PGA_PGAI!$A:$E,3,FALSE),IF(LEFT($I$1,1)="3",VLOOKUP($A57,PPI_IPI_PGA_PGAI!$A:$E,4,FALSE),VLOOKUP($A57,PPI_IPI_PGA_PGAI!$A:$E,5,FALSE)))) -> 4) Insbesondere medizinische und zahnmedizinische Apparate und Materialien.
A59: <©_BFS> | C59: =IF(LEFT($I$1,1)="1",VLOOKUP($A59,PPI_IPI_PGA_PGAI!$A:$E,2,FALSE),IF(LEFT($I$1,1)="2",VLOOKUP($A59,PPI_IPI_PGA_PGAI!$A:$E,3,FALSE),IF(LEFT($I$1,1)="3",VLOOKUP($A59,PPI_IPI_PGA_PGAI!$A:$E,4,FALSE),VLOOKUP($A59,PPI_IPI_PGA_PGAI!$A:$E,5,FALSE)))) -> © Bundesamt für Statistik, Espace de l'Europe 10, CH-2010 Neuchâtel
A60: <AUSK> | C60: =IF(LEFT($I$1,1)="1",VLOOKUP($A60,PPI_IPI_PGA_PGAI!$A:$E,2,FALSE),IF(LEFT($I$1,1)="2",VLOOKUP($A60,PPI_IPI_PGA_PGAI!$A:$E,3,FALSE),IF(LEFT($I$1,1)="3",VLOOKUP($A60,PPI_IPI_PGA_PGAI!$A:$E,4,FALSE),VLOOKUP($A60,PPI_IPI_PGA_PGAI!$A:$E,5,FALSE)))) -> Auskunft: PPI@bfs.admin.ch, 058 / 463 66 06
C61: http://www.PPI.bfs.admin.ch

Sheet INDEX_y
I1: 1
A2: <PPIIPI> | B2: <©_BFS> | C2: =IF(LEFT($I$1,1)="1",VLOOKUP($A2,PPI_IPI_PGA_PGAI!$A:$E,2,FALSE),IF(LEFT($I$1,1)="2",VLOOKUP($A2,PPI_IPI_PGA_PGAI!$A:$E,3,FALSE),IF(LEFT($I$1,1)="3",VLOOKUP($A2,PPI_IPI_PGA_PGAI!$A:$E,4,FALSE),VLOOKUP($A2,PPI_IPI_PGA_PGAI!$A:$E,5,FALSE)))) -> PRODUZENTEN- UND IMPORTPREISINDEX | E2: =IF(LEFT($I$1,1)="1",VLOOKUP($B2,PPI_IPI_PGA_PGAI!$A:$E,2,FALSE),IF(LEFT($I$1,1)="2",VLOOKUP($B2,PPI_IPI_PGA_PGAI!$A:$E,3,FALSE),IF(LEFT($I$1,1)="3",VLOOKUP($B2,PPI_IPI_PGA_PGAI!$A:$E,4,FALSE),VLOOKUP($B2,PPI_IPI_PGA_PGAI!$A:$E,5,FALSE)))) -> © Bundesamt für Statistik, Espace de l'Europe 10, CH-2010 Neuchâtel | H2: Sprache / Langue / Lingua / Language
B3: <AUSK> | E3: =IF(LEFT($I$1,1)="1",VLOOKUP($B3,PPI_IPI_PGA_PGAI!$A:$E,2,FALSE),IF(LEFT($I$1,1)="2",VLOOKUP($B3,PPI_IPI_PGA_PGAI!$A:$E,3,FALSE),IF(LEFT($I$1,1)="3",VLOOKUP($B3,PPI_IPI_PGA_PGAI!$A:$E,4,FALSE),VLOOKUP($B3,PPI_IPI_PGA_PGAI!$A:$E,5,FALSE)))) -> Auskunft: PPI@bfs.admin.ch, 058 / 463 66 06
A4: <PGAI> | C4: =IF(LEFT($I$1,1)="1",VLOOKUP($A4,PPI_IPI_PGA_PGAI!$A:$E,2,FALSE),IF(LEFT($I$1,1)="2",VLOOKUP($A4,PPI_IPI_PGA_PGAI!$A:$E,3,FALSE),IF(LEFT($I$1,1)="3",VLOOKUP($A4,PPI_IPI_PGA_PGAI!$A:$E,4,FALSE),VLOOKUP($A4,PPI_IPI_PGA_PGAI!$A:$E,5,FALSE)))) -> PREISINDEX DES GESAMTANGEBOTS IM INLAND (PGAI) | E4: http://www.PPI.bfs.admin.ch
A7: <BAS2020_KURZ> | C7: =IF(LEFT($I$1,1)="1",VLOOKUP($A7,PPI_IPI_PGA_PGAI!$A:$E,2,FALSE),IF(LEFT($I$1,1)="2",VLOOKUP($A7,PPI_IPI_PGA_PGAI!$A:$E,3,FALSE),IF(LEFT($I$1,1)="3",VLOOKUP($A7,PPI_IPI_PGA_PGAI!$A:$E,4,FALSE),VLOOKUP($A7,PPI_IPI_PGA_PGAI!$A:$E,5,FALSE)))) -> Basis Dez. 2020 = 100 | E7: <WEIGHT%>
A8: <PRODUCT-CODE> | B8: <PROD_GROUP> | C8: =IF(LEFT($I$1,1)="1",VLOOKUP($A8,PPI_IPI_PGA_PGAI!$A:$E,2,FALSE),IF(LEFT($I$1,1)="2",VLOOKUP($A8,PPI_IPI_PGA_PGAI!$A:$E,3,FALSE),IF(LEFT($I$1,1)="3",VLOOKUP($A8,PPI_IPI_PGA_PGAI!$A:$E,4,FALSE),VLOOKUP($A8,PPI_IPI_PGA_PGAI!$A:$E,5,FALSE)))) -> Produktcode | D8: =IF(LEFT($I$1,1)="1",VLOOKUP(B$8,PPI_IPI_PGA_PGAI!$A:$E,2,FALSE),IF(LEFT($I$1,1)="2",VLOOKUP(B$8,PPI_IPI_PGA_PGAI!$A:$E,3,FALSE),IF(LEFT($I$1,1)="3",VLOOKUP(B$8,PPI_IPI_PGA_PGAI!$A:$E,4,FALSE),VLOOKUP(B$8,PPI_IPI_PGA_PGAI!$A:$E,5,FALSE)))) -> Produktgruppen | E8: =IF(LEFT($I$1,1)="1",VLOOKUP(E$7,PPI_IPI_PGA_PGAI!$A:$E,2,FALSE),IF(LEFT($I$1,1)="2",VLOOKUP(E$7,PPI_IPI_PGA_PGAI!$A:$E,3,FALSE),IF(LEFT($I$1,1)="3",VLOOKUP(E$7,PPI_IPI_PGA_PGAI!$A:$E,4,FALSE),VLOOKUP(E$7,PPI_IPI_PGA_PGAI!$A:$E,5,FALSE)))) -> Gewicht in % | G8: 2011 | H8: 2012 | I8: 2013 | J8: 2014 | K8: 2015 | L8: 2016 | M8: 2017 | N8: 2018 | O8: 2019 | P8: 2020 | Q8: 2021 | R8: 2022 | S8: 2023 | T8: 2024
A9: <PR_PGAI_2> | B9: 4002_1 | D9: =IF(LEFT($I$1,1)="1",VLOOKUP($A9,PPI_IPI_PGA_PGAI!$A:$E,2,FALSE),IF(LEFT($I$1,1)="2",VLOOKUP($A9,PPI_IPI_PGA_PGAI!$A:$E,3,FALSE),IF(LEFT($I$1,1)="3",VLOOKUP($A9,PPI_IPI_PGA_PGAI!$A:$E,4,FALSE),VLOOKUP($A9,PPI_IPI_PGA_PGAI!$A:$E,5,FALSE)))) -> Preisindizes des Gesamtangebots im Inland: Total 2) | E9: 100 | G9: 111.8513 | H9: 110.4341 | I9: 110.131 | J9: 108.8902 | K9: 102.239 | L9: 100.1875 | M9: 101.8165 | N9: 104.7914 | O9: 103.3743 | P9: 99.9844 | Q9: 103.7252 | R9: 111.9058 | S9: 112.6256 | T9: 110.908
A10: <PGAI.A> | B10: 9103_2 | C10: A | D10: =IF(LEFT($I$1,1)="1",VLOOKUP($A10,PPI_IPI_PGA_PGAI!$A:$E,2,FALSE),IF(LEFT($I$1,1)="2",VLOOKUP($A10,PPI_IPI_PGA_PGAI!$A:$E,3,FALSE),IF(LEFT($I$1,1)="3",VLOOKUP($A10,PPI_IPI_PGA_PGAI!$A:$E,4,FALSE),VLOOKUP($A10,PPI_IPI_PGA_PGAI!$A:$E,5,FALSE)))) -> Land- und forstwirtschaftliche Produkte | E10: 3.1599 | G10: 98.3924 | H10: 96.4577 | I10: 101.0232 | J10: 101.8597 | K10: 97.4251 | L10: 96.9892 | M10: 97.1884 | N10: 98.3471 | O10: 98.7564 | P10: 100.1811 | Q10: 103.174 | R10: 109.2513 | S10: 110.5486 | T10: 113.6477
A11: <PGAI.01> | B11: 4002_1001 | C11: 01 | D11: =IF(LEFT($I$1,1)="1",VLOOKUP($A11,PPI_IPI_PGA_PGAI!$A:$E,2,FALSE),IF(LEFT($I$1,1)="2",VLOOKUP($A11,PPI_IPI_PGA_PGAI!$A:$E,3,FALSE),IF(LEFT($I$1,1)="3",VLOOKUP($A11,PPI_IPI_PGA_PGAI!$A:$E,4,FALSE),VLOOKUP($A11,PPI_IPI_PGA_PGAI!$A:$E,5,FALSE)))) -> Landwirtschaftliche Produkte | E11: 3.0535 | G11: 98.0941 | H11: 96.2961 | I11: 101.0357 | J11: 101.7653 | K11: 97.2085 | L11: 96.8453 | M11: 97.0489 | N11: 98.1929 | O11: 98.6452 | P11: 100.1546 | Q11: 103.2472 | R11: 108.9886 | S11: 109.902 | T11: 113.2452
A12: <PGAI.02> | B12: 4002_2001 | C12: 02 | D12: =IF(LEFT($I$1,1)="1",VLOOKUP($A12,PPI_IPI_PGA_PGAI!$A:$E,2,FALSE),IF(LEFT($I$1,1)="2",VLOOKUP($A12,PPI_IPI_PGA_PGAI!$A:$E,3,FALSE),IF(LEFT($I$1,1)="3",VLOOKUP($A12,PPI_IPI_PGA_PGAI!$A:$E,4,FALSE),VLOOKUP($A12,PPI_IPI_PGA_PGAI!$A:$E,5,FALSE)))) -> Forstwirtschaftliche Produkte | E12: 0.1064 | G12: 109.2817 | H12: 102.3025 | I12: 100.4218 | J12: 105.2114 | K12: 105.2949 | L12: 102.1841 | M12: 102.2273 | N12: 103.9169 | O12: 102.7709 | P12: 101.1373 | Q12: 101.0739 | R12: 116.7899 | S12: 129.1063 | T12: 125.1992
A13: <PGAI.B> | B13: 4002_5000 | C13: B | D13: =IF(LEFT($I$1,1)="1",VLOOKUP($A13,PPI_IPI_PGA_PGAI!$A:$E,2,FALSE),IF(LEFT($I$1,1)="2",VLOOKUP($A13,PPI_IPI_PGA_PGAI!$A:$E,3,FALSE),IF(LEFT($I$1,1)="3",VLOOKUP($A13,PPI_IPI_PGA_PGAI!$A:$E,4,FALSE),VLOOKUP($A13,PPI_IPI_PGA_PGAI!$A:$E,5,FALSE)))) -> Bergbauprodukte | E13: 1.4357 | G13: 180.3153 | H13: 194.8299 | I13: 190.9267 | J13: 176.0567 | K13: 125.6989 | L13: 107.1389 | M13: 118.2126 | N13: 139.0868 | O13: 125.3194 | P13: 100.8234 | Q13: 133.366 | R13: 235.7444 | S13: 210.0717 | T13: 165.2706
A14: <PGAI.C> | B14: 4002_10330 | C14: C | D14: =IF(LEFT($I$1,1)="1",VLOOKUP($A14,PPI_IPI_PGA_PGAI!$A:$E,2,FALSE),IF(LEFT($I$1,1)="2",VLOOKUP($A14,PPI_IPI_PGA_PGAI!$A:$E,3,FALSE),IF(LEFT($I$1,1)="3",VLOOKUP($A14,PPI_IPI_PGA_PGAI!$A:$E,4,FALSE),VLOOKUP($A14,PPI_IPI_PGA_PGAI!$A:$E,5,FALSE)))) -> Verarbeitete Produkte | E14: 90.8174 | G14: 111.5938 | H14: 109.816 | I14: 109.3907 | J14: 108.2118 | K14: 101.9922 | L14: 99.963 | M14: 101.2685 | N14: 104.071 | O14: 103.1982 | P14: 100.0983 | Q14: 103.3319 | R14: 109.9787 | S14: 109.8272 | T14: 107.883
A15: <PGAI.10> | B15: 4002_10001 | C15: 10 | D15: =IF(LEFT($I$1,1)="1",VLOOKUP($A15,PPI_IPI_PGA_PGAI!$A:$E,2,FALSE),IF(LEFT($I$1,1)="2",VLOOKUP($A15,PPI_IPI_PGA_PGAI!$A:$E,3,FALSE),IF(LEFT($I$1,1)="3",VLOOKUP($A15,PPI_IPI_PGA_PGAI!$A:$E,4,FALSE),VLOOKUP($A15,PPI_IPI_PGA_PGAI!$A:$E,5,FALSE)))) -> Nahrungs- und Futtermittel | E15: 9.6545 | G15: 99.5777 | H15: 98.7239 | I15: 99.8082 | J15: 100.4627 | K15: 98.1658 | L15: 98.0476 | M15: 97.869 | N15: 98.6896 | O15: 99.1981 | P15: 99.6508 | Q15: 100.5604 | R15: 103.4182 | S15: 106.897 | T15: 108.7209
A16: <PGAI.11> | B16: 4002_11001 | C16: 11 | D16: =IF(LEFT($I$1,1)="1",VLOOKUP($A16,PPI_IPI_PGA_PGAI!$A:$E,2,FALSE),IF(LEFT($I$1,1)="2",VLOOKUP($A16,PPI_IPI_PGA_PGAI!$A:$E,3,FALSE),IF(LEFT($I$1,1)="3",VLOOKUP($A16,PPI_IPI_PGA_PGAI!$A:$E,4,FALSE),VLOOKUP($A16,PPI_IPI_PGA_PGAI!$A:$E,5,FALSE)))) -> Getränke | E16: 1.127 | G16: 98.2667 | H16: 97.1924 | I16: 97.4587 | J16: 98.4178 | K16: 96.9427 | L16: 96.7673 | M16: 97.1792 | N16: 98.6828 | O16: 100.7636 | P16: 100.662 | Q16: 100.2492 | R16: 101.3348 | S16: 104.312 | T16: 105.5654
A17: <PGAI.12> | B17: 4002_12001 | C17: 12 | D17: =IF(LEFT($I$1,1)="1",VLOOKUP($A17,PPI_IPI_PGA_PGAI!$A:$E,2,FALSE),IF(LEFT($I$1,1)="2",VLOOKUP($A17,PPI_IPI_PGA_PGAI!$A:$E,3,FALSE),IF(LEFT($I$1,1)="3",VLOOKUP($A17,PPI_IPI_PGA_PGAI!$A:$E,4,FALSE),VLOOKUP($A17,PPI_IPI_PGA_PGAI!$A:$E,5,FALSE)))) -> Tabakprodukte | E17: 0.2732 | G17: 69.4482 | H17: 76.0925 | I17: 82.7601 | J17: 87.6536 | K17: 91.3355 | L17: 92.579 | M17: 92.8498 | N17: 96.4129 | O17: 97.5861 | P17: 99.5312 | Q17: 101.8558 | R17: 104.2302 | S17: 105.4805 | T17: 107.1828
A18: <PGAI.13> | B18: 4002_13001 | C18: 13 | D18: =IF(LEFT($I$1,1)="1",VLOOKUP($A18,PPI_IPI_PGA_PGAI!$A:$E,2,FALSE),IF(LEFT($I$1,1)="2",VLOOKUP($A18,PPI_IPI_PGA_PGAI!$A:$E,3,FALSE),IF(LEFT($I$1,1)="3",VLOOKUP($A18,PPI_IPI_PGA_PGAI!$A:$E,4,FALSE),VLOOKUP($A18,PPI_IPI_PGA_PGAI!$A:$E,5,FALSE)))) -> Textilien | E18: 0.8184 | G18: 102.9535 | H18: 100.2105 | I18: 101.2201 | J18: 101.4196 | K18: 98.9367 | L18: 99.4445 | M18: 98.9726 | N18: 102.4081 | O18: 101.9353 | P18: 100.0118 | Q18: 101.5381 | R18: 106.6068 | S18: 108.6949 | T18: 107.8882
A19: <PGAI.14> | B19: 4002_14001 | C19: 14 | D19: =IF(LEFT($I$1,1)="1",VLOOKUP($A19,PPI_IPI_PGA_PGAI!$A:$E,2,FALSE),IF(LEFT($I$1,1)="2",VLOOKUP($A19,PPI_IPI_PGA_PGAI!$A:$E,3,FALSE),IF(LEFT($I$1,1)="3",VLOOKUP($A19,PPI_IPI_PGA_PGAI!$A:$E,4,FALSE),VLOOKUP($A19,PPI_IPI_PGA_PGAI!$A:$E,5,FALSE)))) -> Bekleidung | E19: 2.1653 | G19: 104.1645 | H19: 104.2195 | I19: 104.1559 | J19: 103.9005 | K19: 99.586 | L19: 99.2506 | M19: 100.0661 | N19: 101.6487 | O19: 102.3495 | P19: 99.8104 | Q19: 99.9868 | R19: 100.5525 | S19: 101.0065 | T19: 101.5977
A20: <PGAI.15> | B20: 4002_15001 | C20: 15 | D20: =IF(LEFT($I$1,1)="1",VLOOKUP($A20,PPI_IPI_PGA_PGAI!$A:$E,2,FALSE),IF(LEFT($I$1,1)="2",VLOOKUP($A20,PPI_IPI_PGA_PGAI!$A:$E,3,FALSE),IF(LEFT($I$1,1)="3",VLOOKUP($A20,PPI_IPI_PGA_PGAI!$A:$E,4,FALSE),VLOOKUP($A20,PPI_IPI_PGA_PGAI!$A:$E,5,FALSE)))) -> Leder, Lederwaren und Schuhe | E20: 1.073 | G20: 94.7402 | H20: 96.8458 | I20: 98.9325 | J20: 98.997 | K20: 95.1403 | L20: 96.1511 | M20: 96.52 | N20: 100.6046 | O20: 101.6046 | P20: 100.8091 | Q20: 101.4618 | R20: 103.5191 | S20: 106.5096 | T20: 107.5493
A21: <PGAI.16> | B21: 4002_16001 | C21: 16 | D21: =IF(LEFT($I$1,1)="1",VLOOKUP($A21,PPI_IPI_PGA_PGAI!$A:$E,2,FALSE),IF(LEFT($I$1,1)="2",VLOOKUP($A21,PPI_IPI_PGA_PGAI!$A:$E,3,FALSE),IF(LEFT($I$1,1)="3",VLOOKUP($A21,PPI_IPI_PGA_PGAI!$A:$E,4,FALSE),VLOOKUP($A21,PPI_IPI_PGA_PGAI!$A:$E,5,FALSE)))) -> Holzprodukte | E21: 2.9561 | G21: 97.9511 | H21: 98.7564 | I21: 98.7773 | J21: 98.8305 | K21: 97.0043 | L21: 95.9739 | M21: 95.5903 | N21: 98.29 | O21: 100.162 | P21: 99.4893 | Q21: 103.8278 | R21: 115.8711 | S21: 120.8837 | T21: 121.5467
A22: <PGAI.17> | B22: 4002_17001 | C22: 17 | D22: =IF(LEFT($I$1,1)="1",VLOOKUP($A22,PPI_IPI_PGA_PGAI!$A:$E,2,FALSE),IF(LEFT($I$1,1)="2",VLOOKUP($A22,PPI_IPI_PGA_PGAI!$A:$E,3,FALSE),IF(LEFT($I$1,1)="3",VLOOKUP($A22,PPI_IPI_PGA_PGAI!$A:$E,4,FALSE),VLOOKUP($A22,PPI_IPI_PGA_PGAI!$A:$E,5,FALSE)))) -> Papier und Papierprodukte | E22: 1.2299 | G22: 113.253 | H22: 109.5416 | I22: 108.7988 | J22: 108.2996 | K22: 100.5496 | L22: 99.9457 | M22: 100.285 | N22: 105.1668 | O22: 104.1061 | P22: 100.5637 | Q22: 103.3996 | R22: 118.1719 | S22: 120.0382 | T22: 113.4633
A23: <PGAI.18> | B23: 4002_18001 | C23: 18 | D23: =IF(LEFT($I$1,1)="1",VLOOKUP($A23,PPI_IPI_PGA_PGAI!$A:$E,2,FALSE),IF(LEFT($I$1,1)="2",VLOOKUP($A23,PPI_IPI_PGA_PGAI!$A:$E,3,FALSE),IF(LEFT($I$1,1)="3",VLOOKUP($A23,PPI_IPI_PGA_PGAI!$A:$E,4,FALSE),VLOOKUP($A23,PPI_IPI_PGA_PGAI!$A:$E,5,FALSE)))) -> Druckerzeugnisse, Satzherstellung und Buchbinderei | E23: 0.8354 | G23: 114.0359 | H23: 109.4377 | I23: 110.1339 | J23: 107.0533 | K23: 102.6279 | L23: 101.637 | M23: 100.8095 | N23: 101.2825 | O23: 100.8104 | P23: 100.0037 | Q23: 100.1782 | R23: 106.8238 | S23: 112.0419 | T23: 112.0095
A24: <PGAI.19> | B24: 4002_19001 | C24: 19 | D24: =IF(LEFT($I$1,1)="1",VLOOKUP($A24,PPI_IPI_PGA_PGAI!$A:$E,2,FALSE),IF(LEFT($I$1,1)="2",VLOOKUP($A24,PPI_IPI_PGA_PGAI!$A:$E,3,FALSE),IF(LEFT($I$1,1)="3",VLOOKUP($A24,PPI_IPI_PGA_PGAI!$A:$E,4,FALSE),VLOOKUP($A24,PPI_IPI_PGA_PGAI!$A:$E,5,FALSE)))) -> Mineralölprodukte | E24: 1.9231 | G24: 209.5414 | H24: 225.5542 | I24: 215.2574 | J24: 200.2504 | K24: 137.779 | L24: 109.7171 | M24: 133.2396 | N24: 170.0232 | O24: 157.9171 | P24: 101.8544 | Q24: 145.7795 | R24: 261.049 | S24: 206.3758 | T24: 179.3785
A25: <PGAI.20> | B25: 4002_20001 | C25: 20 | D25: =IF(LEFT($I$1,1)="1",VLOOKUP($A25,PPI_IPI_PGA_PGAI!$A:$E,2,FALSE),IF(LEFT($I$1,1)="2",VLOOKUP($A25,PPI_IPI_PGA_PGAI!$A:$E,3,FALSE),IF(LEFT($I$1,1)="3",VLOOKUP($A25,PPI_IPI_PGA_PGAI!$A:$E,4,FALSE),VLOOKUP($A25,PPI_IPI_PGA_PGAI!$A:$E,5,FALSE)))) -> Chemische Produkte | E25: 6.749 | G25: 111.7806 | H25: 111.0075 | I25: 113.4359 | J25: 111.9968 | K25: 104.4662 | L25: 101.4854 | M25: 103.4832 | N25: 108.2096 | O25: 108.2059 | P25: 102.5796 | Q25: 106.2694 | R25: 115.889 | S25: 112.3248 | T25: 106.4033
A26: <PGAI.21> | B26: 4002_21001 | C26: 21 | D26: =IF(LEFT($I$1,1)="1",VLOOKUP($A26,PPI_IPI_PGA_PGAI!$A:$E,2,FALSE),IF(LEFT($I$1,1)="2",VLOOKUP($A26,PPI_IPI_PGA_PGAI!$A:$E,3,FALSE),IF(LEFT($I$1,1)="3",VLOOKUP($A26,PPI_IPI_PGA_PGAI!$A:$E,4,FALSE),VLOOKUP($A26,PPI_IPI_PGA_PGAI!$A:$E,5,FALSE)))) -> Pharmazeutische Produkte | E26: 10.6672 | G26: 122.8612 | H26: 118.9517 | I26: 118.0821 | J26: 115.7941 | K26: 110.9047 | L26: 109.586 | M26: 109.8929 | N26: 107.7624 | O26: 104.2738 | P26: 101.2825 | Q26: 99.4788 | R26: 97.4238 | S26: 95.6324 | T26: 92.2812
... A34: <PGAI.29> | B34: 4002_29001 | C34: 29 | D34: =IF(LEFT($I$1,1)="1",VLOOKUP($A34,PPI_IPI_PGA_PGAI!$A:$E,2,FALSE),IF(LEFT($I$1,1)="2",VLOOKUP($A34,PPI_IPI_PGA_PGAI!$A:$E,3,FALSE),IF(LEFT($I$1,1)="3",VLOOKUP($A34,PPI_IPI_PGA_PGAI!$A:$E,4,FALSE),VLOOKUP($A34,PPI_IPI_PGA_PGAI!$A:$E,5,FALSE)))) -> Automobile und Automobilteile | E34: 4.24 | G34: 114.0219 | H34: 109.961 | I34: 106.0673 | J34: 104.8315 | K34: 99.4533 | L34: 97.3792 | M34: 99.0889 | N34: 99.9719 | O34: 99.7587 | P34: 99.5642 | Q34: 100.912 | R34: 104.2644 | S34: 108.0714 | T34: 106.9937
A35: <PGAI.30> | B35: 4002_30001 | C35: 30 | D35: =IF(LEFT($I$1,1)="1",VLOOKUP($A35,PPI_IPI_PGA_PGAI!$A:$E,2,FALSE),IF(LEFT($I$1,1)="2",VLOOKUP($A35,PPI_IPI_PGA_PGAI!$A:$E,3,FALSE),IF(LEFT($I$1,1)="3",VLOOKUP($A35,PPI_IPI_PGA_PGAI!$A:$E,4,FALSE),VLOOKUP($A35,PPI_IPI_PGA_PGAI!$A:$E,5,FALSE)))) -> Sonstige Fahrzeuge | E35: 1.6224 | G35: … | H35: … | I35: … | J35: … | K35: … | L35: … | M35: … | N35: … | O35: … | P35: … | Q35: … | R35: … | S35: … | T35: …
A36: <PGAI.31> | B36: 4002_31001 | C36: 31 | D36: =IF(LEFT($I$1,1)="1",VLOOKUP($A36,PPI_IPI_PGA_PGAI!$A:$E,2,FALSE),IF(LEFT($I$1,1)="2",VLOOKUP($A36,PPI_IPI_PGA_PGAI!$A:$E,3,FALSE),IF(LEFT($I$1,1)="3",VLOOKUP($A36,PPI_IPI_PGA_PGAI!$A:$E,4,FALSE),VLOOKUP($A36,PPI_IPI_PGA_PGAI!$A:$E,5,FALSE)))) -> Möbel | E36: 1.4449 | G36: 101.225 | H36: 99.4757 | I36: 99.8028 | J36: 100.2854 | K36: 97.3451 | L36: 96.8873 | M36: 97.0947 | N36: 99.7523 | O36: 100.5357 | P36: 100.1791 | Q36: 102.3119 | R36: 105.6642 | S36: 109.4094 | T36: 107.9952
A37: <PGAI.32> | B37: 4002_32001 | C37: 32 | D37: =IF(LEFT($I$1,1)="1",VLOOKUP($A37,PPI_IPI_PGA_PGAI!$A:$E,2,FALSE),IF(LEFT($I$1,1)="2",VLOOKUP($A37,PPI_IPI_PGA_PGAI!$A:$E,3,FALSE),IF(LEFT($I$1,1)="3",VLOOKUP($A37,PPI_IPI_PGA_PGAI!$A:$E,4,FALSE),VLOOKUP($A37,PPI_IPI_PGA_PGAI!$A:$E,5,FALSE)))) -> Sonstige Produkte | E37: 2.4081 | G37: 113.6165 | H37: 109.9394 | I37: 108.381 | J37: 107.4587 | K37: 101.5429 | L37: 100.5237 | M37: 100.4811 | N37: 102.2996 | O37: 101.5158 | P37: 100.1297 | Q37: 101.1939 | R37: 100.5348 | S37: 103.4595 | T37: 104.6487
A38: <PGAI.33> | B38: 4002_33001 | C38: 33 | D38: =IF(LEFT($I$1,1)="1",VLOOKUP($A38,PPI_IPI_PGA_PGAI!$A:$E,2,FALSE),IF(LEFT($I$1,1)="2",VLOOKUP($A38,PPI_IPI_PGA_PGAI!$A:$E,3,FALSE),IF(LEFT($I$1,1)="3",VLOOKUP($A38,PPI_IPI_PGA_PGAI!$A:$E,4,FALSE),VLOOKUP($A38,PPI_IPI_PGA_PGAI!$A:$E,5,FALSE)))) -> Reparatur und Installation von Maschinen und Ausrüstungen | E38: 1.5234 | G38: … | H38: … | I38: … | J38: … | K38: … | L38: … | M38: … | N38: … | O38: … | P38: … | Q38: 100.0952 | R38: 100.3625 | S38: 102.2734 | T38: 103.4743
A39: <PGAI.D> | B39: 4002_35001 | C39: D | D39: =IF(LEFT($I$1,1)="1",VLOOKUP($A39,PPI_IPI_PGA_PGAI!$A:$E,2,FALSE),IF(LEFT($I$1,1)="2",VLOOKUP($A39,PPI_IPI_PGA_PGAI!$A:$E,3,FALSE),IF(LEFT($I$1,1)="3",VLOOKUP($A39,PPI_IPI_PGA_PGAI!$A:$E,4,FALSE),VLOOKUP($A39,PPI_IPI_PGA_PGAI!$A:$E,5,FALSE)))) -> Energieversorgung (Elektrizität und Gas) | E39: 3.4726 | G39: 99.932 | H39: 100.7369 | I39: 99.8457 | J39: 100.9124 | K39: 101.348 | L39: 100.3774 | M39: 98.8345 | N39: 101.2739 | O39: 102.6432 | P39: 100.586 | Q39: 101.1086 | R39: 115.9449 | S39: 152.7423 | T39: 170.4227
A40: <PGAI.E> | B40: 9103_9 | C40: E | D40: =IF(LEFT($I$1,1)="1",VLOOKUP($A40,PPI_IPI_PGA_PGAI!$A:$E,2,FALSE),IF(LEFT($I$1,1)="2",VLOOKUP($A40,PPI_IPI_PGA_PGAI!$A:$E,3,FALSE),IF(LEFT($I$1,1)="3",VLOOKUP($A40,PPI_IPI_PGA_PGAI!$A:$E,4,FALSE),VLOOKUP($A40,PPI_IPI_PGA_PGAI!$A:$E,5,FALSE)))) -> Wasserversorgung, Abwasserentsorgung und Sammlung von Abfällen, Recycling | E40: 1.1144 | G40: 196.6693 | H40: 170.6435 | I40: 156.1781 | J40: 149.6539 | K40: 119.8375 | L40: 119.2836 | M40: 149.9679 | N40: 148.2605 | O40: 103.2194 | P40: 86.1496 | Q40: 107.3049 | R40: 104.3504 | S40: 96.0221 | T40: 94.1718
A42: <VERW> | D42: =IF(LEFT($I$1,1)="1",VLOOKUP($A42,PPI_IPI_PGA_PGAI!$A:$E,2,FALSE),IF(LEFT($I$1,1)="2",VLOOKUP($A42,PPI_IPI_PGA_PGAI!$A:$E,3,FALSE),IF(LEFT($I$1,1)="3",VLOOKUP($A42,PPI_IPI_PGA_PGAI!$A:$E,4,FALSE),VLOOKUP($A42,PPI_IPI_PGA_PGAI!$A:$E,5,FALSE)))) -> Verwendungszweck und Verarbeitungsgrad
A43: <LANDW> | B43: 9103_2 | D43: =IF(LEFT($I$1,1)="1",VLOOKUP($A43,PPI_IPI_PGA_PGAI!$A:$E,2,FALSE),IF(LEFT($I$1,1)="2",VLOOKUP($A43,PPI_IPI_PGA_PGAI!$A:$E,3,FALSE),IF(LEFT($I$1,1)="3",VLOOKUP($A43,PPI_IPI_PGA_PGAI!$A:$E,4,FALSE),VLOOKUP($A43,PPI_IPI_PGA_PGAI!$A:$E,5,FALSE)))) -> Land- und forstwirtschaftliche Produkte | E43: 3.16 | G43: 98.3924 | H43: 96.4577 | I43: 101.0232 | J43: 101.8597 | K43: 97.4251 | L43: 96.9892 | M43: 97.1884 | N43: 98.3471 | O43: 98.7564 | P43: 100.1811 | Q43: 103.174 | R43: 109.2513 | S43: 110.5486 | T43: 113.6477
A44: <VORL> | B44: 9103_3 | D44: =IF(LEFT($I$1,1)="1",VLOOKUP($A44,PPI_IPI_PGA_PGAI!$A:$E,2,FALSE),IF(LEFT($I$1,1)="2",VLOOKUP($A44,PPI_IPI_PGA_PGAI!$A:$E,3,FALSE),IF(LEFT($I$1,1)="3",VLOOKUP($A44,PPI_IPI_PGA_PGAI!$A:$E,4,FALSE),VLOOKUP($A44,PPI_IPI_PGA_PGAI!$A:$E,5,FALSE)))) -> Vorleistungsgüter | E44: 32.3691 | G44: 108.2863 | H44: 106.206 | I44: 106.1985 | J44: 105.2664 | K44: 99.6345 | L44: 97.8028 | M44: 99.3024 | N44: 102.7409 | O44: 102.3715 | P44: 99.9056 | Q44: 105.2207 | R44: 113.9961 | S44: 114.3568 | T44: 111.6121
A45: <INVE> | B45: 9103_4 | D45: =IF(LEFT($I$1,1)="1",VLOOKUP($A45,PPI_IPI_PGA_PGAI!$A:$E,2,FALSE),IF(LEFT($I$1,1)="2",VLOOKUP($A45,PPI_IPI_PGA_PGAI!$A:$E,3,FALSE),IF(LEFT($I$1,1)="3",VLOOKUP($A45,PPI_IPI_PGA_PGAI!$A:$E,4,FALSE),VLOOKUP($A45,PPI_IPI_PGA_PGAI!$A:$E,5,FALSE)))) -> Investitionsgüter | E45: 26.0605 | G45: 111.1491 | H45: 108.1955 | I45: 107.3444 | J45: 106.4689 | K45: 101.6038 | L45: 100.0412 | M45: 100.274 | N45: 101.4655 | O45: 100.8122 | P45: 99.8996 | Q45: 101.412 | R45: 104.2566 | S45: 106.1015 | T45: 105.3131
A46: <GEBR> | B46: 9103_6 | D46: =IF(LEFT($I$1,1)="1",VLOOKUP($A46,PPI_IPI_PGA_PGAI!$A:$E,2,FALSE),IF(LEFT($I$1,1)="2",VLOOKUP($A46,PPI_IPI_PGA_PGAI!$A:$E,3,FALSE),IF(LEFT($I$1,1)="3",VLOOKUP($A46,PPI_IPI_PGA_PGAI!$A:$E,4,FALSE),VLOOKUP($A46,PPI_IPI_PGA_PGAI!$A:$E,5,FALSE)))) -> Gebrauchsgüter | E46: 3.8883 | G46: 110.2594 | H46: 106.8496 | I46: 105.8302 | J46: 105.0536 | K46: 100.9668 | L46: 100.0618 | M46: 99.5855 | N46: 101.5392 | O46: 101.4688 | P46: 100.2706 | Q46: 101.588 | R46: 103.5691 | S46: 105.7303 | T46: 105.36
A47: <VERB> | B47: 9103_7 | D47: =IF(LEFT($I$1,1)="1",VLOOKUP($A47,PPI_IPI_PGA_PGAI!$A:$E,2,FALSE),IF(LEFT($I$1,1)="2",VLOOKUP($A47,PPI_IPI_PGA_PGAI!$A:$E,3,FALSE),IF(LEFT($I$1,1)="3",VLOOKUP($A47,PPI_IPI_PGA_PGAI!$A:$E,4,FALSE),VLOOKUP($A47,PPI_IPI_PGA_PGAI!$A:$E,5,FALSE)))) -> Verbrauchsgüter | E47: 27.286 | G47: 107.223 | H47: 105.488 | I47: 105.9219 | J47: 105.4097 | K47: 102.3695 | L47: 101.9637 | M47: 102.1367 | N47: 102.3715 | O47: 101.55 | P47: 100.3568 | Q47: 100.1104 | R47: 100.7236 | S47: 101.6557 | T47: 101.1738
A48: <ENER> | B48: 9103_8 | D48: =IF(LEFT($I$1,1)="1",VLOOKUP($A48,PPI_IPI_PGA_PGAI!$A:$E,2,FALSE),IF(LEFT($I$1,1)="2",VLOOKUP($A48,PPI_IPI_PGA_PGAI!$A:$E,3,FALSE),IF(LEFT($I$1,1)="3",VLOOKUP($A48,PPI_IPI_PGA_PGAI!$A:$E,4,FALSE),VLOOKUP($A48,PPI_IPI_PGA_PGAI!$A:$E,5,FALSE)))) -> Energie | E48: 6.333 | G48: 153.5908 | H48: 162.519 | I48: 157.8572 | J48: 150.2971 | K48: 119.0607 | L48: 105.1071 | M48: 115.1394 | N48: 134.1681 | O48: 127.459 | P48: 101.1052 | Q48: 121.9956 | R48: 188.2328 | S48: 185.6619 | T48: 176.9981
A49: <RECY> | B49: 9103_9 | D49: =IF(LEFT($I$1,1)="1",VLOOKUP($A49,PPI_IPI_PGA_PGAI!$A:$E,2,FALSE),IF(LEFT($I$1,1)="2",VLOOKUP($A49,PPI_IPI_PGA_PGAI!$A:$E,3,FALSE),IF(LEFT($I$1,1)="3",VLOOKUP($A49,PPI_IPI_PGA_PGAI!$A:$E,4,FALSE),VLOOKUP($A49,PPI_IPI_PGA_PGAI!$A:$E,5,FALSE)))) -> Abwasserentsorgung, Recycling | E49: 0.9031 | G49: 196.6693 | H49: 170.6435 | I49: 156.1781 | J49: 149.6539 | K49: 119.8375 | L49: 119.2836 | M49: 149.9679 | N49: 148.2605 | O49: 103.2194 | P49: 86.1496 | Q49: 109.0838 | R49: 105.4811 | S49: 95.0684 | T49: 92.0707
A51: <CLASS> | D51: =IF(LEFT($I$1,1)="1",VLOOKUP($A51,PPI_IPI_PGA_PGAI!$A:$E,2,FALSE),IF(LEFT($I$1,1)="2",VLOOKUP($A51,PPI_IPI_PGA_PGAI!$A:$E,3,FALSE),IF(LEFT($I$1,1)="3",VLOOKUP($A51,PPI_IPI_PGA_PGAI!$A:$E,4,FALSE),VLOOKUP($A51,PPI_IPI_PGA_PGAI!$A:$E,5,FALSE)))) -> Sondergliederungen
A52: <CORE INFL3> | B52: 9303_2 | D52: =IF(LEFT($I$1,1)="1",VLOOKUP($A52,PPI_IPI_PGA_PGAI!$A:$E,2,FALSE),IF(LEFT($I$1,1)="2",VLOOKUP($A52,PPI_IPI_PGA_PGAI!$A:$E,3,FALSE),IF(LEFT($I$1,1)="3",VLOOKUP($A52,PPI_IPI_PGA_PGAI!$A:$E,4,FALSE),VLOOKUP($A52,PPI_IPI_PGA_PGAI!$A:$E,5,FALSE)))) -> Kerninflation 3) | E52: 85.8899 | G52: 108.1225 | H52: 106.2073 | I52: 106.1045 | J52: 105.4667 | K52: 101.435 | L52: 100.2473 | M52: 100.4925 | N52: 102.0658 | O52: 101.7183 | P52: 100.2617 | Q52: 101.6971 | R52: 105.3577 | S52: 107.1513 | T52: 105.8975
A54: <KOMMPGAI_1> | C54: =IF(LEFT($I$1,1)="1",VLOOKUP($A54,PPI_IPI_PGA_PGAI!$A:$E,2,FALSE),IF(LEFT($I$1,1)="2",VLOOKUP($A54,PPI_IPI_PGA_PGAI!$A:$E,3,FALSE),IF(LEFT($I$1,1)="3",VLOOKUP($A54,PPI_IPI_PGA_PGAI!$A:$E,4,FALSE),VLOOKUP($A54,PPI_IPI_PGA_PGAI!$A:$E,5,FALSE)))) -> 1) Gewichtung der Preisindizes des Gesamtangebots im Inland auf der Basis Dezember 2020 = 100.
A55: <KOMMPGAI_2> | C55: =IF(LEFT($I$1,1)="1",VLOOKUP($A55,PPI_IPI_PGA_PGAI!$A:$E,2,FALSE),IF(LEFT($I$1,1)="2",VLOOKUP($A55,PPI_IPI_PGA_PGAI!$A:$E,3,FALSE),IF(LEFT($I$1,1)="3",VLOOKUP($A55,PPI_IPI_PGA_PGAI!$A:$E,4,FALSE),VLOOKUP($A55,PPI_IPI_PGA_PGAI!$A:$E,5,FALSE)))) -> 2) Total von Produzentenpreisindex, Inlandabsatz (Anteil: 45,7786%) und Importpreisindex (Anteil: 54,2214%).
A56: <KOMMPGAI_3> | C56: =IF(LEFT($I$1,1)="1",VLOOKUP($A56,PPI_IPI_PGA_PGAI!$A:$E,2,FALSE),IF(LEFT($I$1,1)="2",VLOOKUP($A56,PPI_IPI_PGA_PGAI!$A:$E,3,FALSE),IF(LEFT($I$1,1)="3",VLOOKUP($A56,PPI_IPI_PGA_PGAI!$A:$E,4,FALSE),VLOOKUP($A56,PPI_IPI_PGA_PGAI!$A:$E,5,FALSE)))) -> 3) Total ohne Rohstoffe sowie rohstoffnahe und schwankungsintensive Produktgruppen (insbesondere landwirtschaftliche Produkte, Fleisch, Mineralölprodukte, Metalle, Gas).
A57: <KOMMPGAI_4> | C57: =IF(LEFT($I$1,1)="1",VLOOKUP($A57,PPI_IPI_PGA_PGAI!$A:$E,2,FALSE),IF(LEFT($I$1,1)="2",VLOOKUP($A57,PPI_IPI_PGA_PGAI!$A:$E,3,FALSE),IF(LEFT($I$1,1)="3",VLOOKUP($A57,PPI_IPI_PGA_PGAI!$A:$E,4,FALSE),VLOOKUP($A57,PPI_IPI_PGA_PGAI!$A:$E,5,FALSE)))) -> 4) Insbesondere medizinische und zahnmedizinische Apparate und Materialien.
A59: <©_BFS> | C59: =IF(LEFT($I$1,1)="1",VLOOKUP($A59,PPI_IPI_PGA_PGAI!$A:$E,2,FALSE),IF(LEFT($I$1,1)="2",VLOOKUP($A59,PPI_IPI_PGA_PGAI!$A:$E,3,FALSE),IF(LEFT($I$1,1)="3",VLOOKUP($A59,PPI_IPI_PGA_PGAI!$A:$E,4,FALSE),VLOOKUP($A59,PPI_IPI_PGA_PGAI!$A:$E,5,FALSE)))) -> © Bundesamt für Statistik, Espace de l'Europe 10, CH-2010 Neuchâtel
A60: <AUSK> | C60: =IF(LEFT($I$1,1)="1",VLOOKUP($A60,PPI_IPI_PGA_PGAI!$A:$E,2,FALSE),IF(LEFT($I$1,1)="2",VLOOKUP($A60,PPI_IPI_PGA_PGAI!$A:$E,3,FALSE),IF(LEFT($I$1,1)="3",VLOOKUP($A60,PPI_IPI_PGA_PGAI!$A:$E,4,FALSE),VLOOKUP($A60,PPI_IPI_PGA_PGAI!$A:$E,5,FALSE)))) -> Auskunft: PPI@bfs.admin.ch, 058 / 463 66 06
C61: http://www.PPI.bfs.admin.ch

Sheet PPI_IPI_PGA_PGAI
A1: Code | B1: D | C1: F | D1: I | E1: E | F1: D - Beitrag | G1: F - Beitrag | H1: I - Beitrag | I1: E - Beitrag
A2: <PPI.TOTAL> | B2: Total | C2: Total | D2: Totale | E2: Total | F2: Total | G2: Total | H2: Totale | I2: Total
A3: <PPI.A> | B3: Land- und forstwirtschaftliche Produkte | C3: Agriculture et sylviculture | D3: Prodotti agricoli e di silvicoltura | E3: Agricultural and forestry products | F3: Land- und forstwirtschaftliche Produkte | G3: Agriculture et sylviculture | H3: Prodotti agricoli e di silvicoltura | I3: Agricultural and forestry products
A4: <PPI.01> | B4: Landwirtschaftliche Produkte | C4: Produits agricoles | D4: Prodotti agricoli | E4: Agricultural products | F4: Landwirtschaftliche Produkte | G4: Produits agricoles | H4: Prodotti agricoli | I4: Agricultural products
A5: <PPI.01.1> | B5: Einjährige Pflanzen | C5: Plantes non permanentes | D5: Piante non permanenti | E5: Non-perennial crops | F5: Einjährige Pflanzen | G5: Plantes non permanentes | H5: Piante non permanenti | I5: Non-perennial crops
A6: <PPI.01.11> | B6: Getreide (ohne Reis), Hülsenfrüchte und Ölsaaten | C6: Céréales (sans riz), légumineuses et graines d'oléagineuses | D6: Cereali (senza riso), legumi da granella e semi oleosi | E6: Cereals (except rice), leguminous crops, oil seeds | F6: Getreide, Hülsenfrüchte und Ölsaaten | G6: Céréales, légumineuses et graines d'oléagineuses | H6: Cereali, legumi da granella e semi oleosi | I6: Cereals, leguminous crops, oil seeds
A7: <PPI.01.11.1> | B7: Getreide | C7: Céréales | D7: Cereali | E7: Cereals | F7: Getreide | G7: Céréales | H7: Cereali | I7: Cereals
A8: <PPI.01.11.2> | B8: Ölsaaten, Ölfrüchte | C8: Graines et fruits oléagineux | D8: Semi e frutti oleosi | E8: Oilseeds, oleaginous fruits | F8: Ölsaaten, Ölfrüchte | G8: Graines et fruits oléagineux | H8: Semi e frutti oleosi | I8: Oilseeds, oleaginous fruits
A9: <PPI.01.11.3> | B9: Eiweisspflanzen (Eiweisserbsen) | C9: Plantes riches en protéines (pois protéagineux) | D9: Piante ricche in proteine (piselli proteici) | E9: Protein crops (beans) | F9: Eiweisspflanzen (Eiweisserbsen) | G9: Plantes riches en protéines (pois protéagineux) | H9: Piante ricche in proteine (piselli proteici) | I9: Protein crops (beans)
A10: <PPI.01.11.4> | B10: Erbsen, Verarbeitung | C10: Pois, transformation | D10: Piselli, trasformazione | E10: Peas, processing | F10: Erbsen, Verarbeitung | G10: Pois, transformation | H10: Piselli, trasformazione | I10: Peas, processing
A11: <PPI.01.11.5> | B11: Buschbohnen | C11: Haricots nains | D11: Fagioli nani | E11: Beans | F11: Buschbohnen | G11: Haricots nains | H11: Fagioli nani | I11: Beans
A12: <PPI.01.13> | B12: Gemüse sowie Wurzeln und Knollen | C12: Légumes, racines et tubercules | D12: Ortaggi, radici e tuberi | E12: Vegetables, roots and tubers | F12: Gemüse, Kartoffeln | G12: Légumes, pommes de terre | H12: Ortaggi, patate | I12: Vegetables, potatoes
... A524: <PPI.35.20.30> | B524: Typ X: 250 GWh, AS | C524: Type X: 250 GWh, AS | D524: Tipo X: 250 GWh, AS | E524: Type X: 250 GWh, AS | F524: Typ X: 250 GWh, AS | G524: Type X: 250 GWh, AS | H524: Tipo X: 250 GWh, AS | I524: Type X: 250 GWh, AS
A525: <PPI.E> | B525: Wasserversorgung, Abwasserentsorgung und Abfallbewirtschaftung, Recycling (Papier, Kies, Schrott) | C525: Traitement et distribution de l'eau, gestion des déchets, recyclage (papier, gravier, ferraille) | D525: Trattamento e distribuzione dell'acqua, gestione dei rifiuti, riciclaggio (carta, ghiaia, rottami di ferro) | E525: Water treatment and distribution, waste collection, recovery (paper, gravel, scrap)
A526: <PPI.36> | B526: Wasserversorgung | C526: Captage, traitement et distribution d'eau | D526: Raccolta, trattamento e fornitura di acqua | E526: Water collection, treatment and supply | F526: Wasserversorgung | G526: Captage, traitement et distribution d'eau | H526: Raccolta, trattamento e fornitura di acqua | I526: Water collection, treatment and supply
A527: <PPI.36.0> | B527: Wasserversorgung | C527: Captage, traitement et distribution d'eau | D527: Raccolta, trattamento e fornitura di acqua | E527: Water collection, treatment and supply | F527: Wasserversorgung | G527: Captage, traitement et distribution d'eau | H527: Raccolta, trattamento e fornitura di acqua | I527: Water collection, treatment and supply
A528: <PPI.36.00> | B528: Wasserversorgung | C528: Captage, traitement et distribution d'eau | D528: Raccolta, trattamento e fornitura di acqua | E528: Water collection, treatment and supply | F528: Wasserversorgung | G528: Captage, traitement et distribution d'eau | H528: Raccolta, trattamento e fornitura di acqua | I528: Water collection, treatment and supply
A529: <PPI.36.00.1> | B529: Haushalte | C529: Ménages | D529: Economia domestica | E529: Households | F529: Haushalte | G529: Ménages | H529: Economia domestica | I529: Households
A530: <PPI.36.00.2> | B530: Gewerbe, Industrie, Dienstleistungen | C530: Artisanat, commerce, industries, services | D530: Artigianato, commercio, industrie, servizi | E530: Trade, industry and services | F530: Gewerbe, Industrie, Dienstleistungen | G530: Artisanat, commerce, industries, services | H530: Artigianato, commercio, industrie, servizi | I530: Trade, industry and services
A531: <PPI.36.00.21> | B531: Grundgebühr | C531: Taxe de base | D531: Tassa di base | E531: Base fee | F531: Grundgebühr | G531: Taxe de base | H531: Tassa di base | I531: Base fee
A532: <PPI.36.00.22> | B532: Mengengebühr | C532: Taxe à la quantité | D532: Tassa sul quantitativo | E532: Volume fee | F532: Mengengebühr | G532: Taxe à la quantité | H532: Tassa sul quantitativo | I532: Volume fee
A533: <PPI.37> | B533: Abwasserentsorgung | C533: Collecte et traitement des eaux usées | D533: Gestione delle reti fognarie | E533: Sewerage | F533: Abwasserentsorgung | G533: Collecte et traitement des eaux usées | H533: Gestione delle reti fognarie | I533: Sewerage
A534: <PPI.37.0> | B534: Abwasserentsorgung | C534: Collecte et traitement des eaux usées | D534: Gestione delle reti fognarie | E534: Sewerage | F534: Abwasserentsorgung | G534: Collecte et traitement des eaux usées | H534: Gestione delle reti fognarie | I534: Sewerage
A535: <PPI.37.00> | B535: Abwasserentsorgung | C535: Collecte et traitement des eaux usées | D535: Gestione delle reti fognarie | E535: Sewerage | F535: Abwasserentsorgung | G535: Collecte et traitement des eaux usées | H535: Gestione delle reti fognarie | I535: Sewerage
A536: <PPI.37.00.1> | B536: Haushalte | C536: Ménages | D536: Economia domestica | E536: Households | F536: Haushalte | G536: Ménages | H536: Economia domestica | I536: Households
A537: <PPI.37.00.2> | B537: Gewerbe, Industrie, Dienstleistungen | C537: Artisanat, commerce, industries, services | D537: Artigianato, commercio, industrie, servizi | E537: Trade, industry and services | F537: Gewerbe, Industrie, Dienstleistungen | G537: Artisanat, commerce, industries, services | H537: Artigianato, commercio, industrie, servizi | I537: Trade, industry and services
... A1046: <PGA.TOTAL> | B1046: Total | C1046: Total | D1046: Totale | E1046: Total | F1046: Total | G1046: Total | H1046: Totale | I1046: Total
A1047: <PGA.A> | B1047: Land- und forstwirtschaftliche Produkte | C1047: Agriculture et sylviculture | D1047: Prodotti agricoli e di silvicoltura | E1047: Agricultural and forestry products
A1048: <PGA.01> | B1048: Landwirtschaftliche Produkte | C1048: Produits agricoles | D1048: Prodotti agricoli | E1048: Agricultural products | F1048: Landwirtschaftliche Produkte | G1048: Produits agricoles | H1048: Prodotti agricoli | I1048: Agricultural products
A1049: <PGA.01.1> | B1049: Einjährige Pflanzen | C1049: Plantes non permanentes | D1049: Piante non permanenti | E1049: Non-perennial crops | F1049: Einjährige Pflanzen | G1049: Plantes non permanentes | H1049: Piante non permanenti | I1049: Non-perennial crops
A1050: <PGA.01.11> | B1050: Getreide (ohne Reis), Hülsenfrüchte und Ölsaaten | C1050: Céréales (sans riz), légumineuses et graines d'oléagineuses | D1050: Cereali (senza riso), legumi da granella e semi oleosi | E1050: Cereals (except rice), leguminous crops, oil seeds | F1050: Getreide (ohne Reis), Hülsenfrüchte und Ölsaaten | G1050: Céréales (sans riz), légumineuses et graines d'oléagineuses | H1050: Cereali (senza riso), legumi da granella e semi oleosi | I1050: Cereals (except rice), leguminous crops, oil seeds
A1051: <PGA.01.13> | B1051: Gemüse sowie Wurzeln und Knollen | C1051: Légumes, racines et tubercules | D1051: Ortaggi, radici e tuberi | E1051: Vegetables, roots and tubers | F1051: Gemüse sowie Wurzeln und Knollen | G1051: Légumes, racines et tubercules | H1051: Ortaggi, radici e tuberi | I1051: Vegetables, roots and tubers
A1052: <PGA.01.15> | B1052: Rohtabak | C1052: Tabac brut | D1052: Tabacco grezzo | E1052: Unmanufactured tobacco | F1052: Rohtabak | G1052: Tabac brut | H1052: Tabacco grezzo | I1052: Unmanufactured tobacco
A1053: <PGA.01.19> | B1053: Sonstige einjährige Pflanzen | C1053: Autres plantes non permanentes | D1053: Altre piante non permanenti | E1053: Other non-perennial crops | F1053: Sonstige einjährige Pflanzen | G1053: Autres plantes non permanentes | H1053: Altre piante non permanenti | I1053: Other non-perennial crops
A1054: <PGA.01.2> | B1054: Mehrjährige Pflanzen | C1054: Plantes permanentes | D1054: Piante permanenti | E1054: Perennial crops | F1054: Mehrjährige Pflanzen | G1054: Plantes permanentes | H1054: Piante permanenti | I1054: Perennial crops
A1055: <PGA.01.21> | B1055: Trauben | C1055: Raisins | D1055: Uve | E1055: Grapes | F1055: Trauben | G1055: Raisins | H1055: Uve | I1055: Grapes
A1056: <PGA.01.22> | B1056: Tropische und subtropische Früchte | C1056: Fruits tropicaux et subtropicaux | D1056: Frutti di origine tropicale e subtropicale | E1056: Tropical and subtropical fruits | F1056: Tropische und subtropische Früchte | G1056: Fruits tropicaux et subtropicaux | H1056: Frutti di origine tropicale e subtropicale | I1056: Tropical and subtropical fruits
A1057: <PGA.01.23> | B1057: Zitrusfrüchte | C1057: Agrumes | D1057: Agrumi | E1057: Citrus fruits | F1057: Zitrusfrüchte | G1057: Agrumes | H1057: Agrumi | I1057: Citrus fruits
A1058: <PGA.01.24> | B1058: Kern- und Steinobst | C1058: Fruits à pépins et à noyau | D1058: Frutti a semi e a nocciolo | E1058: Pome fruits, stone fruits | F1058: Kern- und Steinobst | G1058: Fruits à pépins et à noyaux | H1058: Frutti a semi e a nocciolo | I1058: Pome and stone fruits
A1059: <PGA.01.25> | B1059: Beeren | C1059: Baies | D1059: Bacche | E1059: Berries | F1059: Beeren | G1059: Baies | H1059: Bacche | I1059: Berries
... A1554: <PGA.33.17> | B1554: Reparatur und Instandhaltung von Fahrzeugen a. n. g. | C1554: Réparation et maintenance d'autres équipements de transport | D1554: Riparazione e manutenzione di altri mezzi di trasporto | E1554: Repair and maintenance of other transport equipment | F1554: Reparatur und Instandhaltung von Fahrzeugen a. n. g. | G1554: Réparation et maintenance d'autres équipements de transport | H1554: Riparazione e manutenzione di altri mezzi di trasporto | I1554: Repair and maintenance of other transport equipment
A1555: <PGA.D> | B1555: Energieversorgung (Elektrizität und Gas) | C1555: Production et distribution d'électricité et de gaz | D1555: Fornitura di energia elettrica, gas | E1555: Electricity and gas supply
A1556: <PGA.35> | B1556: Energieversorgung | C1556: Production et distribution d'électricité et de gaz | D1556: Fornitura di energia elettrica, gas | E1556: Electricity and gas supply | F1556: Energieversorgung | G1556: Production et distribution d’électricité et de gaz | H1556: Fornitura di energia elettrica, gas | I1556: Electricity and gas supply
A1557: <PGA.35.1> | B1557: Elektrizität | C1557: Electricité | D1557: Energia elettrica | E1557: Electricity | F1557: Elektrizität | G1557: Electricité | H1557: Energia elettrica | I1557: Electricity
A1558: <PGA.35.10.1> | B1558: Haushalte | C1558: Ménages | D1558: Economia domestica | E1558: Households | F1558: Haushalte | G1558: Ménages | H1558: Economia domestica | I1558: Households
A1559: <PGA.35.10.2> | B1559: Gewerbe, Industrie, Dienstleistungen | C1559: Artisanat, commerce, industries, services | D1559: Artigianato, commercio, industrie, servizi | E1559: Trade, industry and services | F1559: Gewerbe, Industrie, Dienstleistungen | G1559: Artisanat, commerce, industries, services | H1559: Artigianato, commercio, industrie, servizi | I1559: Trade, industry and services
A1560: <PGA.35.10.21> | B1560: Typ I: 8'000 kWh | C1560: Type I: 8'000 kWh | D1560: Tipo I: 8'000 kWh | E1560: Type I: 8'000 kWh | F1560: Typ I: 8'000 kWh | G1560: Type I: 8'000 kWh | H1560: Tipo I: 8'000 kWh | I1560: Type I: 8'000 kWh
A1561: <PGA.35.10.22> | B1561: Typ II: 30'000 kWh | C1561: Type II: 30'000 kWh | D1561: Tipo II: 30'000 kWh | E1561: Type II: 30'000 kWh | F1561: Typ II: 30'000 kWh | G1561: Type II: 30'000 kWh | H1561: Tipo II: 30'000 kWh | I1561: Type II: 30'000 kWh
A1562: <PGA.35.10.23> | B1562: Typ III: 100-375 MWh | C1562: Type III: 100-375 MWh | D1562: Tipo III: 100-375 MWh | E1562: Type III: 100-375 MWh | F1562: Typ III: 100-375 MWh | G1562: Type III: 100-375 MWh | H1562: Tipo III: 100-375 MWh | I1562: Type III: 100-375 MWh
A1563: <PGA.35.10.231> | B1563: Typ III: 100-375 MWh, Tarif | C1563: Type III: 100-375 MWh, Tarif | D1563: Tipo III: 100-375 MWh, Tariffa | E1563: Type III: 100-375 MWh, Tariff | F1563: Typ III: 100-375 MWh, Tarif | G1563: Type III: 100-375 MWh, Tarif | H1563: Tipo III: 100-375 MWh, Tariffa | I1563: Type III: 100-375 MWh, Tariff
A1564: <PGA.35.10.232> | B1564: Typ III: 100-375 MWh, Marktpreis | C1564: Type III: 100-375 MWh, Prix de marché | D1564: Tipo III: 100-375 MWh, Prezzo di mercato | E1564: Type III: 100-375 MWh, Market price | F1564: Typ III: 100-375 MWh, Marktpreis | G1564: Type III: 100-375 MWh, Prix de marché | H1564: Tipo III: 100-375 MWh, Prezzo di mercato | I1564: Type III: 100-375 MWh, Market price
A1565: <PGA.35.10.233> | B1565: Typ III: 100-375 MWh, Netzpreis | C1565: Type III: 100-375 MWh, Prix du réseau | D1565: Tipo III: 100-375 MWh, Prezzo della rete | E1565: Type III: 100-375 MWh, Network price | F1565: Typ III: 100-375 MWh, Netzpreis | G1565: Type III: 100-375 MWh, Prix du réseau | H1565: Tipo III: 100-375 MWh, Prezzo della rete | I1565: Type III: 100-375 MWh, Network price
A1566: <PGA.35.10.24> | B1566: Typ IV: 375-1'000 MWh, NS | C1566: Type IV: 375-1'000 MWh, BT | D1566: Tipo IV: 375-1'000 MWh, BT | E1566: Type IV: 375-1'000 MWh, LV | F1566: Typ IV: 375-1'000 MWh, NS | G1566: Type IV: 375-1'000 MWh, BT | H1566: Tipo IV: 375-1'000 MWh, BT | I1566: Type IV: 375-1'000 MWh, LV
A1567: <PGA.35.10.241> | B1567: Typ IV: 375-1'000 MWh, NS, Tarif | C1567: Type IV: 375-1'000 MWh, BT, Tarif | D1567: Tipo IV: 375-1'000 MWh, BT, Tariffa | E1567: Type IV: 375-1'000 MWh, LV, Tariff | F1567: Typ IV: 375-1'000 MWh, NS, Tarif | G1567: Type IV: 375-1'000 MWh, BT, Tarif | H1567: Tipo IV: 375-1'000 MWh, BT, Tariffa | I1567: Type IV: 375-1'000 MWh, LV, Tariff
... A1633: <PGAI.TOTAL> | B1633: Total | C1633: Total | D1633: Totale | E1633: Total | F1633: Total | G1633: Total | H1633: Totale | I1633: Total
A1634: <PGAI.A> | B1634: Land- und forstwirtschaftliche Produkte | C1634: Agriculture et sylviculture | D1634: Prodotti agricoli e di silvicoltura | E1634: Agricultural and forestry products
A1635: <PGAI.01> | B1635: Landwirtschaftliche Produkte | C1635: Produits agricoles | D1635: Prodotti agricoli | E1635: Agricultural products | F1635: Landwirtschaftliche Produkte | G1635: Produits agricoles | H1635: Prodotti agricoli | I1635: Agricultural products
A1636: <PGAI.01.1> | B1636: Einjährige Pflanzen | C1636: Plantes non permanentes | D1636: Piante non permanenti | E1636: Non-perennial crops | F1636: Einjährige Pflanzen | G1636: Plantes non permanentes | H1636: Piante non permanenti | I1636: Non-perennial crops
A1637: <PGAI.01.11> | B1637: Getreide (ohne Reis), Hülsenfrüchte und Ölsaaten | C1637: Céréales (sans riz), légumineuses et graines d'oléagineuses | D1637: Cereali (senza riso), legumi da granella e semi oleosi | E1637: Cereals (except rice), leguminous crops, oil seeds | F1637: Getreide (ohne Reis), Hülsenfrüchte und Ölsaaten | G1637: Céréales (sans riz), légumineuses et graines d'oléagineuses | H1637: Cereali (senza riso), legumi da granella e semi oleosi | I1637: Cereals (except rice), leguminous crops, oil seeds
A1638: <PGAI.01.13> | B1638: Gemüse sowie Wurzeln und Knollen | C1638: Légumes, racines et tubercules | D1638: Ortaggi, radici e tuberi | E1638: Vegetables, roots and tubers | F1638: Gemüse sowie Wurzeln und Knollen | G1638: Légumes, racines et tubercules | H1638: Ortaggi, radici e tuberi | I1638: Vegetables, roots and tubers
A1639: <PGAI.01.15> | B1639: Rohtabak | C1639: Tabac brut | D1639: Tabacco grezzo | E1639: Unmanufactured tobacco | F1639: Rohtabak | G1639: Tabac brut | H1639: Tabacco grezzo | I1639: Unmanufactured tobacco
A1640: <PGAI.01.19> | B1640: Sonstige einjährige Pflanzen | C1640: Autres plantes non permanentes | D1640: Altre piante non permanenti | E1640: Other non-perennial crops | F1640: Sonstige einjährige Pflanzen | G1640: Autres plantes non permanentes | H1640: Altre piante non permanenti | I1640: Other non-perennial crops
A1641: <PGAI.01.2> | B1641: Mehrjährige Pflanzen | C1641: Plantes permanentes | D1641: Piante permanenti | E1641: Perennial crops | F1641: Mehrjährige Pflanzen | G1641: Plantes permanentes | H1641: Piante permanenti | I1641: Perennial crops
A1642: <PGAI.01.21> | B1642: Trauben | C1642: Raisins | D1642: Uve | E1642: Grapes | F1642: Trauben | G1642: Raisins | H1642: Uve | I1642: Grapes
A1643: <PGAI.01.22> | B1643: Tropische und subtropische Früchte | C1643: Fruits tropicaux et subtropicaux | D1643: Frutti di origine tropicale e subtropicale | E1643: Tropical and subtropical fruits | F1643: Tropische und subtropische Früchte | G1643: Fruits tropicaux et subtropicaux | H1643: Frutti di origine tropicale e subtropicale | I1643: Tropical and subtropical fruits
A1644: <PGAI.01.23> | B1644: Zitrusfrüchte | C1644: Agrumes | D1644: Agrumi | E1644: Citrus fruits | F1644: Zitrusfrüchte | G1644: Agrumes | H1644: Agrumi | I1644: Citrus fruits
A1645: <PGAI.01.24> | B1645: Kern- und Steinobst | C1645: Fruits à pépins et à noyau | D1645: Frutti a semi e a nocciolo | E1645: Pome fruits, stone fruits | F1645: Kern- und Steinobst | G1645: Fruits à pépins et à noyaux | H1645: Frutti a semi e a nocciolo | I1645: Pome and stone fruits
A1646: <PGAI.01.25> | B1646: Beeren | C1646: Baies | D1646: Bacche | E1646: Berries | F1646: Beeren | G1646: Baies | H1646: Bacche | I1646: Berries
... A2149: <PGAI.33.17> | B2149: Reparatur und Instandhaltung von Fahrzeugen a. n. g. | C2149: Réparation et maintenance d'autres équipements de transport | D2149: Riparazione e manutenzione di altri mezzi di trasporto | E2149: Repair and maintenance of other transport equipment | F2149: Reparatur und Instandhaltung von Fahrzeugen a. n. g. | G2149: Réparation et maintenance d'autres équipements de transport | H2149: Riparazione e manutenzione di altri mezzi di trasporto | I2149: Repair and maintenance of other transport equipment
A2150: <PGAI.D> | B2150: Energieversorgung (Elektrizität und Gas) | C2150: Production et distribution d'électricité et de gaz | D2150: Fornitura di energia elettrica, gas | E2150: Electricity and gas supply
A2151: <PGAI.35> | B2151: Energieversorgung | C2151: Production et distribution d'électricité et de gaz | D2151: Fornitura di energia elettrica, gas | E2151: Electricity and gas supply | F2151: Energieversorgung | G2151: Production et distribution d’électricité et de gaz | H2151: Fornitura di energia elettrica, gas | I2151: Electricity and gas supply
A2152: <PGAI.35.1> | B2152: Elektrizität | C2152: Electricité | D2152: Energia elettrica | E2152: Electricity | F2152: Elektrizität | G2152: Electricité | H2152: Energia elettrica | I2152: Electricity
A2153: <PGAI.35.10.1> | B2153: Haushalte | C2153: Ménages | D2153: Economia domestica | E2153: Households | F2153: Haushalte | G2153: Ménages | H2153: Economia domestica | I2153: Households
A2154: <PGAI.35.10.2> | B2154: Gewerbe, Industrie, Dienstleistungen | C2154: Artisanat, commerce, industries, services | D2154: Artigianato, commercio, industrie, servizi | E2154: Trade, industry and services | F2154: Gewerbe, Industrie, Dienstleistungen | G2154: Artisanat, commerce, industries, services | H2154: Artigianato, commercio, industrie, servizi | I2154: Trade, industry and services
A2155: <PGAI.35.10.21> | B2155: Typ I: 8'000 kWh | C2155: Type I: 8'000 kWh | D2155: Tipo I: 8'000 kWh | E2155: Type I: 8'000 kWh | F2155: Typ I: 8'000 kWh | G2155: Type I: 8'000 kWh | H2155: Tipo I: 8'000 kWh | I2155: Type I: 8'000 kWh
A2156: <PGAI.35.10.22> | B2156: Typ II: 30'000 kWh | C2156: Type II: 30'000 kWh | D2156: Tipo II: 30'000 kWh | E2156: Type II: 30'000 kWh | F2156: Typ II: 30'000 kWh | G2156: Type II: 30'000 kWh | H2156: Tipo II: 30'000 kWh | I2156: Type II: 30'000 kWh
A2157: <PGAI.35.10.23> | B2157: Typ III: 100-375 MWh | C2157: Type III: 100-375 MWh | D2157: Tipo III: 100-375 MWh | E2157: Type III: 100-375 MWh | F2157: Typ III: 100-375 MWh | G2157: Type III: 100-375 MWh | H2157: Tipo III: 100-375 MWh | I2157: Type III: 100-375 MWh
A2158: <PGAI.35.10.231> | B2158: Typ III: 100-375 MWh, Tarif | C2158: Type III: 100-375 MWh, Tarif | D2158: Tipo III: 100-375 MWh, Tariffa | E2158: Type III: 100-375 MWh, Tariff | F2158: Typ III: 100-375 MWh, Tarif | G2158: Type III: 100-375 MWh, Tarif | H2158: Tipo III: 100-375 MWh, Tariffa | I2158: Type III: 100-375 MWh, Tariff
A2159: <PGAI.35.10.232> | B2159: Typ III: 100-375 MWh, Marktpreis | C2159: Type III: 100-375 MWh, Prix de marché | D2159: Tipo III: 100-375 MWh, Prezzo di mercato | E2159: Type III: 100-375 MWh, Market price | F2159: Typ III: 100-375 MWh, Marktpreis | G2159: Type III: 100-375 MWh, Prix de marché | H2159: Tipo III: 100-375 MWh, Prezzo di mercato | I2159: Type III: 100-375 MWh, Market price
A2160: <PGAI.35.10.233> | B2160: Typ III: 100-375 MWh, Netzpreis | C2160: Type III: 100-375 MWh, Prix du réseau | D2160: Tipo III: 100-375 MWh, Prezzo della rete | E2160: Type III: 100-375 MWh, Network price | F2160: Typ III: 100-375 MWh, Netzpreis | G2160: Type III: 100-375 MWh, Prix du réseau | H2160: Tipo III: 100-375 MWh, Prezzo della rete | I2160: Type III: 100-375 MWh, Network price
A2161: <PGAI.35.10.24> | B2161: Typ IV: 375-1'000 MWh, NS | C2161: Type IV: 375-1'000 MWh, BT | D2161: Tipo IV: 375-1'000 MWh, BT | E2161: Type IV: 375-1'000 MWh, LV | F2161: Typ IV: 375-1'000 MWh, NS | G2161: Type IV: 375-1'000 MWh, BT | H2161: Tipo IV: 375-1'000 MWh, BT | I2161: Type IV: 375-1'000 MWh, LV
A2162: <PGAI.35.10.241> | B2162: Typ IV: 375-1'000 MWh, NS, Tarif | C2162: Type IV: 375-1'000 MWh, BT, Tarif | D2162: Tipo IV: 375-1'000 MWh, BT, Tariffa | E2162: Type IV: 375-1'000 MWh, LV, Tariff | F2162: Typ IV: 375-1'000 MWh, NS, Tarif | G2162: Type IV: 375-1'000 MWh, BT, Tarif | H2162: Tipo IV: 375-1'000 MWh, BT, Tariffa | I2162: Type IV: 375-1'000 MWh, LV, Tariff
... A2226: <PGAI.38.32.22> | B2226: Bearbeitungsabfälle | C2226: Déchets et débris métalliques | D2226: Scarti e detriti metallici | E2226: Processing waste | F2226: Bearbeitungsabfälle | G2226: Déchets et débris métalliques | H2226: Scarti et detriti metallici | I2226: Processing waste
A2228: <©_BFS> | B2228: © Bundesamt für Statistik, Espace de l'Europe 10, CH-2010 Neuchâtel | C2228: © Office fédéral de la statistique, Espace de l'Europe 10, CH-2010 Neuchâtel | D2228: © Ufficio federale di statistica, Espace de l'Europe 10, CH-2010 Neuchâtel | E2228: © Federal Statistical Office, Espace de l'Europe 10, CH-2010 Neuchâtel
A2229: <LANG> | B2229: < Sprache wählen | C2229: < Choisir la langue | D2229: < Scegliere la lingua | E2229: < Choose language
A2230: <BFS> | B2230: Bundesamt für Statistik (BFS) | C2230: Office fédéral de la statistique (OFS) | D2230: Ufficio federale di statistica (UST) | E2230: Federal Statistical Office (FSO)
A2231: <AUSK> | B2231: Auskunft: PPI@bfs.admin.ch, 058 / 463 66 06 | C2231: Renseignements: PPI@bfs.admin.ch, 058 / 463 66 06 | D2231: Informazioni: PPI@bfs.admin.ch, 058 / 463 66 06 | E2231: Information: PPI@bfs.admin.ch, 058 / 463 66 06
A2232: <DEST> | B2232: Destinationen | C2232: Destinations | D2232: Destinazioni | E2232: Destination
A2233: <INL> | B2233: Verarbeitete Produkte: Inlandabsatz | C2233: Arts et métiers, industries: marché intérieur | D2233: Prodotti manifatturieri: mercato interno | E2233: Manufactured products: domestic sales
A2234: <EXP> | B2234: Verarbeitete Produkte: Exporte | C2234: Arts et métiers, industries: exportations | D2234: Prodotti manifatturieri: esportazioni | E2234: Manufactured products: export
A2235: <VERW> | B2235: Verwendungszweck und Verarbeitungsgrad | C2235: Utilisation et degré de transformation | D2235: Gruppi di prodotti divisi per impiego e grado di trasformazione | E2235: Product groups by use and position in supply chain
A2236: <LANDW> | B2236: Land- und forstwirtschaftliche Produkte | C2236: Produits agricoles et sylvicoles | D2236: Prodotti agricoli e di silvicoltura | E2236: Agricultural and forestry products
A2237: <VORL> | B2237: Vorleistungsgüter | C2237: Biens intermédiaires | D2237: Beni intermedi | E2237: Intermediate goods
A2238: <INVE> | B2238: Investitionsgüter | C2238: Biens d'investissement | D2238: Beni d'investimento | E2238: Capital goods
A2239: <GEBR> | B2239: Gebrauchsgüter | C2239: Biens de consommation durables | D2239: Beni di consumo durevoli | E2239: Consumer durables
... A2327: <KOMMIPI_3> | B2327: 3) Bis Dezember 2010 ohne Papierprodukte (Code 17.2). | C2327: 3) Jusqu'en décembre 2010 sans les articles en papier (code 17.2) | D2327: 3) Fino a dicembre 2010 senza i prodotti cartacei (code 17.2) | E2327: 3) Until december 2010 without articles of paper (Code 17.2)
